 Dungeon Crawl Stone Soup version 0.30-a0-172-gc5509c9e31 (webtiles) character file.

Game seed: 2435884779256376236

852331 qw the Bringer of Light (level 27, -8/29 HPs)
             Began as a Gargoyle Fighter on Oct 1, 2022.
             Was the Champion of the Shining One.
             Killed from afar by a Hell Sentinel (23 damage)
             ... with damnation
             ... in Pandemonium.
             The game lasted 00:57:34 (105825 turns).

qw the Bringer of Light (Gargoyle Fighter)        Turns: 105825, Time: 00:57:35

Health: -8/29      AC: 74    Str: 47    XL:     27
Magic:  12/32      EV: 17    Int:  9    God:    the Shining One [******]
Gold:   5542       SH: 28    Dex:  7    Spells: 26/26 levels left

rFire   + . .      SeeInvis .    s - +9 broad axe (holy)
rCold   . . .      Faith    .    u - +1 tower shield {rN+}
rNeg    + + +      Spirit   .    o - +14 crystal plate armour {ponderous}
rPois   inf        Reflect  +    (helmet restricted)
rElec   +          Harm     .    k - +2 cloak {rCorr}
rCorr   +          Rampage  .    y - -1 pair of gloves "Qodix" {rF+ Str+4}
Will    +++..                    E - +1 pair of boots of Painted Surprise {+Blink Will+ rCorr Str+3 Int-3}
Stlth   ..........               v - amulet of reflection
HPRegen 0.24/turn                c - +5 ring of evasion
MPRegen 0.23/turn                D - +9 ring of strength

@: flying, glowing, bezotted, slow
A: sickness immunity, AC +20, big wings, negative energy resistance 1,
electricity resistance, torment resistance 1, petrification resistance, horns 1,
clumsy 1, deterioration 1, low MP 2
}: 5/15 runes: barnacled, silver, golden, dark, gossamer
a: Renounce Religion, Evoke Blink, Divine Shield, Cleansing Flame, Summon Divine
Warrior


You were in Pandemonium.
You worshipped the Shining One.
The Shining One was exalted by your worship.
You visited 11 branches of the dungeon, and saw 50 of its levels.
You visited Pandemonium 1 time, and saw 7 of its levels.
You visited the Abyss 1 time.
You also visited: Gauntlet.

You collected 10321 gold pieces.
You spent 4779 gold pieces at shops.


Innate Abilities, Weirdness & Mutations

You are immune to sickness and miasma.
Your stone body is resilient. (AC +20)
You are immune to poison.
Your large and strong wings let you fly.
You resist negative energy. (rN+)
You are resistant to electric shocks. (rElec)
You are resistant to unholy torment.
You are immune to petrification.
You have a pair of small horns on your head.
You are clumsy. (Dex -2)
Your body sometimes deteriorates upon taking damage.
Your magical capacity is very low. (-20% MP)


   Skills:
 O Level 27 Fighting
 - Level 8.3 Short Blades
 + Level 22.6 Axes
 - Level 19.0 Throwing
 O Level 27 Armour
 - Level 12.7 Dodging
 - Level 25.0 Shields
 O Level 27 Invocations


You had 26 spell levels left.
You didn't know any spells.
Your spell library was empty.

Inventory:

Hand Weapons
 s - a +9 broad axe of holy wrath (weapon)
 t - the +8 mithril axe "Arga" {speed, Will+}
   (Okawaru gifted it to you on level 1 of the Spider Nest)

   Attacks with this weapon are significantly faster.
   Will:      It increases your willpower.
Missiles
 g - 15 boomerangs
 A - 16 javelins (quivered)
Armour
 k - a +2 cloak of preservation (worn)
 o - a +14 crystal plate armour of ponderousness (worn)
 r - +0 acid dragon scales
 u - a +1 tower shield of positive energy (worn)
 x - a +1 pair of gloves of strength
 y - the -1 pair of gloves "Qodix" (worn) {rF+ Str+4}
   (You bought it in a shop on level 2 of the Shoals)

   Str:       It affects your strength (+4).
   rF:        It protects you from fire.
 E - the +1 pair of boots of Painted Surprise (worn) {+Blink Will+ rCorr Str+3 Int-3}
   (Okawaru gifted it to you on level 2 of the Depths)

   Str:       It affects your strength (+3).
   Int:       It affects your intelligence (-3).
   +Blink:    It lets you blink.
   rCorr:     It protects you from acid and corrosion.
   Will:      It increases your willpower.
 G - the +8 plate armour "Nuylaur" {+Blink rF+ Str+5}
   (You found it on level 3 of the Crypt)

   Str:       It affects your strength (+5).
   rF:        It protects you from fire.
   +Blink:    It lets you blink.
 N - a +2 helmet of see invisible
Jewellery
 c - a +5 ring of evasion (left hand)
 h - an amulet of the acrobat
 n - a ring of protection from fire
 v - an amulet of reflection (around neck)
 C - the ring of Mysixt {rF+ rN+ Int-3 Dex+3}
   (You took it off a deep elf sorcerer on level 3 of the Vaults)

   [ring of protection from fire]

   Int:       It affects your intelligence (-3).
   Dex:       It affects your dexterity (+3).
   rF:        It protects you from fire.
   rN:        It protects you from negative energy.
 D - a +9 ring of strength (right hand)
 I - the amulet "Daorchuk" {Acrobat rElec rF+}
   (You found it on level 3 of the Tomb of the Ancients)

   [amulet of the acrobat]

   It increases your evasion while moving and waiting.
   rF:        It protects you from fire.
   rElec:     It insulates you from electricity.
 M - the ring "Zutemmeu" {rPois rCorr}
   (You found it on level 3 of the Tomb of the Ancients)

   [ring of resist corrosion]

   rPois:     It protects you from poison.
   rCorr:     It protects you from acid and corrosion.
 P - the ring of Qazlal's Approval {Fire Will+ rCorr Slay+2}
   (You found it on level 3 of the Tomb of the Ancients)

   [ring of fire]

   It enhances your fire magic.
   Slay:      It affects your accuracy & damage with ranged weapons and melee
   (+2).
   rF:        It protects you from fire.
   rC:        It makes you vulnerable to cold.
   rCorr:     It protects you from acid and corrosion.
   Will:      It increases your willpower.
 Q - the ring "Nyociav" {rC+ Dex+4}
   (You took it off a fire giant on level 5 of the Vaults)

   [ring of protection from cold]

   Dex:       It affects your dexterity (+4).
   rC:        It protects you from cold.
 Y - a ring of protection from cold
Wands
 w - a wand of digging (4)
Scrolls
 f - 9 scrolls of identify
 B - 5 scrolls of enchant weapon
 H - 3 scrolls of brand weapon
Potions
 a - 8 potions of attraction
 b - 17 potions of haste
 d - 15 potions of might
 e - 30 potions of curing
 j - 14 potions of mutation
 l - 4 potions of heal wounds
 m - 3 potions of resistance
 p - 11 potions of lignification
 z - 8 potions of cancellation

Dungeon Overview and Level Annotations

Branches:
Dungeon (15/15)            Temple (1/1) D:4            Lair (5/5) D:11
 Shoals (4/4) Lair:3       Spider (4/4) Lair:2        Slime (0/5) Lair:4
    Orc (2/2) D:12            Elf (0/3) Orc:2        Vaults (5/5) D:14
  Crypt (3/3) Vaults:2       Tomb (3/3) Crypt:3      Depths (4/4) D:15
    Zot (4/5) Depths:4    Gauntlet (visited)

Altars:
Ashenzari
Cheibriados
Dithmenos
Elyvilon
Fedhas
Gozag
Hepliaklqana
Kikubaaqudgha
Makhleb
Nemelex Xobeh
Okawaru
Qazlal
Ru
Sif Muna
Trog
Uskayaw
Vehumet
Wu Jian
Xom
Yredelemnul
Zin
The Shining One
Jiyva

Shops:
D:12 (   Orc:2 (((::   Shoals:2 !*[?*   Vaults:1 !   Vaults:2 ?   Vaults:5 !=
Depths:4 =

Portals:
Hell: Depths:1 Depths:2 Depths:3 Depths:4
Abyss: Depths:3 Depths:4
Pandemonium: Depths:1 Depths:2 Depths:3
Ziggurat: Depths:1
Trove: D:12 (give +3 fire dragon scales)

Annotations:
Shoals:3 3 runed translucent doors, Lyfunof's ghost, adept DrFE
Orc:1 1 runed translucent door, prawnwizard's ghost, journeyman MfMo
Vaults:3 3 runed translucent doors, Lukheov's ghost, veteran DrWn
Pan 1 runed translucent door


Message History

A sun demon comes into view.
Your daeva falters for a moment.
You see here a +0 demon whip of pain.
Your daeva falters for a moment.
A Hell Sentinel comes into view.
The Hell Sentinel roars!
You slash the sun demon!
The sun demon convulses!
You headbutt the sun demon!
The sun demon is severely wounded.
You hear a shout!
You block the sun demon's attack.
You slash the sun demon!
You kill the sun demon!
The Shining One accepts your kill.
You feel your power returning.
A Hell Sentinel is nearby!
105823 ||| INVOKING Cleansing Flame.
The golden flame engulfs you but does no damage.
You resist. The golden flame engulfs your daeva.
Your daeva completely resists.
The golden flame engulfs the Hell Sentinel.
The Hell Sentinel is lightly wounded.
You hear a shout! x2; You hear a roar! x2
Your daeva hits the Hell Sentinel with a +2 eudemon blade of holy wrath!
The Hell Sentinel convulses!
Your daeva hits the Hell Sentinel with a +2 eudemon blade of holy wrath!
The Hell Sentinel convulses.
You hit the Hell Sentinel but do no damage.
You headbutt the Hell Sentinel, but do no damage.
The Hell Sentinel is moderately wounded.
You block the Hell Sentinel's attack. The Hell Sentinel hits you!
Your daeva hits the Hell Sentinel but does no damage.
Your daeva hits the Hell Sentinel with a +2 eudemon blade of holy wrath!
The Hell Sentinel convulses.
You slice the Hell Sentinel!!
The Hell Sentinel convulses!
You headbutt the Hell Sentinel, but do no damage.
The Hell Sentinel is heavily wounded.
The Hell Sentinel gestures at you.
The sphere of damnation explodes!
The damnation engulfs you!!
Ouch! That really hurt!
You die...

'###.## ##.......(..)).)...^.#
)).##########....###...2.........
...#........).####.#####ยค..##....
...#.........##.[###...##).#.#...
...'....)....#.....)...)))).##...
..)##'###.#.#).........)))))...:#
.......##)))).........).........#
..)....#.)..#).)A)).........#...#
.....)))).).A#)1@.)...###.).##..#
......)#)...)#.)..)...#.#))..#..#
...)..)#.))..#...)....###....#..#
...).).#.^)).#..........?...(#..#
.).....#.)#..#...............#..#
.......#..#..#..............)#..#
..)....#.....#.....\........###..
....)..#.....#..............#y#.#
.......#.....#.###..........###.#


You could see a Hell Sentinel (ally target) and a friendly daeva (summoned,
magic disrupted).

Vanquished Creatures
  An ancient lich (Vaults:3)
  2 dread liches
  An orb of fire (Zot:3)
  6 pandemonium lords (Pan)
  A juggernaut (Depths:2)
  9 royal mummies
  Boris (twice) (Vaults:5 Crypt:2)
  Xtahua (Vaults:3)
  Bai Suzhen (Depths:1)
  3 curse toes
  7 golden dragons
  3 profane servitors
  Nikola (Spider:1)
  Arachne (Spider:2)
  3 bone dragons
  2 Brimstone Fiends (Pan)
  2 Tzitzimimeh (Pan)
  2 electric golems (Zot:1)
  20 tentacled monstrosities
  A walking crystal tome (Depths:2)
  80 Hell Sentinels (Pan)
  Rupert (D:12)
  Asterion (Vaults:3)
  A lich (Tomb:2)
  2 walking frostbound tomes
  A walking divine tome (Depths:3)
  23 Executioners (Pan)
  2 deep elf master archers
  An Ice Fiend (Pan)
  6 deep elf blademasters
  8 ancient champions
  14 titans
  2 krakens
  6 death cobs
  Polyphemus (Shoals:2)
  3 quicksilver dragons
  2 tentacled starspawn (Abyss:3)
  10 sphinxes
  10 tengu reavers
  Agnes (Spider:4)
  12 shadow dragons
  13 storm dragons
  8 draconian monks
  Donald (Spider:3)
  15 fire giants
  6 revenants
  5 demonspawn warmongers (Pan)
  6 draconian knights
  A fenstrider witch (Shoals:3)
  4 deep elf sorcerers
  6 emperor scorpions
  25 frost giants
  3 iron dragons
  21 vault wardens
  14 draconian scorchers
  76 balrugs (Pan)
  Louise (D:15)
  11 ghost moths
  A deep elf elementalist (Abyss:3)
  10 ghouls
  5 curse skulls
  Aizul (Spider:1)
  7 cacodemons
  24 stone giants
  11 draconian stormcallers
  3 orc warlords
  2 draconian shifters
  2 demonspawn corrupters (Pan)
  10 demonspawn blood saints (Pan)
  7 reapers
  22 ironbound preservers
  6 draconian annihilators
  31 very ugly things
  3 spriggan defenders
  4 broodmothers
  2 war gargoyles
  7 ironbound thunderhulks
  11 bennus
  5 vampire knights
  10 green draconians
  A deep elf demonologist (Vaults:3)
  2 juggernaut skeletons
  11 purple draconians
  15 red draconians
  11 lorocyprocas (Pan)
  8 black draconians
  A minotaur (Gauntlet)
  8 white draconians
  16 yellow draconians
  17 dire elephants
  10 demonspawn black suns (Pan)
  A deep elf annihilator (Crypt:3)
  11 eidola
  13 spark wasps
  4 merfolk javelineers
  Josephine (D:10)
  12 blizzard demons (Pan)
  2 deep elf death magi
  12 ettins
  A crystal guardian (Vaults:1)
  12 fire dragons
  8 green deaths
  5 jiangshi
  10 merfolk impalers
  19 mummy priests
  A spectral kraken (Shoals:1)
  3 deep elf high priests (Vaults:5)
  2 quicksilver dragon skeletons
  A quicksilver dragon zombie (Crypt:3)
  16 yaktaur captains
  4 entropy weavers
  4 great orbs of eyes
  9 ice dragons
  2 fenstrider witch zombies (Crypt:3)
  4 rakshasas
  Fannar (D:11)
  6 hell beasts
  4 hydras
  Harold (D:10)
  Erolcha (D:11)
  A peacekeeper (Vaults:1)
  3 jorogumos
  5 spriggan air magi
  An elf skeleton (Crypt:1)
  8 ogre magi
  30 vault guards
  2 ghost crabs (Shoals:1)
  2 death knights (Crypt:3)
  3 ironbound frosthearts (Vaults:1)
  A merfolk aquamancer (Shoals:4)
  30 two-headed ogres
  2 alligator snapping turtles
  A fenstrider witch skeleton (Pan)
  8 deep troll shamans
  A satyr (Shoals:4)
  3 merfolk avatars
  5 catoblepae
  2 radroaches
  A satyr (shapeshifter) (Vaults:5)
  14 centaur warriors
  A two-headed ogre (shapeshifter) (Vaults:3)
  6 boulder beetles
  50 death scarabs
  11 vampire magi
  A hell hog (Depths:2)
  Urug (Lair:1)
  A shock serpent (shapeshifter) (Depths:4)
  10 tengu warriors
  13 death yaks
  A thrashing horror (Abyss:3)
  8 deep troll earth magi
  8 hell knights
  6 spriggan berserkers
  A titan zombie (Crypt:3)
  294 sun demons
  20 deep elf knights
  2 wretched stars
  102 soul eaters (Pan)
  Sonja (D:11)
  Nergalle (D:11)
  Amaemon (Lair:3)
  37 skeletal warriors
  8 iron trolls
  8 sixfirhies (Pan)
  10 shadow wraiths
  A quicksilver dragon simulacrum (Depths:2)
  A death drake (shapeshifter) (Vaults:5)
  4 pharaoh ants
  A storm dragon skeleton (Crypt:1)
  79 deep trolls
  5 steelbarb worms
  4 sun moths
  A bunyip zombie (Crypt:1)
  8 sea snakes
  4 flayed ghosts
  7 shadow demons (Pan)
  2 glowing orange brains
  A bunyip skeleton (Pan)
  28 phantasmal warriors
  12 orb spiders
  15 deep elf archers
  8 harpies
  5 lindwurms
  3 bog bodies (Crypt:1)
  18 ironbound convokers
  Pikel (D:4)
  16 deep elf pyromancers
  29 wolf spiders
  12 wizards
  A sphinx zombie (Depths:2)
  10 orc knights
  5 necromancers
  15 deep elf zephyrmancers
  A fire giant zombie (Depths:2)
  13 fauns
  A salamander (D:15)
  An orc sorcerer (Orc:2)
  An oklob plant (Lair:3)
  22 manticores
  2 stone giant zombies
  4 cyclopes
  40 ugly things
  A faun (shapeshifter) (Vaults:2)
  8 merfolk sirens
  12 elephants
  32 moths of wrath
  5 rust devils
  A centaur zombie (Crypt:3)
  A dire elephant zombie (Tomb:1)
  A guardian serpent (shapeshifter) (Vaults:5)
  63 smoke demons
  A stone giant skeleton (Tomb:3)
  16 vault sentinels
  A titan simulacrum (Depths:2)
  Maggie (D:7)
  5 black mambas
  2 alligator snapping turtle zombies (Crypt:3)
  9 water nymphs
  4 torpor snails
  A gargoyle (D:11)
  4 hellions
  9 cane toads
  Psyche (D:8)
  2 efreet
  15 orange demons
  An unseen horror (D:11)
  41 yaktaurs
  An iron troll zombie (Crypt:1)
  2 kobold demonologists
  2 rime drakes
  7 tengu conjurers
  35 guardian mummies
  9 hellwings
  12 komodo dragons
  6 tormentors (Pan)
  3 ice devils
  7 freezing wraiths
  78 demonic crawlers
  A catoblepas skeleton (Pan)
  A red draconian skeleton (Crypt:1)
  2 harpy zombies
  31 merfolk
  3 red devils (Pan)
  4 meliai
  4 trolls
  Grinder (D:5)
  2 harpy skeletons
  A hornet (Depths:2)
  A polar bear (Lair:4)
  44 tarantellas
  6 raiju
  6 wind drakes
  37 slime creatures
  16 blink frogs
  6 dream sheep (Lair:5)
  10 snapping turtles
  Prince Ribbit (D:6)
  A great orb of eyes zombie (Crypt:1)
  34 jumping spiders
  A spectral manticore (Shoals:1)
  10 water elementals
  4 starcursed masses (Abyss:3)
  23 flying skulls
  A spriggan (Depths:2)
  A black mamba zombie (Crypt:3)
  A vampire (D:11)
  25 culicivoras
  154 large abominations
  70 ynoxinuls
  9 ushabtiu
  An ice dragon skeleton (Pan)
  10 wraiths
  3 wyverns
  Grum (D:9)
  A fire elemental (Gauntlet)
  65 yaks
  4 small abominations
  3 basilisks
  An elf simulacrum (Vaults:4)
  A steam dragon (D:9)
  6 neqoxecs (Pan)
  18 humans (D:14)
  81 chaos spawn
  A swamp worm (shapeshifter) (Vaults:5)
  47 redbacks
  7 vampire mosquitoes
  3 naga zombies
  5 wargs
  Edmund (D:5)
  7 hell hounds
  A spectral snapping turtle (Shoals:1)
  A floating eye (Depths:4)
  A merfolk skeleton (Crypt:2)
  10 water moccasins
  21 orc warriors
  2 sky beasts (D:7)
  A water nymph skeleton (Crypt:2)
  An ice beast (Vaults:3)
  5 black bears
  A naga skeleton (Crypt:1)
  5 boggarts (D:14)
  34 ogres
  23 wolves
  13 centaurs
  2 phantoms (D:5)
  6 kobold brigands
  15 bullfrogs
  3 gnoll sergeants
  15 necrophages
  A rime drake skeleton (Crypt:2)
  2 scorpions (D:4)
  A glowing shapeshifter simulacrum (Depths:2)
  10 wights
  An ogre simulacrum (Vaults:3)
  6 wyvern skeletons (Crypt:3)
  A water moccasin skeleton (Crypt:1)
  7 killer bees
  A shapeshifter zombie (Crypt:1)
  2 spriggan zombies
  A polar bear zombie (Crypt:1)
  2 howler monkeys
  3 electric eels
  3 spriggan skeletons
  A crimson imp (D:5)
  10 orc priests
  A hound (D:3)
  5 jellies
  5 centaur skeletons
  5 iron imps
  Ijyb (D:5)
  4 iguanas
  10 orc wizards
  A boggart skeleton (Crypt:2)
  33 mummies
  17 gnolls
  8 adders
  A river rat (D:11)
  3 white imps
  3 ufetubi
  2 worms
  3 dart slugs
  48 orcs
  6 endoplasms
  4 giant cockroaches
  10 goblins
  5 hobgoblins
  7 jackals
  14 kobolds
  5 quokkas
  4 ball pythons
  A ball python skeleton (Crypt:1)
  2 bats
  11 frilled lizards
  A quokka zombie (Crypt:2)
  8 rats
  A rat zombie (Crypt:2)
  A starspawn tentacle (Abyss:3)
  8 tentacles
3658 creatures vanquished.

Vanquished Creatures (collateral kills)
  Gloorx Vloq (Pan)
  7 royal mummies
  8 Hell Sentinels (Pan)
  2 ancient champions (Tomb:3)
  2 revenants (Tomb:3)
  2 demonspawn warmongers (Pan)
  8 balrugs (Pan)
  3 ghost moths (Pan)
  A ghoul (Crypt:2)
  3 reapers (Pan)
  A demonspawn corrupter (Pan)
  A caustic shrike skeleton (Tomb:2)
  A demonspawn black sun (Pan)
  A bennu (Tomb:2)
  3 lorocyprocas (Pan)
  A deep elf death mage (Crypt:2)
  A green death (Pan)
  A blizzard demon (Pan)
  4 mummy priests
  A jiangshi (Crypt:2)
  11 death scarabs
  7 soul eaters (Pan)
  31 sun demons (Pan)
  5 skeletal warriors (Tomb:3)
  A shadow wraith (Crypt:2)
  A bog body (Crypt:2)
  10 smoke demons (Pan)
  An orange demon (Pan)
  An alligator snapping turtle skeleton (Crypt:2)
  4 demonic crawlers (Pan)
  A hellion (Pan)
  17 guardian mummies
  A hellwing (Pan)
  3 tormentors (Pan)
  21 large abominations (Pan)
  4 flying skulls (Tomb:3)
  10 ynoxinuls (Pan)
  2 ushabtiu
  A neqoxec (Pan)
  10 chaos spawn (Pan)
  A merfolk zombie (Crypt:2)
  A salamander skeleton (Crypt:2)
  5 mummies
201 creatures vanquished.

Vanquished Creatures (others)
  A sphinx (Vaults:5)
  A fire giant (Vaults:3)
  A draconian knight (Zot:4)
  A sun demon (Pan)
  A deep elf knight (Crypt:3)
  A smoke demon (Pan)
  A demonic crawler (Pan)
  A tengu conjurer (Gauntlet)
  A raiju (Abyss:3)
  A flying skull (Crypt:1)
  2 redbacks
  2 chaos spawn (Pan)
  A kobold (D:10)
  20 demonic plants (Gauntlet)
  27 fungi
  268 plants
  3 starspawn tentacles (Abyss:3)
  14 tentacles
  20 withered plants
367 creatures vanquished.

Grand Total: 4226 creatures vanquished

Notes
Turn   | Place    | Note
-------+----------+-------------------------------------------
     0 | D:1      | qw the Gargoyle Fighter began the quest for the Orb.
     0 | D:1      | Reached XP level 1. HP: 14/14 MP: 1/1
     0 | D:1      | 0 ||| qw: Version: 0.2-a-13-gfc7b4b4
     0 | D:1      | 0 ||| qw: Game counter: 1806
     0 | D:1      | 0 ||| qw: Always use a shield: true
     0 | D:1      | 0 ||| qw: God list: Okawaru
     0 | D:1      | 0 ||| qw: Allow faded altars: false
     0 | D:1      | 0 ||| qw: Do Orc after D:15 true
     0 | D:1      | 0 ||| qw: Do second Lair branch before Depths: true
     0 | D:1      | 0 ||| qw: Lair rune preference: random
     0 | D:1      | 0 ||| qw: Plans: Normal, Zot:1-4, God:TSO, Crypt, Tomb,
                  | Pan, Slime:5, Hells, Abyss, Orb
     0 | D:1      | 0 ||| PLANNING D:1-11
   215 | D:1      | Reached XP level 2. HP: 19/19 MP: 2/2
   743 | D:1      | 743 ||| UPGRADING to +0 plate armour.
   753 | D:1      | 753 ||| DROPPING +0 scale mail.
   754 | D:1      | 754 ||| READING scroll labelled ZAICKUY QOZUOM.
   755 | D:1      | 755 ||| READING 3 scrolls labelled ZIYXEKKEIFO.
   756 | D:1      | 756 ||| READING scroll labelled DUDOZA JYUSMO.
   761 | D:1      | 761 ||| READING 2 scrolls labelled CALUIFUSSU.
   862 | D:1      | 862 ||| READING scroll labelled XAFFOY MUOBB.
   863 | D:1      | 863 ||| READING 2 scrolls of identify.
   863 | D:1      | 863 ||| IDENTIFYING murky cyan potion
   864 | D:1      | 864 ||| DROPPING scroll of silence.
   900 | D:2      | Reached skill level 3 in Axes
   900 | D:2      | Reached XP level 3. HP: 22/23 MP: 3/3
   955 | D:2      | 955 ||| Stepping ~*~*~tactically~*~*~ (hiding).
  1234 | D:2      | 1234 ||| Stepping ~*~*~tactically~*~*~ (stealth).
  1304 | D:2      | Reached XP level 4. HP: 21/28 MP: 4/4
  1344 | D:2      | 1344 ||| Stepping ~*~*~tactically~*~*~ (stealth).
  1620 | D:2      | 1620 ||| UPGRADING to ring of willpower.
  1621 | D:2      | 1621 ||| READING scroll labelled ADOKLEMIRE.
  1622 | D:2      | 1622 ||| READING scroll labelled NYQUIJE WACZED.
  1623 | D:2      | 1623 ||| DRINKING 2 glowing golden potions.
  1624 | D:2      | 1624 ||| DRINKING 3 brown potions.
  1625 | D:2      | 1625 ||| DRINKING 2 fuming inky potions.
  1637 | D:3      | 1637 ||| STAIRDANCE
  1783 | D:3      | 1783 ||| Stepping ~*~*~tactically~*~*~ (stealth).
  1800 | D:3      | 1800 ||| Stepping ~*~*~tactically~*~*~ (stealth).
  1802 | D:3      | 1802 ||| Stepping ~*~*~tactically~*~*~ (stealth).
  1823 | D:3      | 1823 ||| Stepping ~*~*~tactically~*~*~ (stealth).
  1859 | D:3      | Reached XP level 5. HP: 32/32 MP: 5/5
  2123 | D:3      | 2123 ||| UPGRADING to amulet of regeneration.
  2128 | D:3      | 2128 ||| READING scroll labelled UPNAYSOKHO.
  2150 | D:4      | Noticed a centaur
  2157 | D:4      | Killed a centaur
  2177 | D:4      | Reached XP level 6. HP: 37/37 MP: 6/6
  2263 | D:4      | Noticed a black bear
  2268 | D:4      | Killed a black bear
  2269 | D:4      | Reached skill level 6 in Axes
  2269 | D:4      | Reached XP level 7. HP: 43/43 MP: 7/7
  2345 | D:4      | 2345 ||| Stepping ~*~*~tactically~*~*~ (stealth).
  2345 | D:4      | Noticed Pikel
  2359 | D:4      | Killed Pikel
  2360 | D:4      | Reached XP level 8. HP: 29/48 MP: 8/8
  2380 | D:4      | 2380 ||| DROPPING +0 mace.
  2848 | D:4      | Found a staircase to the Ecumenical Temple.
  2972 | D:4      | 2972 ||| READING scroll labelled SIOMUTR WAEMOUT.
  2994 | D:5      | Entered Level 5 of the Dungeon
  2995 | D:5      | 2995 ||| STAIRDANCE
  3117 | D:5      | Noticed a yak
  3118 | D:5      | Noticed a yak
  3120 | D:5      | Noticed a yak
  3132 | D:5      | Killed a yak
  3136 | D:5      | Killed a yak
  3139 | D:5      | Killed a yak
  3183 | D:5      | Noticed Grinder
  3184 | D:5      | 3184 ||| Stepping ~*~*~tactically~*~*~ (hiding).
  3192 | D:5      | 3192 ||| FLEEEEING.
  3193 | D:5      | 3193 ||| FLEEEEING.
  3212 | D:5      | Killed Grinder
  3213 | D:5      | Reached XP level 9. HP: 57/57 MP: 9/9
  3264 | D:5      | 3264 ||| Stepping ~*~*~tactically~*~*~ (hiding).
  3266 | D:5      | 3266 ||| Stepping ~*~*~tactically~*~*~ (hiding).
  3267 | D:5      | 3267 ||| Stepping ~*~*~tactically~*~*~ (hiding).
  3382 | D:5      | Noticed Ijyb
  3403 | D:5      | HP: 11/57 [gnoll sergeant/+0 spear (9)]
  3404 | D:5      | 3404 ||| READING scroll of teleportation.
  3405 | D:5      | Killed Ijyb
  3484 | D:5      | 3484 ||| DROPPING +1 whip of flaming.
  3658 | D:5      | Noticed Edmund
  3680 | D:5      | Killed Edmund
  3688 | D:5      | HP: 10/57 [iguana (6)]
  3689 | D:5      | 3689 ||| READING scroll of teleportation.
  3735 | D:5      | 3735 ||| Stepping ~*~*~tactically~*~*~ (stealth).
  3737 | D:5      | 3737 ||| Stepping ~*~*~tactically~*~*~ (stealth).
  3739 | D:5      | 3739 ||| Stepping ~*~*~tactically~*~*~ (stealth).
  3741 | D:5      | 3741 ||| Stepping ~*~*~tactically~*~*~ (stealth).
  3755 | D:5      | Reached skill level 9 in Axes
  3907 | D:5      | 3907 ||| DROPPING +0 flail.
  3964 | D:5      | Found a radiant altar of Vehumet.
  3965 | D:5      | Found a burning altar of Makhleb.
  4041 | D:5      | 4041 ||| Stepping ~*~*~tactically~*~*~ (hiding).
  4042 | D:5      | 4042 ||| FLEEEEING.
  4071 | D:5      | Found a stormy altar of Qazlal.
  4077 | D:5      | Found a basalt altar of Yredelemnul.
  4080 | D:5      | Found a glowing silver altar of Zin.
  4081 | D:5      | 4081 ||| UPGRADING to +0 helmet.
  4086 | D:5      | 4086 ||| READING scroll labelled FUETACW YDYON.
  4087 | D:5      | 4087 ||| DRINKING 2 purple potions.
  4088 | D:5      | 4088 ||| DROPPING potion of magic.
  4125 | D:4      | 4125 ||| PLANNING TEMPLE
  4132 | Temple   | Entered the Ecumenical Temple
  4296 | Temple   | 4296 ||| PLANNING D:1-11
  4400 | D:6      | 4400 ||| FLEEEEING.
  4405 | D:6      | 4405 ||| FLEEEEING.
  4406 | D:6      | 4406 ||| FLEEEEING.
  4407 | D:6      | 4407 ||| FLEEEEING.
  4408 | D:6      | 4408 ||| STAIRDANCE
  4510 | D:5      | 4510 ||| READING 2 scrolls of identify.
  4510 | D:5      | 4510 ||| IDENTIFYING sapphire potion
  4513 | D:6      | 4513 ||| STAIRDANCE
  4528 | D:6      | 4528 ||| STAIRDANCE
  4546 | D:6      | Reached skill level 6 in Armour
  4546 | D:6      | 4546 ||| STAIRDANCE
  4941 | D:6      | 4941 ||| READING scroll labelled HUIPTO ARER.
  4942 | D:6      | 4942 ||| READING scroll labelled XOT BUENURYDA.
  4943 | D:6      | 4943 ||| DRINKING 2 puce potions.
  4944 | D:6      | 4944 ||| DRINKING 2 fizzy green potions.
  4981 | D:6      | 4981 ||| READING 2 scrolls of identify.
  4981 | D:6      | 4981 ||| IDENTIFYING orange potion
  4982 | D:6      | 4982 ||| DROPPING potion of degeneration.
  4983 | D:6      | 4983 ||| DROPPING potion of flight.
  5006 | D:7      | Noticed Prince Ribbit
  5007 | D:7      | 5007 ||| STAIRDANCE
  5019 | D:7      | 5019 ||| STAIRDANCE
  5029 | D:6      | Killed Prince Ribbit
  5056 | D:7      | 5056 ||| STAIRDANCE
  5064 | D:7      | 5064 ||| STAIRDANCE
  5090 | D:7      | 5090 ||| STAIRDANCE
  5115 | D:7      | 5115 ||| STAIRDANCE
  5133 | D:7      | Reached XP level 10. HP: 51/64 MP: 10/10
  5355 | D:7      | Noticed Maggie
  5356 | D:7      | 5356 ||| Stepping ~*~*~tactically~*~*~ (stealth).
  5360 | D:7      | 5360 ||| Stepping ~*~*~tactically~*~*~ (hiding).
  5361 | D:7      | 5361 ||| Stepping ~*~*~tactically~*~*~ (hiding).
  5377 | D:7      | Killed Maggie
  5390 | D:7      | 5390 ||| SWAPPING to +0 broad axe of draining.
  5391 | D:7      | 5391 ||| DROPPING +1 war axe.
  5392 | D:7      | 5392 ||| READING scroll of enchant weapon.
  5392 | D:7      | 5392 ||| ENCHANTING +0 broad axe of draining.
  5405 | D:7      | 5405 ||| Stepping ~*~*~tactically~*~*~ (stealth).
  5406 | D:7      | 5406 ||| Stepping ~*~*~tactically~*~*~ (stealth).
  5407 | D:7      | 5407 ||| Stepping ~*~*~tactically~*~*~ (stealth).
  5782 | D:7      | 5782 ||| READING 2 scrolls of identify.
  5782 | D:7      | 5782 ||| IDENTIFYING amethyst potion
  5783 | D:7      | 5783 ||| DROPPING potion of berserk rage.
  5996 | D:8      | Found a broken altar of Ashenzari.
  5997 | D:8      | 5997 ||| Stepping ~*~*~tactically~*~*~ (stealth).
  6208 | D:8      | Noticed Psyche
  6233 | D:8      | Killed Psyche
  6362 | D:8      | 6362 ||| READING 3 scrolls of identify.
  6362 | D:8      | 6362 ||| IDENTIFYING blue potion
  6363 | D:8      | 6363 ||| READING 2 scrolls of identify.
  6363 | D:8      | 6363 ||| IDENTIFYING fuming blue potion
  6364 | D:8      | 6364 ||| DROPPING potion of ambrosia.
  6403 | D:9      | Noticed Grum
  6404 | D:9      | 6404 ||| Stepping ~*~*~tactically~*~*~ (hiding).
  6407 | D:9      | 6407 ||| Stepping ~*~*~tactically~*~*~ (hiding).
  6418 | D:9      | Killed Grum
  6480 | D:9      | 6480 ||| Stepping ~*~*~tactically~*~*~ (hiding).
  6481 | D:9      | 6481 ||| Stepping ~*~*~tactically~*~*~ (hiding).
  6482 | D:9      | 6482 ||| Stepping ~*~*~tactically~*~*~ (hiding).
  6636 | D:9      | 6636 ||| Stepping ~*~*~tactically~*~*~ (water).
  6750 | D:9      | Found a sparkling altar of Nemelex Xobeh.
  6750 | D:9      | Found a hide-covered altar of Uskayaw.
  6750 | D:9      | Found a shimmering blue altar of Sif Muna.
  6751 | D:9      | Found a shadowy altar of Dithmenos.
  6751 | D:9      | Found an iron altar of Okawaru.
  6752 | D:9      | 6752 ||| PLANNING OKAWARU WORSHIP
  6752 | D:9      | 6752 ||| UPGRADING to +2 buckler.
  6762 | D:9      | 6762 ||| DROPPING +0 buckler.
  6763 | D:9      | 6763 ||| UPGRADING to ring of willpower.
  6764 | D:9      | 6764 ||| READING scroll labelled EKYVURR MOTIUX.
  6765 | D:9      | 6765 ||| READING 2 scrolls of identify.
  6765 | D:9      | 6765 ||| IDENTIFYING red potion
  6766 | D:9      | 6766 ||| DROPPING potion of invisibility.
  6767 | D:9      | Found a hazy altar of Hepliaklqana.
  6774 | D:9      | Became a worshipper of Warmaster Okawaru
  6775 | D:9      | 6775 ||| PLANNING D:1-11
  6793 | D:9      | Found a flagged portal.
  6794 | D:9      | 6794 ||| Stepping ~*~*~tactically~*~*~ (water).
  6918 | D:9      | Reached skill level 9 in Fighting
  7041 | D:9      | Found an ornate altar of the Wu Jian Council.
  7234 | D:10     | Entered Level 10 of the Dungeon
  7300 | D:10     | Noticed Harold
  7301 | D:10     | 7301 ||| FLEEEEING.
  7302 | D:10     | 7302 ||| FLEEEEING.
  7303 | D:10     | 7303 ||| FLEEEEING.
  7304 | D:10     | 7304 ||| FLEEEEING.
  7305 | D:10     | 7305 ||| FLEEEEING.
  7306 | D:10     | 7306 ||| FLEEEEING.
  7307 | D:10     | 7307 ||| FLEEEEING.
  7308 | D:10     | 7308 ||| FLEEEEING.
  7309 | D:10     | 7309 ||| FLEEEEING.
  7310 | D:10     | 7310 ||| FLEEEEING.
  7311 | D:10     | 7311 ||| FLEEEEING.
  7312 | D:10     | 7312 ||| FLEEEEING.
  7313 | D:10     | 7313 ||| FLEEEEING.
  7319 | D:10     | 7319 ||| FLEEEEING.
  7320 | D:10     | 7320 ||| FLEEEEING.
  7321 | D:10     | 7321 ||| FLEEEEING.
  7322 | D:10     | 7322 ||| FLEEEEING.
  7323 | D:10     | 7323 ||| FLEEEEING.
  7324 | D:10     | 7324 ||| FLEEEEING.
  7325 | D:10     | 7325 ||| FLEEEEING.
  7326 | D:10     | 7326 ||| FLEEEEING.
  7327 | D:10     | 7327 ||| FLEEEEING.
  7328 | D:10     | 7328 ||| FLEEEEING.
  7329 | D:10     | 7329 ||| FLEEEEING.
  7330 | D:10     | 7330 ||| FLEEEEING.
  7331 | D:10     | 7331 ||| FLEEEEING.
  7332 | D:10     | 7332 ||| FLEEEEING.
  7333 | D:10     | 7333 ||| FLEEEEING.
  7334 | D:10     | 7334 ||| FLEEEEING.
  7335 | D:10     | 7335 ||| FLEEEEING.
  7336 | D:10     | 7336 ||| FLEEEEING.
  7337 | D:10     | 7337 ||| FLEEEEING.
  7354 | D:10     | Noticed a two-headed ogre
  7356 | D:10     | Killed Harold
  7356 | D:10     | Reached * piety under Okawaru
  7357 | D:10     | Reached XP level 11. HP: 58/71 MP: 11/11
  7357 | D:10     | 7357 ||| INVOKING Heroism.
  7364 | D:10     | Killed a two-headed ogre
  7663 | D:10     | 7663 ||| Stepping ~*~*~tactically~*~*~ (stealth).
  7663 | D:10     | Noticed Josephine
  7664 | D:10     | 7664 ||| Stepping ~*~*~tactically~*~*~ (hiding).
  7665 | D:10     | 7665 ||| INVOKING Heroism.
  7682 | D:10     | 7682 ||| INVOKING Heroism.
  7685 | D:10     | Killed Josephine
  7686 | D:10     | Reached skill level 3 in Invocations
  7692 | D:10     | 7692 ||| Stepping ~*~*~tactically~*~*~ (hiding).
  7694 | D:10     | Reached ** piety under Okawaru
  7695 | D:10     | Reached skill level 12 in Axes
  7702 | D:10     | 7702 ||| INVOKING Heroism.
  7718 | D:10     | 7718 ||| READING scroll of teleportation.
  7720 | D:10     | 7720 ||| INVOKING Heroism.
  7896 | D:10     | Noticed a green ugly thing
  7898 | D:10     | 7898 ||| Stepping ~*~*~tactically~*~*~ (stealth).
  7906 | D:10     | Killed a green ugly thing
  7916 | D:10     | 7916 ||| Stepping ~*~*~tactically~*~*~ (stealth).
  7918 | D:10     | 7918 ||| Stepping ~*~*~tactically~*~*~ (hiding).
  7922 | D:10     | 7922 ||| INVOKING Heroism.
  7944 | D:10     | 7944 ||| INVOKING Heroism.
  8173 | D:10     | 8173 ||| Stepping ~*~*~tactically~*~*~ (hiding).
  8197 | D:10     | Reached skill level 6 in Shields
  8210 | D:10     | 8210 ||| INVOKING Heroism.
  8251 | D:10     | 8251 ||| UPGRADING to +0 kite shield.
  8261 | D:10     | 8261 ||| DROPPING +2 buckler.
  8308 | D:11     | Noticed Sonja
  8317 | D:11     | Killed Sonja
  8325 | D:11     | Noticed Nergalle
  8326 | D:11     | 8326 ||| Stepping ~*~*~tactically~*~*~ (hiding).
  8328 | D:11     | 8328 ||| Stepping ~*~*~tactically~*~*~ (hiding).
  8329 | D:11     | 8329 ||| Stepping ~*~*~tactically~*~*~ (hiding).
  8330 | D:11     | 8330 ||| INVOKING Heroism.
  8336 | D:11     | Killed Nergalle
  8336 | D:11     | Reached *** piety under Okawaru
  8375 | D:11     | 8375 ||| INVOKING Heroism.
  8378 | D:11     | Noticed a sun demon
  8409 | D:11     | Noticed a death yak
  8409 | D:11     | Noticed a death yak
  8410 | D:11     | 8410 ||| INVOKING Heroism.
  8412 | D:11     | Noticed a cyan ugly thing
  8413 | D:11     | 8413 ||| Stepping ~*~*~tactically~*~*~ (stealth).
  8414 | D:11     | Noticed a death yak
  8418 | D:11     | Killed a death yak
  8425 | D:11     | Killed a death yak
  8425 | D:11     | Reached **** piety under Okawaru
  8426 | D:11     | Reached skill level 9 in Shields
  8435 | D:11     | Killed a death yak
  8435 | D:11     | Killed a cyan ugly thing
  8436 | D:11     | Reached XP level 12. HP: 70/76 MP: 15/15
  8442 | D:11     | Found a staircase to the Lair.
  8458 | D:11     | Noticed a two-headed ogre
  8459 | D:11     | 8459 ||| Stepping ~*~*~tactically~*~*~ (stealth).
  8460 | D:11     | 8460 ||| Stepping ~*~*~tactically~*~*~ (stealth).
  8461 | D:11     | 8461 ||| Stepping ~*~*~tactically~*~*~ (stealth).
  8467 | D:11     | Killed a two-headed ogre
  8520 | D:11     | 8520 ||| Stepping ~*~*~tactically~*~*~ (hiding).
  8521 | D:11     | 8521 ||| Stepping ~*~*~tactically~*~*~ (hiding).
  8545 | D:11     | 8545 ||| Stepping ~*~*~tactically~*~*~ (stealth).
  8640 | D:11     | 8640 ||| INVOKING Heroism.
  8664 | D:11     | HP: 17/76 [skeletal warrior/+0 long sword (8)]
  8665 | D:11     | Reached skill level 6 in Invocations
  8665 | D:11     | 8665 ||| DRINKING 3 potions of heal wounds.
  8671 | D:11     | HP: 9/76 [skeletal warrior/+0 long sword (17)]
  8672 | D:11     | 8672 ||| DRINKING 2 potions of heal wounds.
  8674 | D:11     | 8674 ||| INVOKING Heroism.
  8721 | D:11     | 8721 ||| INVOKING Heroism.
  8726 | D:11     | Received a gift from Okawaru
  8781 | D:11     | 8781 ||| INVOKING Heroism.
  8792 | D:11     | Reached ***** piety under Okawaru
  8821 | D:11     | Noticed Erolcha
  8824 | D:11     | 8824 ||| INVOKING Heroism.
  8825 | D:11     | 8825 ||| INVOKING Finesse.
  8826 | D:11     | 8826 ||| INVOKING Finesse.
  8832 | D:11     | Killed Erolcha
  9044 | D:11     | 9044 ||| Stepping ~*~*~tactically~*~*~ (stealth).
  9246 | D:11     | Noticed Fannar
  9247 | D:11     | 9247 ||| Stepping ~*~*~tactically~*~*~ (hiding).
  9265 | D:11     | 9265 ||| INVOKING Heroism.
  9274 | D:11     | Killed Fannar
  9355 | D:11     | 9355 ||| PLANNING LAIR
  9355 | D:11     | 9355 ||| DROPPING +1 hat.
  9356 | D:11     | 9356 ||| UPGRADING to +0 pair of boots.
  9361 | D:11     | 9361 ||| READING scroll labelled WOUDIS DOTORUAMM.
  9422 | Lair:1   | Entered Level 1 of the Lair of Beasts
  9422 | Lair:1   | Noticed Urug
  9423 | Lair:1   | 9423 ||| INVOKING Heroism.
  9424 | Lair:1   | 9424 ||| INVOKING Finesse.
  9433 | Lair:1   | Killed Urug
  9473 | Lair:1   | 9473 ||| DROPPING +3 flail of protection.
  9479 | Lair:1   | 9479 ||| INVOKING Heroism.
  9542 | Lair:1   | Reached skill level 1 in Throwing
  9580 | Lair:1   | 9580 ||| Stepping ~*~*~tactically~*~*~ (stealth).
  9627 | Lair:1   | Received a gift from Okawaru
  9634 | Lair:1   | 9634 ||| DROPPING +1 war axe of venom.
  9664 | Lair:1   | Reached skill level 9 in Invocations
  9681 | Lair:1   | 9681 ||| Stepping ~*~*~tactically~*~*~ (stealth).
  9695 | Lair:1   | 9695 ||| INVOKING Heroism.
  9699 | Lair:1   | Reached skill level 3 in Throwing
  9707 | Lair:1   | Reached XP level 13. HP: 82/82 MP: 17/19
  9752 | Lair:1   | 9752 ||| INVOKING Heroism.
 10144 | Lair:2   | 10144 ||| INVOKING Heroism.
 10168 | Lair:2   | Reached skill level 9 in Armour
 10218 | Lair:2   | 10218 ||| INVOKING Heroism.
 10236 | Lair:2   | Found a hole to the Spider Nest.
 10380 | Lair:2   | Identified the +3 leather armour "Sycric" {rN+ Dex+4
                  | Slay-4}
 10425 | Lair:2   | 10425 ||| Stepping ~*~*~tactically~*~*~ (stealth).
 10426 | Lair:2   | 10426 ||| Stepping ~*~*~tactically~*~*~ (stealth).
 10427 | Lair:2   | 10427 ||| Stepping ~*~*~tactically~*~*~ (stealth).
 10448 | Lair:2   | 10448 ||| INVOKING Heroism.
 10454 | Lair:2   | 10454 ||| Stepping ~*~*~tactically~*~*~ (stealth).
 10459 | Lair:2   | 10459 ||| Stepping ~*~*~tactically~*~*~ (stealth).
 10472 | Lair:2   | 10472 ||| Stepping ~*~*~tactically~*~*~ (stealth).
 10473 | Lair:2   | 10473 ||| Stepping ~*~*~tactically~*~*~ (stealth).
 10476 | Lair:2   | 10476 ||| Stepping ~*~*~tactically~*~*~ (stealth).
 10502 | Lair:2   | 10502 ||| Stepping ~*~*~tactically~*~*~ (stealth).
 10505 | Lair:2   | 10505 ||| Stepping ~*~*~tactically~*~*~ (stealth).
 10506 | Lair:2   | 10506 ||| Stepping ~*~*~tactically~*~*~ (stealth).
 10507 | Lair:2   | 10507 ||| INVOKING Heroism.
 10902 | Lair:2   | 10902 ||| UPGRADING to +7 crystal plate armour of
                  | ponderousness.
 10912 | Lair:2   | 10912 ||| DROPPING +0 plate armour.
 10913 | Lair:2   | 10913 ||| UPGRADING to +0 pair of gloves.
 10918 | Lair:2   | 10918 ||| READING scroll labelled AHUFOCWYANK.
 10919 | Lair:2   | 10919 ||| READING scroll labelled ICORIECICA.
 10919 | Lair:2   | Identified a scroll of acquirement
 10919 | Lair:2   | 10919 ||| ACQUIRING +0 broad axe of electrocution
 10919 | Lair:2   | Acquired a +0 broad axe of electrocution
 10921 | Lair:2   | 10921 ||| SWAPPING to +0 broad axe of electrocution.
 10922 | Lair:2   | 10922 ||| DROPPING +1 broad axe of draining.
 10974 | Lair:3   | 10974 ||| Stepping ~*~*~tactically~*~*~ (hiding).
 10978 | Lair:3   | Noticed Amaemon
 10979 | Lair:3   | 10979 ||| INVOKING Heroism.
 11004 | Lair:3   | Killed Amaemon
 11033 | Lair:3   | 11033 ||| INVOKING Heroism.
 11088 | Lair:3   | 11088 ||| READING scroll of enchant armour.
 11088 | Lair:3   | 11088 ||| ENCHANTING +7 crystal plate armour of
                  | ponderousness.
 11127 | Lair:3   | 11127 ||| INVOKING Heroism.
 11128 | Lair:3   | 11128 ||| INVOKING Finesse.
 11259 | Lair:3   | 11259 ||| Stepping ~*~*~tactically~*~*~ (stealth).
 11260 | Lair:3   | 11260 ||| Stepping ~*~*~tactically~*~*~ (stealth).
 11273 | Lair:3   | 11273 ||| INVOKING Heroism.
 11274 | Lair:3   | 11274 ||| INVOKING Finesse.
 11305 | Lair:3   | 11305 ||| Stepping ~*~*~tactically~*~*~ (stealth).
 11311 | Lair:3   | Identified the +1 kite shield "Haosowil" {Regen+ Int+2}
                  | (Okawaru gifted it to you on level 3 of the Lair of Beasts)
 11311 | Lair:3   | Received a gift from Okawaru
 11488 | Lair:3   | Found a staircase to the Shoals.
 11946 | Lair:3   | 11946 ||| UPGRADING to +1 kite shield "Haosowil" {Regen+
                  | Int+2}.
 11956 | Lair:3   | 11956 ||| DROPPING +0 kite shield.
 12091 | Lair:4   | 12091 ||| Stepping ~*~*~tactically~*~*~ (stealth).
 12100 | Lair:4   | 12100 ||| Stepping ~*~*~tactically~*~*~ (stealth).
 12203 | Lair:4   | 12203 ||| Stepping ~*~*~tactically~*~*~ (stealth).
 12204 | Lair:4   | 12204 ||| Stepping ~*~*~tactically~*~*~ (stealth).
 12207 | Lair:4   | 12207 ||| Stepping ~*~*~tactically~*~*~ (stealth).
 12210 | Lair:4   | 12210 ||| INVOKING Heroism.
 12248 | Lair:4   | 12248 ||| INVOKING Heroism.
 12254 | Lair:4   | Reached skill level 12 in Armour
 12267 | Lair:4   | 12267 ||| Stepping ~*~*~tactically~*~*~ (stealth).
 12268 | Lair:4   | 12268 ||| Stepping ~*~*~tactically~*~*~ (stealth).
 12269 | Lair:4   | 12269 ||| Stepping ~*~*~tactically~*~*~ (stealth).
 12317 | Lair:4   | Gained mutation: Your large and strong wings let you fly.
                  | [Gargoyle growth]
 12317 | Lair:4   | Reached XP level 14. HP: 88/88 MP: 21/21
 12347 | Lair:4   | 12347 ||| Stepping ~*~*~tactically~*~*~ (hiding).
 12413 | Lair:4   | Found a viscous altar of Jiyva.
 12413 | Lair:4   | Found a staircase to the Slime Pits.
 12570 | Lair:4   | 12570 ||| Stepping ~*~*~tactically~*~*~ (stealth).
 12572 | Lair:4   | 12572 ||| Stepping ~*~*~tactically~*~*~ (hiding).
 12836 | Lair:4   | 12836 ||| DROPPING ring of magical power.
 12837 | Lair:4   | 12837 ||| READING 2 scrolls of identify.
 12837 | Lair:4   | 12837 ||| IDENTIFYING yellow potion
 12872 | Lair:5   | Entered Level 5 of the Lair of Beasts
 12874 | Lair:5   | 12874 ||| INVOKING Heroism.
 12875 | Lair:5   | 12875 ||| STAIRDANCE
 12888 | Lair:5   | 12888 ||| STAIRDANCE
 12956 | Lair:5   | 12956 ||| INVOKING Heroism.
 13061 | Lair:5   | 13061 ||| INVOKING Heroism.
 13062 | Lair:5   | 13062 ||| INVOKING Finesse.
 13064 | Lair:5   | 13064 ||| SWAPPING to +0 broad axe of flaming.
 13070 | Lair:5   | 13070 ||| Stepping ~*~*~tactically~*~*~ (stealth).
 13073 | Lair:5   | 13073 ||| SWAPPING to +0 broad axe of electrocution.
 13077 | Lair:5   | 13077 ||| Stepping ~*~*~tactically~*~*~ (stealth).
 13080 | Lair:5   | 13080 ||| Stepping ~*~*~tactically~*~*~ (stealth).
 13082 | Lair:5   | 13082 ||| Stepping ~*~*~tactically~*~*~ (stealth).
 13123 | Lair:5   | 13123 ||| INVOKING Heroism.
 13195 | Lair:5   | 13195 ||| INVOKING Heroism.
 13282 | Lair:5   | 13282 ||| INVOKING Heroism.
 13343 | Lair:5   | 13343 ||| Stepping ~*~*~tactically~*~*~ (hiding).
 13345 | Lair:5   | 13345 ||| INVOKING Heroism.
 13346 | Lair:5   | 13346 ||| INVOKING Finesse.
 13404 | Lair:5   | 13404 ||| Stepping ~*~*~tactically~*~*~ (stealth).
 13406 | Lair:5   | 13406 ||| Stepping ~*~*~tactically~*~*~ (stealth).
 13407 | Lair:5   | 13407 ||| Stepping ~*~*~tactically~*~*~ (stealth).
 13408 | Lair:5   | 13408 ||| Stepping ~*~*~tactically~*~*~ (stealth).
 13409 | Lair:5   | 13409 ||| Stepping ~*~*~tactically~*~*~ (hiding).
 13410 | Lair:5   | 13410 ||| Stepping ~*~*~tactically~*~*~ (hiding).
 13411 | Lair:5   | 13411 ||| INVOKING Heroism.
 13412 | Lair:5   | 13412 ||| INVOKING Finesse.
 13482 | Lair:5   | 13482 ||| Stepping ~*~*~tactically~*~*~ (stealth).
 13483 | Lair:5   | 13483 ||| INVOKING Heroism.
 13484 | Lair:5   | 13484 ||| INVOKING Finesse.
 13493 | Lair:5   | Received a gift from Okawaru
 13547 | Lair:5   | 13547 ||| Stepping ~*~*~tactically~*~*~ (stealth).
 13551 | Lair:5   | 13551 ||| INVOKING Heroism.
 13552 | Lair:5   | 13552 ||| INVOKING Finesse.
 13625 | Lair:5   | 13625 ||| INVOKING Heroism.
 13626 | Lair:5   | 13626 ||| INVOKING Finesse.
 13747 | Lair:5   | 13747 ||| INVOKING Heroism.
 13751 | Lair:5   | 13751 ||| INVOKING Finesse.
 13804 | Lair:5   | Identified the +3 longbow of the Endless Expanse {venom,
                  | *Slow Will+ Int+3}
 13922 | Lair:5   | 13922 ||| INVOKING Heroism.
 13923 | Lair:5   | 13923 ||| INVOKING Finesse.
 13924 | Lair:5   | 13924 ||| INVOKING Finesse.
 13925 | Lair:5   | 13925 ||| SWAPPING to +0 broad axe of flaming.
 13931 | Lair:5   | 13931 ||| SWAPPING to +0 broad axe of electrocution.
 14249 | Lair:5   | 14249 ||| PLANNING D
 14249 | Lair:5   | 14249 ||| DROPPING amulet of magic regeneration.
 14391 | D:12     | 14391 ||| STAIRDANCE
 14397 | D:12     | 14397 ||| STAIRDANCE
 14404 | D:12     | 14404 ||| STAIRDANCE
 14414 | D:12     | 14414 ||| STAIRDANCE
 14464 | D:12     | Reached skill level 12 in Shields
 14534 | D:12     | Found a staircase to the Orcish Mines.
 14537 | D:12     | Found Kuevoledd's Weapon Shop.
 14543 | D:12     | 14543 ||| INVOKING Heroism.
 14583 | D:12     | Noticed Rupert
 14584 | D:12     | 14584 ||| INVOKING Heroism.
 14597 | D:12     | Killed Rupert
 14607 | D:12     | 14607 ||| Stepping ~*~*~tactically~*~*~ (stealth).
 14621 | D:12     | 14621 ||| READING scroll of enchant armour.
 14621 | D:12     | 14621 ||| ENCHANTING +8 crystal plate armour of
                  | ponderousness.
 14679 | D:12     | 14679 ||| Stepping ~*~*~tactically~*~*~ (hiding).
 14680 | D:12     | 14680 ||| Stepping ~*~*~tactically~*~*~ (hiding).
 14681 | D:12     | 14681 ||| Stepping ~*~*~tactically~*~*~ (hiding).
 14748 | D:12     | 14748 ||| INVOKING Heroism.
 14824 | D:12     | Reached XP level 15. HP: 89/94 MP: 22/22
 14831 | D:12     | Identified the +3 leather armour of Entitlement {rF++
                  | Int-4}
 14842 | D:12     | Found a portal to a secret trove of treasure.
 15032 | D:13     | 15032 ||| INVOKING Heroism.
 15049 | D:13     | HP: 21/94 [boulder beetle (15)]
 15050 | D:13     | 15050 ||| READING 2 scrolls of teleportation.
 15051 | D:13     | 15051 ||| DRINKING 3 potions of heal wounds.
 15056 | D:13     | 15056 ||| INVOKING Heroism.
 15080 | D:13     | 15080 ||| INVOKING Heroism.
 15082 | D:13     | Reached skill level 15 in Axes
 15205 | D:13     | Identified the +8 hand axe "Transmigrator" {freeze, rC++
                  | rN+ Str-3 Dex+5} (Okawaru gifted it to you on level 13 of
                  | the Dungeon)
 15205 | D:13     | Received a gift from Okawaru
 15259 | D:13     | 15259 ||| READING scroll of enchant armour.
 15259 | D:13     | 15259 ||| ENCHANTING +9 crystal plate armour of
                  | ponderousness.
 15269 | D:13     | Identified the +4 ring mail of Integrity {rN+ Dex+2}
 15813 | D:14     | 15813 ||| READING scroll of enchant weapon.
 15813 | D:14     | 15813 ||| ENCHANTING +0 broad axe of electrocution.
 15836 | D:14     | 15836 ||| Stepping ~*~*~tactically~*~*~ (hiding).
 15836 | D:14     | Found an ornate altar of the Wu Jian Council.
 15867 | D:14     | 15867 ||| INVOKING Heroism.
 15868 | D:14     | 15868 ||| INVOKING Finesse.
 15869 | D:14     | 15869 ||| INVOKING Finesse.
 15942 | D:14     | 15942 ||| Stepping ~*~*~tactically~*~*~ (hiding).
 16087 | D:14     | 16087 ||| INVOKING Heroism.
 16136 | D:14     | 16136 ||| READING scroll of enchant weapon.
 16136 | D:14     | 16136 ||| ENCHANTING +1 broad axe of electrocution.
 16320 | D:14     | 16320 ||| INVOKING Heroism.
 16324 | D:14     | Reached skill level 6 in Throwing
 16368 | D:14     | 16368 ||| INVOKING Heroism.
 16399 | D:14     | Found a gate to the Vaults.
 16487 | D:14     | 16487 ||| UPGRADING to +4 ring of evasion.
 16489 | D:14     | 16489 ||| DROPPING ring of willpower.
 16490 | D:14     | 16490 ||| UPGRADING to ring of protection from cold.
 16511 | D:15     | Entered Level 15 of the Dungeon
 16512 | D:15     | 16512 ||| PLANNING GAUNTLET
 16541 | D:15     | 16541 ||| Stepping ~*~*~tactically~*~*~ (hiding).
 16547 | D:15     | Received a gift from Okawaru
 16556 | D:15     | 16556 ||| INVOKING Heroism.
 16564 | D:15     | Received a gift from Okawaru
 16581 | D:15     | 16581 ||| Stepping ~*~*~tactically~*~*~ (hiding).
 16638 | D:15     | Found a gate leading to a gauntlet.
 16647 | Gauntlet | Entered a Gauntlet
 16647 | Gauntlet | Found a transporter.
 16647 | Gauntlet | Found a transporter.
 16647 | Gauntlet | Found a transporter.
 16660 | Gauntlet | Found a transporter.
 16662 | Gauntlet | Found a transporter.
 16673 | Gauntlet | Found a transporter.
 16679 | Gauntlet | Found a runed translucent gate.
 16679 | Gauntlet | Found a runed translucent gate.
 16680 | Gauntlet | Found a runed translucent gate.
 16681 | Gauntlet | Found a transporter.
 16701 | Gauntlet | Found a transporter.
 16721 | Gauntlet | Found a transporter.
 16725 | Gauntlet | Found a transporter.
 16738 | Gauntlet | Found a transporter.
 16784 | Gauntlet | Found a transporter.
 16821 | Gauntlet | 16821 ||| INVOKING Heroism.
 16828 | Gauntlet | Reached skill level 12 in Fighting
 16840 | Gauntlet | 16840 ||| UPGRADING to +2 cloak of preservation.
 16877 | Gauntlet | 16877 ||| UPGRADING to +2 pair of gloves of hurling.
 16887 | Gauntlet | 16887 ||| DROPPING +0 pair of gloves.
 16894 | Gauntlet | 16894 ||| INVOKING Heroism.
 16932 | Gauntlet | 16932 ||| DROPPING +6 ring of intelligence.
 16949 | Gauntlet | 16949 ||| Stepping ~*~*~tactically~*~*~ (stealth).
 16960 | Gauntlet | 16960 ||| INVOKING Heroism.
 17065 | Gauntlet | 17065 ||| UPGRADING to +1 pair of gloves of strength.
 17075 | Gauntlet | 17075 ||| DROPPING +2 pair of gloves of hurling.
 17096 | D:15     | 17096 ||| PLANNING D
 17099 | D:15     | 17099 ||| Stepping ~*~*~tactically~*~*~ (hiding).
 17104 | D:15     | 17104 ||| INVOKING Heroism.
 17107 | D:15     | 17107 ||| READING 2 scrolls of teleportation.
 17162 | D:15     | 17162 ||| Stepping ~*~*~tactically~*~*~ (hiding).
 17198 | D:15     | Identified the +4 hand axe of Nuihiz {antimagic, Fragile
                  | rF++ Dex+6}
 17214 | D:15     | 17214 ||| INVOKING Heroism.
 17215 | D:15     | 17215 ||| SWAPPING to +0 broad axe of flaming.
 17224 | D:15     | Identified the +6 broad axe of the Mauling Rat {flame,
                  | SInv} (Okawaru gifted it to you on level 15 of the Dungeon)
 17224 | D:15     | Received a gift from Okawaru
 17225 | D:15     | 17225 ||| SWAPPING to +2 broad axe of electrocution.
 17233 | D:15     | 17233 ||| SWAPPING to +6 broad axe of the Mauling Rat
                  | {flame, SInv}.
 17234 | D:15     | 17234 ||| DROPPING +2 broad axe of electrocution.
 17235 | D:15     | 17235 ||| DROPPING +0 broad axe of flaming.
 17335 | D:15     | Noticed Louise
 17336 | D:15     | 17336 ||| Stepping ~*~*~tactically~*~*~ (hiding).
 17341 | D:15     | 17341 ||| INVOKING Heroism.
 17342 | D:15     | 17342 ||| INVOKING Finesse.
 17348 | Abyss:2  | Cast into level 2 of the Abyss (Louise)
 17407 | Abyss:2  | 17407 ||| INVOKING Heroism.
 17408 | Abyss:2  | 17408 ||| INVOKING Finesse.
 17409 | Abyss:2  | 17409 ||| INVOKING Finesse.
 17461 | Abyss:2  | 17461 ||| Stepping ~*~*~tactically~*~*~ (stealth).
 17463 | Abyss:2  | 17463 ||| Stepping ~*~*~tactically~*~*~ (cloud).
 17471 | Abyss:3  | Noticed a profane servitor
 17494 | Abyss:3  | Noticed a deep elf elementalist
 17498 | Abyss:3  | Killed a profane servitor
 17502 | Abyss:3  | 17502 ||| Stepping randomly (cloudy).
 17506 | Abyss:3  | 17506 ||| INVOKING Heroism.
 17508 | Abyss:3  | Killed a deep elf elementalist
 17539 | Abyss:3  | 17539 ||| INVOKING Heroism.
 17539 | Abyss:3  | Paralysed by accursed screaming for 1 turns
 17541 | Abyss:3  | Noticed a tentacled starspawn
 17543 | Abyss:3  | Reached XP level 16. HP: 39/101 MP: 20/23
 17551 | Abyss:3  | Killed a tentacled starspawn
 17557 | Abyss:3  | 17557 ||| Stepping ~*~*~tactically~*~*~ (stealth).
 17604 | Abyss:3  | Noticed a tentacled starspawn
 17605 | Abyss:3  | 17605 ||| Stepping ~*~*~tactically~*~*~ (stealth).
 17611 | Abyss:3  | Killed a tentacled starspawn
 17663 | Abyss:3  | 17663 ||| Stepping ~*~*~tactically~*~*~ (hiding).
 17666 | Abyss:3  | 17666 ||| INVOKING Heroism.
 17720 | Abyss:3  | 17720 ||| INVOKING Heroism.
 17727 | Abyss:3  | Noticed a tentacled starspawn
 17730 | D:15     | Escaped the Abyss
 17731 | D:15     | 17731 ||| INVOKING Finesse.
 17737 | D:15     | Reached skill level 15 in Armour
 17748 | D:15     | Killed Louise
 17778 | D:15     | 17778 ||| Stepping ~*~*~tactically~*~*~ (hiding).
 17805 | D:15     | 17805 ||| Stepping ~*~*~tactically~*~*~ (stealth).
 17820 | D:15     | 17820 ||| Stepping ~*~*~tactically~*~*~ (stealth).
 17824 | D:15     | 17824 ||| Stepping ~*~*~tactically~*~*~ (stealth).
 17829 | D:15     | 17829 ||| INVOKING Heroism.
 17832 | D:15     | 17832 ||| READING scroll of teleportation.
 17894 | D:15     | 17894 ||| Stepping ~*~*~tactically~*~*~ (stealth).
 17898 | D:15     | 17898 ||| Stepping ~*~*~tactically~*~*~ (stealth).
 17901 | D:15     | 17901 ||| Stepping ~*~*~tactically~*~*~ (stealth).
 17906 | D:15     | 17906 ||| INVOKING Heroism.
 17944 | D:15     | 17944 ||| Stepping ~*~*~tactically~*~*~ (hiding).
 18169 | D:15     | 18169 ||| Stepping ~*~*~tactically~*~*~ (hiding).
 18177 | D:15     | 18177 ||| INVOKING Heroism.
 18207 | D:15     | Found a staircase to the Depths.
 18221 | D:15     | 18221 ||| PLANNING ORC
 18221 | D:15     | 18221 ||| UPGRADING to +0 tower shield.
 18231 | D:15     | 18231 ||| DROPPING +1 kite shield "Haosowil" {Regen+
                  | Int+2}.
 18318 | Orc:1    | Entered Level 1 of the Orcish Mines
 18322 | Orc:1    | 18322 ||| INVOKING Heroism.
 18535 | Orc:2    | Entered Level 2 of the Orcish Mines
 18535 | Orc:2    | Found Baps's Weapon Shop.
 18536 | Orc:2    | 18536 ||| INVOKING Heroism.
 18537 | Orc:2    | Found a staircase to the Elven Halls.
 18543 | Orc:2    | 18543 ||| Stepping ~*~*~tactically~*~*~ (hiding).
 18544 | Orc:2    | 18544 ||| Stepping ~*~*~tactically~*~*~ (hiding).
 18545 | Orc:2    | 18545 ||| Stepping ~*~*~tactically~*~*~ (hiding).
 18578 | Orc:2    | Received a gift from Okawaru
 18596 | Orc:2    | 18596 ||| INVOKING Heroism.
 18598 | Orc:2    | 18598 ||| Stepping ~*~*~tactically~*~*~ (hiding).
 18756 | Orc:2    | 18756 ||| Stepping ~*~*~tactically~*~*~ (stealth).
 18765 | Orc:2    | 18765 ||| Stepping ~*~*~tactically~*~*~ (stealth).
 18767 | Orc:2    | 18767 ||| INVOKING Heroism.
 18768 | Orc:2    | 18768 ||| Stepping ~*~*~tactically~*~*~ (stealth).
 18774 | Orc:2    | Received a gift from Okawaru
 18797 | Orc:2    | Received a gift from Okawaru
 18804 | Orc:2    | 18804 ||| INVOKING Heroism.
 18816 | Orc:2    | 18816 ||| INVOKING Heroism.
 18821 | Orc:2    | Received a gift from Okawaru
 18856 | Orc:2    | 18856 ||| INVOKING Heroism.
 18864 | Orc:2    | Reached skill level 15 in Shields
 18869 | Orc:2    | Found Fitoy's Weapon Shoppe.
 18869 | Orc:2    | Found Qoune's Book Boutique.
 18869 | Orc:2    | Found Isoum Kurese's Antique Weapon Boutique.
 18869 | Orc:2    | Found Rirof's Book Emporium.
 18875 | Orc:2    | Received a gift from Okawaru
 18917 | Orc:2    | 18917 ||| INVOKING Heroism.
 19074 | Orc:1    | 19074 ||| INVOKING Heroism.
 19079 | Orc:1    | 19079 ||| Stepping ~*~*~tactically~*~*~ (hiding).
 19169 | Orc:1    | Found a runed translucent door.
 19196 | Orc:1    | Noticed prawnwizard's ghost (journeyman MfMo)
 19280 | Orc:1    | 19280 ||| INVOKING Heroism.
 19377 | Orc:1    | 19377 ||| INVOKING Heroism.
 19448 | Orc:1    | 19448 ||| PLANNING SPIDER:1-3
 19553 | Spider:1 | Entered Level 1 of the Spider Nest
 19554 | Spider:1 | 19554 ||| INVOKING Heroism.
 19781 | Spider:1 | 19781 ||| INVOKING Heroism.
 19792 | Spider:1 | 19792 ||| INVOKING Finesse.
 19833 | Spider:1 | 19833 ||| Stepping ~*~*~tactically~*~*~ (stealth).
 19838 | Spider:1 | 19838 ||| INVOKING Heroism.
 19897 | Spider:1 | Noticed Aizul
 19898 | Spider:1 | 19898 ||| INVOKING Heroism.
 19899 | Spider:1 | 19899 ||| INVOKING Finesse.
 19925 | Spider:1 | Killed Aizul
 20028 | Spider:1 | 20028 ||| INVOKING Heroism.
 20032 | Spider:1 | Reached XP level 17. HP: 106/106 MP: 21/24
 20045 | Spider:1 | 20045 ||| Stepping ~*~*~tactically~*~*~ (stealth).
 20185 | Spider:1 | 20185 ||| INVOKING Finesse.
 20256 | Spider:1 | 20256 ||| INVOKING Heroism.
 20344 | Spider:1 | 20344 ||| INVOKING Heroism.
 20350 | Spider:1 | Received a gift from Okawaru
 20350 | Spider:1 | Found the +8 mithril axe "Arga" {speed, Will+}
 20356 | Spider:1 | 20356 ||| SWAPPING to +8 mithril axe "Arga" {speed, Will+}.
 20496 | Spider:1 | Noticed Nikola
 20497 | Spider:1 | 20497 ||| INVOKING Heroism.
 20498 | Spider:1 | 20498 ||| INVOKING Finesse.
 20507 | Spider:1 | Killed Nikola
 20602 | Spider:1 | 20602 ||| READING scroll labelled YZUITTU DYECEI.
 20647 | Spider:2 | 20647 ||| Stepping ~*~*~tactically~*~*~ (hiding).
 20648 | Spider:2 | 20648 ||| Stepping ~*~*~tactically~*~*~ (stealth).
 20649 | Spider:2 | 20649 ||| INVOKING Heroism.
 20650 | Spider:2 | 20650 ||| INVOKING Finesse.
 20690 | Spider:2 | 20690 ||| STAIRDANCE
 20718 | Spider:2 | 20718 ||| STAIRDANCE
 20738 | Spider:2 | 20738 ||| Stepping ~*~*~tactically~*~*~ (stealth).
 20765 | Spider:2 | 20765 ||| Stepping ~*~*~tactically~*~*~ (stealth).
 20791 | Spider:2 | 20791 ||| Stepping ~*~*~tactically~*~*~ (stealth).
 20800 | Spider:2 | 20800 ||| Stepping ~*~*~tactically~*~*~ (stealth).
 20801 | Spider:2 | 20801 ||| Stepping ~*~*~tactically~*~*~ (stealth).
 20802 | Spider:2 | 20802 ||| Stepping ~*~*~tactically~*~*~ (stealth).
 20821 | Spider:2 | 20821 ||| READING scroll of enchant armour.
 20821 | Spider:2 | 20821 ||| ENCHANTING +10 crystal plate armour of
                  | ponderousness.
 20859 | Spider:2 | 20859 ||| Stepping ~*~*~tactically~*~*~ (stealth).
 20877 | Spider:2 | 20877 ||| INVOKING Heroism.
 20947 | Spider:2 | 20947 ||| Stepping ~*~*~tactically~*~*~ (stealth).
 20951 | Spider:2 | 20951 ||| Stepping ~*~*~tactically~*~*~ (stealth).
 20998 | Spider:2 | 20998 ||| Stepping ~*~*~tactically~*~*~ (stealth).
 21032 | Spider:2 | 21032 ||| Stepping ~*~*~tactically~*~*~ (stealth).
 21094 | Spider:2 | 21094 ||| Stepping ~*~*~tactically~*~*~ (stealth).
 21095 | Spider:2 | 21095 ||| Stepping ~*~*~tactically~*~*~ (stealth).
 21104 | Spider:2 | 21104 ||| Stepping ~*~*~tactically~*~*~ (stealth).
 21113 | Spider:2 | Received a gift from Okawaru
 21114 | Spider:2 | 21114 ||| Stepping ~*~*~tactically~*~*~ (stealth).
 21115 | Spider:2 | 21115 ||| Stepping ~*~*~tactically~*~*~ (stealth).
 21119 | Spider:2 | 21119 ||| Stepping ~*~*~tactically~*~*~ (stealth).
 21120 | Spider:2 | 21120 ||| Stepping ~*~*~tactically~*~*~ (stealth).
 21132 | Spider:2 | 21132 ||| Stepping ~*~*~tactically~*~*~ (stealth).
 21133 | Spider:2 | 21133 ||| Stepping ~*~*~tactically~*~*~ (stealth).
 21136 | Spider:2 | 21136 ||| INVOKING Finesse.
 21239 | Spider:2 | 21239 ||| Stepping ~*~*~tactically~*~*~ (stealth).
 21300 | Spider:2 | 21300 ||| Stepping ~*~*~tactically~*~*~ (stealth).
 21415 | Spider:2 | 21415 ||| Stepping ~*~*~tactically~*~*~ (stealth).
 21457 | Spider:2 | Noticed Arachne
 21471 | Spider:2 | 21471 ||| Stepping ~*~*~tactically~*~*~ (hiding).
 21501 | Spider:2 | Killed Arachne
 21552 | Spider:2 | 21552 ||| Stepping ~*~*~tactically~*~*~ (stealth).
 21555 | Spider:2 | 21555 ||| Stepping ~*~*~tactically~*~*~ (stealth).
 21564 | Spider:2 | 21564 ||| Stepping ~*~*~tactically~*~*~ (stealth).
 21568 | Spider:2 | 21568 ||| Stepping ~*~*~tactically~*~*~ (stealth).
 21592 | Spider:2 | 21592 ||| FLEEEEING.
 21594 | Spider:2 | 21594 ||| Stepping ~*~*~tactically~*~*~ (stealth).
 21596 | Spider:2 | 21596 ||| Stepping ~*~*~tactically~*~*~ (stealth).
 21599 | Spider:2 | 21599 ||| DRINKING 15 potions of curing.
 21599 | Spider:2 | 21599 ||| (to cure confusion)
 21600 | Spider:2 | 21600 ||| INVOKING Heroism.
 21710 | Spider:2 | 21710 ||| READING 10 scrolls of identify.
 21710 | Spider:2 | 21710 ||| IDENTIFYING clear potion
 21711 | Spider:2 | 21711 ||| DROPPING potion of brilliance.
 21741 | Spider:3 | 21741 ||| INVOKING Heroism.
 21769 | Spider:3 | Identified the +7 broad axe of the Ego {vorpal, +Blink
                  | rElec Will- Dex+2} (Okawaru gifted it to you on level 3 of
                  | the Spider Nest)
 21769 | Spider:3 | Received a gift from Okawaru
 21773 | Spider:3 | HP: 14/107 [broodmother (23)]
 21774 | Spider:3 | 21774 ||| DRINKING 6 potions of heal wounds.
 21870 | Spider:3 | 21870 ||| INVOKING Heroism.
 21915 | Spider:3 | 21915 ||| Stepping ~*~*~tactically~*~*~ (stealth).
 21960 | Spider:3 | 21960 ||| Stepping ~*~*~tactically~*~*~ (hiding).
 21962 | Spider:3 | 21962 ||| INVOKING Finesse.
 21977 | Spider:3 | 21977 ||| Stepping ~*~*~tactically~*~*~ (stealth).
 21990 | Spider:3 | 21990 ||| INVOKING Heroism.
 21995 | Spider:3 | 21995 ||| Stepping ~*~*~tactically~*~*~ (hiding).
 21999 | Spider:3 | 21999 ||| INVOKING Finesse.
 22109 | Spider:3 | 22109 ||| INVOKING Heroism.
 22154 | Spider:3 | 22154 ||| Stepping ~*~*~tactically~*~*~ (stealth).
 22155 | Spider:3 | 22155 ||| Stepping ~*~*~tactically~*~*~ (stealth).
 22172 | Spider:3 | 22172 ||| Stepping ~*~*~tactically~*~*~ (stealth).
 22357 | Spider:3 | 22357 ||| Stepping ~*~*~tactically~*~*~ (stealth).
 22361 | Spider:3 | 22361 ||| INVOKING Finesse.
 22452 | Spider:3 | 22452 ||| INVOKING Heroism.
 22454 | Spider:3 | 22454 ||| INVOKING Finesse.
 22630 | Spider:3 | Noticed Donald
 22631 | Spider:3 | 22631 ||| INVOKING Heroism.
 22643 | Spider:3 | Killed Donald
 22644 | Spider:3 | Reached XP level 18. HP: 102/114 MP: 23/25
 22654 | Spider:3 | 22654 ||| DROPPING +6 broad axe of the Mauling Rat {flame,
                  | SInv}.
 22675 | Spider:3 | 22675 ||| Stepping ~*~*~tactically~*~*~ (hiding).
 22759 | Spider:3 | 22759 ||| INVOKING Heroism.
 23185 | Spider:3 | 23185 ||| PLANNING SHOALS:1-3
 23185 | Spider:3 | 23185 ||| DROPPING silver boomerang.
 23186 | Spider:3 | 23186 ||| DROPPING 12 boomerangs.
 23325 | Shoals:1 | Entered Level 1 of the Shoals
 23364 | Shoals:1 | 23364 ||| INVOKING Heroism.
 23401 | Shoals:1 | 23401 ||| Stepping ~*~*~tactically~*~*~ (hiding).
 23425 | Shoals:1 | 23425 ||| Stepping ~*~*~tactically~*~*~ (hiding).
 23436 | Shoals:1 | 23436 ||| Stepping ~*~*~tactically~*~*~ (hiding).
 23441 | Shoals:1 | 23441 ||| INVOKING Heroism.
 23446 | Shoals:1 | Reached skill level 3 in Dodging
 23562 | Shoals:1 | Received a gift from Okawaru
 23622 | Shoals:1 | 23622 ||| INVOKING Heroism.
 23623 | Shoals:1 | 23623 ||| INVOKING Finesse.
 23624 | Shoals:1 | 23624 ||| INVOKING Finesse.
 23816 | Shoals:1 | 23816 ||| Stepping ~*~*~tactically~*~*~ (stealth).
 23821 | Shoals:1 | 23821 ||| Stepping ~*~*~tactically~*~*~ (stealth).
 23827 | Shoals:1 | 23827 ||| INVOKING Heroism.
 23922 | Shoals:1 | 23922 ||| Stepping ~*~*~tactically~*~*~ (hiding).
 23927 | Shoals:1 | 23927 ||| INVOKING Heroism.
 24229 | Shoals:2 | Noticed Polyphemus
 24229 | Shoals:2 | Found Temythreole's Distillery.
 24230 | Shoals:2 | 24230 ||| INVOKING Heroism.
 24231 | Shoals:2 | 24231 ||| STAIRDANCE
 24242 | Shoals:2 | 24242 ||| STAIRDANCE
 24255 | Shoals:1 | Received a gift from Okawaru
 24262 | Shoals:2 | 24262 ||| STAIRDANCE
 24272 | Shoals:2 | 24272 ||| INVOKING Finesse.
 24301 | Shoals:2 | Killed Polyphemus
 24335 | Shoals:2 | 24335 ||| BUYING potion of attraction (39 gold).
 24335 | Shoals:2 | Bought a potion of attraction for 39 gold pieces
 24335 | Shoals:2 | 24335 ||| BUYING potion of attraction (39 gold).
 24335 | Shoals:2 | Bought a potion of attraction for 39 gold pieces
 24335 | Shoals:2 | 24335 ||| BUYING potion of cancellation (104 gold).
 24335 | Shoals:2 | Bought a potion of cancellation for 104 gold pieces
 24335 | Shoals:2 | 24335 ||| BUYING potion of haste (130 gold).
 24335 | Shoals:2 | Bought a potion of haste for 130 gold pieces
 24335 | Shoals:2 | 24335 ||| BUYING potion of haste (130 gold).
 24335 | Shoals:2 | Bought a potion of haste for 130 gold pieces
 24335 | Shoals:2 | 24335 ||| BUYING potion of heal wounds (65 gold).
 24335 | Shoals:2 | Bought a potion of heal wounds for 65 gold pieces
 24335 | Shoals:2 | 24335 ||| BUYING potion of lignification (39 gold).
 24335 | Shoals:2 | Bought a potion of lignification for 39 gold pieces
 24429 | Shoals:2 | 24429 ||| INVOKING Heroism.
 24430 | Shoals:2 | 24430 ||| INVOKING Finesse.
 24528 | Shoals:2 | 24528 ||| INVOKING Heroism.
 24624 | Shoals:2 | Found Talivonk's Armour Boutique.
 24635 | Shoals:2 | 24635 ||| BUYING -1 pair of gloves "Qodix" {rF+ Str+4} (394
                  | gold).
 24635 | Shoals:2 | Bought the -1 pair of gloves "Qodix" {rF+ Str+4} for 394
                  | gold pieces
 24699 | Shoals:2 | 24699 ||| INVOKING Heroism.
 24709 | Shoals:2 | Received a gift from Okawaru
 24795 | Shoals:2 | Found Ifoz's General Store.
 24810 | Shoals:2 | Reached skill level 18 in Axes
 24819 | Shoals:2 | 24819 ||| INVOKING Heroism.
 24873 | Shoals:2 | 24873 ||| BUYING potion of magic (88 gold).
 24873 | Shoals:2 | Bought a potion of magic for 88 gold pieces
 24910 | Shoals:2 | Found Tokhoq Bua's Magic Scroll Boutique.
 24919 | Shoals:2 | 24919 ||| BUYING scroll of enchant weapon (127 gold).
 24919 | Shoals:2 | Bought a scroll of enchant weapon for 127 gold pieces
 24919 | Shoals:2 | 24919 ||| BUYING scroll of teleportation (51 gold).
 24919 | Shoals:2 | Bought a scroll of teleportation for 51 gold pieces
 24919 | Shoals:2 | 24919 ||| BUYING scroll of teleportation (51 gold).
 24919 | Shoals:2 | Bought a scroll of teleportation for 51 gold pieces
 24939 | Shoals:2 | Received a gift from Okawaru
 24961 | Shoals:2 | 24961 ||| INVOKING Heroism.
 24976 | Shoals:2 | Found Qouso's General Store.
 25231 | Shoals:2 | 25231 ||| UPGRADING to -1 pair of gloves "Qodix" {rF+
                  | Str+4}.
 25241 | Shoals:2 | 25241 ||| DROPPING amulet of guardian spirit.
 25320 | Shoals:3 | 25320 ||| INVOKING Heroism.
 25321 | Shoals:3 | 25321 ||| INVOKING Finesse.
 25400 | Shoals:3 | 25400 ||| READING scroll of enchant armour.
 25400 | Shoals:3 | 25400 ||| ENCHANTING +11 crystal plate armour of
                  | ponderousness.
 25416 | Shoals:3 | 25416 ||| INVOKING Heroism.
 25460 | Shoals:3 | 25460 ||| INVOKING Heroism.
 25787 | Shoals:3 | Found a runed translucent gate.
 25787 | Shoals:3 | Found a runed translucent gate.
 25787 | Shoals:3 | Found a runed translucent gate.
 25792 | Shoals:3 | Noticed Lyfunof's ghost (adept DrFE)
 25905 | Shoals:3 | 25905 ||| INVOKING Heroism.
 25933 | Shoals:3 | Identified the ring of Equivalence {*Corrode rF+ Int+6
                  | Stlth+}
 26011 | Shoals:3 | 26011 ||| PLANNING SPIDER:4
 26011 | Shoals:3 | 26011 ||| UPGRADING to amulet of reflection.
 26021 | Shoals:3 | 26021 ||| DROPPING amulet of regeneration.
 26184 | Spider:4 | Entered Level 4 of the Spider Nest
 26221 | Spider:4 | 26221 ||| Stepping ~*~*~tactically~*~*~ (stealth).
 26223 | Spider:4 | 26223 ||| Stepping ~*~*~tactically~*~*~ (stealth).
 26227 | Spider:4 | 26227 ||| Stepping ~*~*~tactically~*~*~ (stealth).
 26245 | Spider:4 | Received a gift from Okawaru
 26260 | Spider:4 | Noticed Agnes
 26261 | Spider:4 | 26261 ||| INVOKING Heroism.
 26270 | Spider:4 | Killed Agnes
 26345 | Spider:4 | 26345 ||| INVOKING Heroism.
 26347 | Spider:4 | 26347 ||| Stepping ~*~*~tactically~*~*~ (stealth).
 26348 | Spider:4 | 26348 ||| Stepping ~*~*~tactically~*~*~ (stealth).
 26402 | Spider:4 | 26402 ||| Stepping ~*~*~tactically~*~*~ (stealth).
 26406 | Spider:4 | 26406 ||| Stepping ~*~*~tactically~*~*~ (stealth).
 26431 | Spider:4 | 26431 ||| Stepping ~*~*~tactically~*~*~ (stealth).
 26432 | Spider:4 | 26432 ||| INVOKING Heroism.
 26536 | Spider:4 | 26536 ||| INVOKING Heroism.
 26554 | Spider:4 | 26554 ||| Stepping ~*~*~tactically~*~*~ (stealth).
 26555 | Spider:4 | 26555 ||| Stepping ~*~*~tactically~*~*~ (stealth).
 26556 | Spider:4 | 26556 ||| Stepping ~*~*~tactically~*~*~ (stealth).
 26600 | Spider:4 | 26600 ||| INVOKING Heroism.
 26648 | Spider:4 | Received a gift from Okawaru
 26667 | Spider:4 | HP: 21/116 [disintegration (37)]
 26668 | Spider:4 | 26668 ||| READING 5 scrolls of teleportation.
 26669 | Spider:4 | 26669 ||| DRINKING 7 potions of heal wounds.
 26680 | Spider:4 | HP: 22/116 [something (8)]
 26681 | Spider:4 | 26681 ||| READING 4 scrolls of teleportation.
 26682 | Spider:4 | 26682 ||| DRINKING 6 potions of heal wounds.
 26713 | Spider:4 | 26713 ||| INVOKING Heroism.
 26715 | Spider:4 | 26715 ||| FLEEEEING.
 26716 | Spider:4 | 26716 ||| FLEEEEING.
 26726 | Spider:4 | 26726 ||| FLEEEEING.
 26727 | Spider:4 | 26727 ||| FLEEEEING.
 26728 | Spider:4 | 26728 ||| FLEEEEING.
 26730 | Spider:4 | HP: 28/116 [something (11)]
 26737 | Spider:4 | HP: 27/116 [something (2)]
 26746 | Spider:4 | 26746 ||| FLEEEEING.
 26747 | Spider:4 | 26747 ||| DRINKING 5 potions of heal wounds.
 26820 | Spider:4 | 26820 ||| Stepping ~*~*~tactically~*~*~ (stealth).
 26821 | Spider:4 | 26821 ||| INVOKING Heroism.
 26834 | Spider:4 | Reached XP level 19. HP: 75/121 MP: 1/26
 27027 | Spider:4 | Got a gossamer rune of Zot
 27117 | Spider:4 | 27117 ||| INVOKING Heroism.
 27126 | Spider:4 | Reached skill level 18 in Shields
 27211 | Spider:4 | 27211 ||| Stepping ~*~*~tactically~*~*~ (stealth).
 27215 | Spider:4 | 27215 ||| INVOKING Heroism.
 27337 | Spider:4 | 27337 ||| Stepping ~*~*~tactically~*~*~ (hiding).
 27343 | Spider:4 | 27343 ||| INVOKING Heroism.
 27347 | Spider:4 | 27347 ||| INVOKING Finesse.
 27432 | Spider:4 | 27432 ||| Stepping ~*~*~tactically~*~*~ (hiding).
 27491 | Spider:4 | 27491 ||| Stepping ~*~*~tactically~*~*~ (stealth).
 27493 | Spider:4 | 27493 ||| INVOKING Heroism.
 27561 | Spider:4 | 27561 ||| PLANNING VAULTS:1-4
 27561 | Spider:4 | 27561 ||| DROPPING scarf of invisibility.
 27562 | Spider:4 | 27562 ||| UPGRADING to ring of willpower.
 27753 | Vaults:1 | Entered Level 1 of the Vaults
 27754 | Vaults:1 | 27754 ||| INVOKING Heroism.
 27838 | Vaults:1 | 27838 ||| Stepping ~*~*~tactically~*~*~ (stealth).
 28059 | Vaults:1 | 28059 ||| INVOKING Heroism.
 28108 | Vaults:1 | Reached skill level 18 in Armour
 28108 | Vaults:1 | 28108 ||| INVOKING Finesse.
 28124 | Vaults:1 | Received a gift from Okawaru
 28136 | Vaults:1 | 28136 ||| Stepping ~*~*~tactically~*~*~ (hiding).
 28148 | Vaults:1 | 28148 ||| Stepping ~*~*~tactically~*~*~ (stealth).
 28217 | Vaults:1 | 28217 ||| Stepping ~*~*~tactically~*~*~ (hiding).
 28220 | Vaults:1 | 28220 ||| INVOKING Heroism.
 28222 | Vaults:1 | 28222 ||| INVOKING Finesse.
 28243 | Vaults:1 | 28243 ||| Stepping ~*~*~tactically~*~*~ (stealth).
 28300 | Vaults:1 | 28300 ||| INVOKING Heroism.
 28301 | Vaults:1 | 28301 ||| INVOKING Finesse.
 28325 | Vaults:1 | Reached skill level 15 in Fighting
 28417 | Vaults:1 | Found Pauwk's Distillery.
 28423 | Vaults:1 | 28423 ||| BUYING potion of curing (54 gold).
 28423 | Vaults:1 | Bought a potion of curing for 54 gold pieces
 28423 | Vaults:1 | 28423 ||| BUYING potion of curing (54 gold).
 28423 | Vaults:1 | Bought a potion of curing for 54 gold pieces
 28423 | Vaults:1 | 28423 ||| BUYING potion of curing (54 gold).
 28423 | Vaults:1 | Bought a potion of curing for 54 gold pieces
 28423 | Vaults:1 | 28423 ||| BUYING potion of haste (180 gold).
 28423 | Vaults:1 | Bought a potion of haste for 180 gold pieces
 28423 | Vaults:1 | 28423 ||| BUYING potion of heal wounds (90 gold).
 28423 | Vaults:1 | Bought a potion of heal wounds for 90 gold pieces
 28423 | Vaults:1 | 28423 ||| BUYING potion of might (72 gold).
 28423 | Vaults:1 | Bought a potion of might for 72 gold pieces
 28423 | Vaults:1 | 28423 ||| BUYING potion of might (72 gold).
 28423 | Vaults:1 | Bought a potion of might for 72 gold pieces
 28423 | Vaults:1 | 28423 ||| BUYING potion of mutation (144 gold).
 28423 | Vaults:1 | Bought a potion of mutation for 144 gold pieces
 28454 | Vaults:1 | 28454 ||| INVOKING Heroism.
 28498 | Vaults:1 | 28498 ||| INVOKING Heroism.
 28515 | Vaults:1 | HP: 30/124 [deep troll[an ironbound preserver] (7)]
 28516 | Vaults:1 | 28516 ||| READING 3 scrolls of teleportation.
 28517 | Vaults:1 | 28517 ||| DRINKING 5 potions of heal wounds.
 28538 | Vaults:1 | Received a gift from Okawaru
 28539 | Vaults:1 | HP: 27/124 [dire elephant (21)]
 28540 | Vaults:1 | 28540 ||| READING 2 scrolls of teleportation.
 28541 | Vaults:1 | 28541 ||| DRINKING 4 potions of heal wounds.
 28542 | Vaults:1 | 28542 ||| DRINKING 3 potions of heal wounds.
 28718 | Vaults:1 | 28718 ||| Stepping ~*~*~tactically~*~*~ (stealth).
 28723 | Vaults:1 | 28723 ||| Stepping ~*~*~tactically~*~*~ (stealth).
 28724 | Vaults:1 | 28724 ||| Stepping ~*~*~tactically~*~*~ (stealth).
 28975 | Vaults:1 | 28975 ||| Stepping ~*~*~tactically~*~*~ (stealth).
 29125 | Vaults:1 | Identified the ring "Kuw Laf" {+Blink rN+ MP+9}
 29162 | Vaults:1 | 29162 ||| Stepping ~*~*~tactically~*~*~ (hiding).
 29169 | Vaults:1 | 29169 ||| INVOKING Heroism.
 29368 | Vaults:1 | 29368 ||| INVOKING Heroism.
 29630 | Vaults:1 | 29630 ||| INVOKING Heroism.
 29631 | Vaults:1 | 29631 ||| INVOKING Finesse.
 29773 | Vaults:1 | 29773 ||| DROPPING ring of positive energy.
 29828 | Vaults:2 | 29828 ||| INVOKING Heroism.
 29847 | Vaults:2 | 29847 ||| Stepping ~*~*~tactically~*~*~ (stealth).
 29849 | Vaults:2 | 29849 ||| INVOKING Heroism.
 29854 | Vaults:2 | 29854 ||| Stepping ~*~*~tactically~*~*~ (stealth).
 29869 | Vaults:2 | Reached XP level 20. HP: 130/130 MP: 27/27
 30069 | Vaults:2 | Found a staircase to the Crypt.
 30069 | Vaults:2 | Found an ancient bone altar of Kikubaaqudgha.
 30070 | Vaults:2 | Found a basalt altar of Yredelemnul.
 30147 | Vaults:2 | 30147 ||| INVOKING Heroism.
 30213 | Vaults:2 | Received a gift from Okawaru
 30283 | Vaults:2 | 30283 ||| Stepping ~*~*~tactically~*~*~ (hiding).
 30328 | Vaults:2 | Received a gift from Okawaru
 30357 | Vaults:2 | 30357 ||| INVOKING Heroism.
 30565 | Vaults:2 | 30565 ||| Stepping ~*~*~tactically~*~*~ (stealth).
 30567 | Vaults:2 | 30567 ||| Stepping ~*~*~tactically~*~*~ (stealth).
 30569 | Vaults:2 | 30569 ||| Stepping ~*~*~tactically~*~*~ (stealth).
 30578 | Vaults:2 | 30578 ||| INVOKING Heroism.
 30579 | Vaults:2 | 30579 ||| Stepping ~*~*~tactically~*~*~ (stealth).
 30589 | Vaults:2 | Received a gift from Okawaru
 30679 | Vaults:2 | 30679 ||| Stepping ~*~*~tactically~*~*~ (stealth).
 30682 | Vaults:2 | 30682 ||| Stepping ~*~*~tactically~*~*~ (hiding).
 30683 | Vaults:2 | 30683 ||| INVOKING Heroism.
 30694 | Vaults:2 | Received a gift from Okawaru
 30725 | Vaults:2 | 30725 ||| INVOKING Heroism.
 30800 | Vaults:2 | 30800 ||| Stepping ~*~*~tactically~*~*~ (stealth).
 30802 | Vaults:2 | 30802 ||| Stepping ~*~*~tactically~*~*~ (stealth).
 30920 | Vaults:2 | Found Coaby's Magic Scroll Emporium.
 30926 | Vaults:2 | 30926 ||| BUYING scroll of brand weapon (190 gold).
 30926 | Vaults:2 | Bought a scroll of brand weapon for 190 gold pieces
 30926 | Vaults:2 | 30926 ||| BUYING scroll of enchant armour (150 gold).
 30926 | Vaults:2 | Bought a scroll of enchant armour for 150 gold pieces
 30926 | Vaults:2 | 30926 ||| READING scroll of enchant armour.
 30926 | Vaults:2 | 30926 ||| ENCHANTING +12 crystal plate armour of
                  | ponderousness.
 30930 | Vaults:2 | 30930 ||| INVOKING Heroism.
 31010 | Vaults:2 | Identified the +12 hand axe "Imp's Death" {speed, Dex+6}
 31020 | Vaults:2 | Reached skill level 9 in Throwing
 31234 | Vaults:2 | 31234 ||| Stepping ~*~*~tactically~*~*~ (hiding).
 31316 | Vaults:2 | 31316 ||| DROPPING scarf of harm.
 31317 | Vaults:2 | 31317 ||| DROPPING ring "Kuw Laf" {+Blink rN+ MP+9}.
 31318 | Vaults:2 | 31318 ||| UPGRADING to +6 ring of strength.
 31320 | Vaults:2 | 31320 ||| DROPPING ring of willpower.
 31349 | Vaults:3 | 31349 ||| STAIRDANCE
 31438 | Vaults:3 | 31438 ||| STAIRDANCE
 31445 | Vaults:3 | 31445 ||| STAIRDANCE
 31485 | Vaults:3 | 31485 ||| INVOKING Heroism.
 31491 | Vaults:3 | 31491 ||| Stepping ~*~*~tactically~*~*~ (hiding).
 31492 | Vaults:3 | 31492 ||| Stepping ~*~*~tactically~*~*~ (hiding).
 31493 | Vaults:3 | 31493 ||| Stepping ~*~*~tactically~*~*~ (hiding).
 31494 | Vaults:3 | 31494 ||| Stepping ~*~*~tactically~*~*~ (hiding).
 31495 | Vaults:3 | 31495 ||| Stepping ~*~*~tactically~*~*~ (hiding).
 31502 | Vaults:3 | Reached ****** piety under Okawaru
 31529 | Vaults:3 | Received a gift from Okawaru
 31587 | Vaults:3 | 31587 ||| INVOKING Heroism.
 31588 | Vaults:3 | Identified the ring of Mysixt {rF+ rN+ Int-3 Dex+3}
 31589 | Vaults:3 | Noticed an ancient lich
 31589 | Vaults:3 | 31589 ||| INVOKING Finesse.
 31601 | Vaults:3 | 31601 ||| Stepping ~*~*~tactically~*~*~ (hiding).
 31603 | Vaults:3 | 31603 ||| Stepping ~*~*~tactically~*~*~ (hiding).
 31604 | Vaults:3 | 31604 ||| Stepping ~*~*~tactically~*~*~ (hiding).
 31632 | Vaults:3 | Found the +9 heavy crossbow "Sniper" {vorpal, Acc+โˆž SInv}
 31656 | Vaults:3 | Killed an ancient lich
 31722 | Vaults:3 | 31722 ||| READING 2 scrolls of teleportation.
 31836 | Vaults:3 | 31836 ||| INVOKING Heroism.
 31927 | Vaults:3 | 31927 ||| INVOKING Heroism.
 31940 | Vaults:3 | Reached XP level 21. HP: 128/139 MP: 26/28
 32023 | Vaults:3 | 32023 ||| INVOKING Heroism.
 32024 | Vaults:3 | 32024 ||| Stepping ~*~*~tactically~*~*~ (stealth).
 32083 | Vaults:3 | 32083 ||| INVOKING Heroism.
 32152 | Vaults:3 | 32152 ||| Stepping ~*~*~tactically~*~*~ (hiding).
 32154 | Vaults:3 | 32154 ||| Stepping ~*~*~tactically~*~*~ (hiding).
 32155 | Vaults:3 | 32155 ||| INVOKING Heroism.
 32212 | Vaults:3 | 32212 ||| READING scroll of teleportation.
 32215 | Vaults:3 | 32215 ||| INVOKING Heroism.
 32227 | Vaults:3 | Found a runed translucent gate.
 32228 | Vaults:3 | Found a runed translucent gate.
 32229 | Vaults:3 | Found a runed translucent gate.
 32230 | Vaults:3 | Noticed Lukheov's ghost (veteran DrWn)
 32240 | Vaults:3 | 32240 ||| Stepping ~*~*~tactically~*~*~ (stealth).
 32241 | Vaults:3 | 32241 ||| Stepping ~*~*~tactically~*~*~ (stealth).
 32273 | Vaults:3 | 32273 ||| DROPPING ring of fire.
 32274 | Vaults:3 | 32274 ||| Stepping randomly (stuck).
 32275 | Vaults:3 | 32275 ||| Stepping randomly (stuck).
 32276 | Vaults:3 | 32276 ||| Stepping randomly (stuck).
 32277 | Vaults:3 | 32277 ||| Stepping randomly (stuck).
 32300 | Vaults:3 | 32300 ||| INVOKING Heroism.
 32479 | Vaults:3 | 32479 ||| Stepping ~*~*~tactically~*~*~ (stealth).
 32481 | Vaults:3 | 32481 ||| Stepping ~*~*~tactically~*~*~ (hiding).
 32483 | Vaults:3 | 32483 ||| FLEEEEING.
 32484 | Vaults:3 | 32484 ||| FLEEEEING.
 32485 | Vaults:3 | 32485 ||| FLEEEEING.
 32486 | Vaults:3 | 32486 ||| INVOKING Heroism.
 32580 | Vaults:3 | Paralysed by a great orb of eyes for 4 turns
 32615 | Vaults:3 | 32615 ||| Stepping ~*~*~tactically~*~*~ (stealth).
 32625 | Vaults:3 | Noticed Xtahua
 32626 | Vaults:3 | 32626 ||| DRINKING 2 potions of resistance.
 32630 | Vaults:3 | 32630 ||| Stepping ~*~*~tactically~*~*~ (hiding).
 32645 | Vaults:3 | Killed Xtahua
 32864 | Vaults:3 | Noticed Asterion
 32865 | Vaults:3 | 32865 ||| INVOKING Heroism.
 32866 | Vaults:3 | 32866 ||| INVOKING Finesse.
 32891 | Vaults:3 | Killed Asterion
 32980 | Vaults:3 | 32980 ||| INVOKING Heroism.
 32983 | Vaults:3 | 32983 ||| Stepping ~*~*~tactically~*~*~ (cloud).
 33411 | Vaults:4 | 33411 ||| STAIRDANCE
 33419 | Vaults:3 | Reached skill level 18 in Fighting
 33508 | Vaults:4 | 33508 ||| Stepping ~*~*~tactically~*~*~ (hiding).
 33509 | Vaults:4 | 33509 ||| Stepping ~*~*~tactically~*~*~ (hiding).
 33687 | Vaults:4 | 33687 ||| INVOKING Heroism.
 33688 | Vaults:4 | 33688 ||| Stepping ~*~*~tactically~*~*~ (stealth).
 33705 | Vaults:4 | Received a gift from Okawaru
 33771 | Vaults:4 | 33771 ||| INVOKING Heroism.
 33784 | Vaults:4 | Received a gift from Okawaru
 33847 | Vaults:4 | 33847 ||| Stepping ~*~*~tactically~*~*~ (hiding).
 33848 | Vaults:4 | 33848 ||| Stepping ~*~*~tactically~*~*~ (hiding).
 33891 | Vaults:4 | 33891 ||| Stepping ~*~*~tactically~*~*~ (stealth).
 33895 | Vaults:4 | 33895 ||| Stepping ~*~*~tactically~*~*~ (stealth).
 33899 | Vaults:4 | Identified the +1 ring mail "Jurod" {Str-3 Dex+3 SInv}
                  | (Okawaru gifted it to you on level 4 of the Vaults)
 33899 | Vaults:4 | Received a gift from Okawaru
 33901 | Vaults:4 | 33901 ||| Stepping ~*~*~tactically~*~*~ (stealth).
 33903 | Vaults:4 | 33903 ||| Stepping ~*~*~tactically~*~*~ (hiding).
 33926 | Vaults:4 | 33926 ||| Stepping ~*~*~tactically~*~*~ (stealth).
 33927 | Vaults:4 | 33927 ||| Stepping ~*~*~tactically~*~*~ (hiding).
 33930 | Vaults:4 | 33930 ||| Stepping ~*~*~tactically~*~*~ (hiding).
 34029 | Vaults:4 | 34029 ||| Stepping ~*~*~tactically~*~*~ (stealth).
 34061 | Vaults:4 | 34061 ||| Stepping ~*~*~tactically~*~*~ (hiding).
 34104 | Vaults:4 | 34104 ||| Stepping ~*~*~tactically~*~*~ (hiding).
 34141 | Vaults:4 | 34141 ||| Stepping ~*~*~tactically~*~*~ (stealth).
 34143 | Vaults:4 | 34143 ||| Stepping ~*~*~tactically~*~*~ (stealth).
 34172 | Vaults:4 | 34172 ||| Stepping ~*~*~tactically~*~*~ (hiding).
 34177 | Vaults:4 | 34177 ||| Stepping ~*~*~tactically~*~*~ (hiding).
 34181 | Vaults:4 | 34181 ||| INVOKING Heroism.
 34237 | Vaults:4 | 34237 ||| Stepping ~*~*~tactically~*~*~ (stealth).
 34239 | Vaults:4 | 34239 ||| Stepping ~*~*~tactically~*~*~ (stealth).
 34274 | Vaults:4 | 34274 ||| Stepping ~*~*~tactically~*~*~ (hiding).
 34644 | Vaults:4 | 34644 ||| Stepping ~*~*~tactically~*~*~ (stealth).
 34646 | Vaults:4 | 34646 ||| Stepping ~*~*~tactically~*~*~ (hiding).
 34650 | Vaults:4 | 34650 ||| INVOKING Heroism.
 34674 | Vaults:4 | Reached skill level 21 in Armour
 34771 | Vaults:4 | 34771 ||| Stepping ~*~*~tactically~*~*~ (hiding).
 34793 | Vaults:4 | 34793 ||| Stepping ~*~*~tactically~*~*~ (stealth).
 34804 | Vaults:4 | 34804 ||| Stepping ~*~*~tactically~*~*~ (stealth).
 35210 | Vaults:4 | 35210 ||| PLANNING SHOALS:4
 35210 | Vaults:4 | 35210 ||| DROPPING +1 pair of gloves of stealth.
 35490 | Shoals:4 | Entered Level 4 of the Shoals
 35491 | Shoals:4 | 35491 ||| INVOKING Heroism.
 35492 | Shoals:4 | 35492 ||| INVOKING Finesse.
 35493 | Shoals:4 | 35493 ||| STAIRDANCE
 35621 | Shoals:4 | 35621 ||| INVOKING Heroism.
 35687 | Shoals:4 | 35687 ||| INVOKING Finesse.
 35716 | Shoals:4 | 35716 ||| INVOKING Heroism.
 35821 | Shoals:4 | 35821 ||| FLEEEEING.
 35822 | Shoals:4 | 35822 ||| FLEEEEING.
 35823 | Shoals:4 | 35823 ||| FLEEEEING.
 35824 | Shoals:4 | 35824 ||| FLEEEEING.
 35825 | Shoals:4 | 35825 ||| FLEEEEING.
 35826 | Shoals:4 | 35826 ||| FLEEEEING.
 35827 | Shoals:4 | 35827 ||| FLEEEEING.
 35828 | Shoals:4 | 35828 ||| FLEEEEING.
 35991 | Shoals:4 | Identified the +6 pearl dragon scales of Zin's Indignation
                  | {rF+ rN+}
 36027 | Shoals:4 | Got a barnacled rune of Zot
 36030 | Shoals:4 | 36030 ||| Stepping ~*~*~tactically~*~*~ (stealth).
 36053 | Shoals:4 | 36053 ||| INVOKING Heroism.
 36054 | Shoals:4 | 36054 ||| INVOKING Finesse.
 36061 | Shoals:4 | 36061 ||| Stepping ~*~*~tactically~*~*~ (hiding).
 36075 | Shoals:4 | Reached XP level 22. HP: 136/147 MP: 24/29
 36114 | Shoals:4 | 36114 ||| INVOKING Heroism.
 36115 | Shoals:4 | 36115 ||| INVOKING Finesse.
 36501 | Shoals:4 | 36501 ||| INVOKING Heroism.
 36565 | Shoals:4 | 36565 ||| INVOKING Heroism.
 36593 | Shoals:4 | 36593 ||| Stepping ~*~*~tactically~*~*~ (hiding).
 36939 | Shoals:4 | 36939 ||| PLANNING DEPTHS
 37165 | Depths:1 | Entered Level 1 of the Depths
 37207 | Depths:1 | Noticed Bai Suzhen
 37212 | Depths:1 | 37212 ||| READING scroll of teleportation.
 37217 | Depths:1 | Found a broken altar of Ashenzari.
 37232 | Depths:1 | Found a one-way gate leading to the halls of Pandemonium.
 37233 | Depths:1 | 37233 ||| INVOKING Heroism.
 37261 | Depths:1 | Received a gift from Okawaru
 37263 | Depths:1 | 37263 ||| Stepping ~*~*~tactically~*~*~ (hiding).
 37288 | Depths:1 | 37288 ||| Stepping ~*~*~tactically~*~*~ (hiding).
 37305 | Depths:1 | 37305 ||| Stepping ~*~*~tactically~*~*~ (hiding).
 37371 | Depths:2 | 37371 ||| PLANNING WIZLAB
 37486 | Depths:2 | Found a gateway to Hell.
 37506 | Depths:2 | 37506 ||| Stepping randomly (stuck).
 37508 | Depths:2 | 37508 ||| Stepping randomly (stuck).
 37509 | Depths:2 | 37509 ||| Stepping randomly (stuck).
 37511 | Depths:2 | 37511 ||| INVOKING Heroism.
 37522 | Depths:2 | Received a gift from Okawaru
 37569 | Depths:2 | 37569 ||| INVOKING Finesse.
 37585 | Depths:2 | 37585 ||| Stepping ~*~*~tactically~*~*~ (stealth).
 37586 | Depths:2 | 37586 ||| Stepping ~*~*~tactically~*~*~ (stealth).
 37659 | Depths:2 | 37659 ||| INVOKING Heroism.
 37662 | Depths:2 | 37662 ||| INVOKING Finesse.
 37746 | Depths:2 | Noticed a juggernaut
 37767 | Depths:2 | Killed a juggernaut
 37801 | Depths:2 | 37801 ||| INVOKING Heroism.
 37842 | Depths:2 | 37842 ||| INVOKING Heroism.
 37864 | Depths:2 | 37864 ||| Stepping ~*~*~tactically~*~*~ (stealth).
 37882 | Depths:2 | 37882 ||| INVOKING Heroism.
 37883 | Depths:2 | 37883 ||| INVOKING Finesse.
 38014 | Depths:2 | 38014 ||| Stepping ~*~*~tactically~*~*~ (stealth).
 38016 | Depths:2 | 38016 ||| Stepping ~*~*~tactically~*~*~ (stealth).
 38028 | Depths:2 | 38028 ||| Stepping ~*~*~tactically~*~*~ (stealth).
 38029 | Depths:2 | 38029 ||| Stepping ~*~*~tactically~*~*~ (stealth).
 38030 | Depths:2 | 38030 ||| Stepping ~*~*~tactically~*~*~ (stealth).
 38031 | Depths:2 | 38031 ||| Stepping ~*~*~tactically~*~*~ (stealth).
 38040 | Depths:2 | 38040 ||| Stepping ~*~*~tactically~*~*~ (stealth).
 38167 | Depths:2 | 38167 ||| INVOKING Heroism.
 38168 | Depths:2 | 38168 ||| INVOKING Finesse.
 38234 | Depths:2 | Found a magical portal.
 38235 | Depths:2 | 38235 ||| RIP WIZLAB
 38235 | Depths:2 | 38235 ||| PLANNING DEPTHS
 38322 | Depths:2 | Identified the +8 great mace "Ozxin" {protect, +Blink}
 38363 | Depths:2 | 38363 ||| Stepping ~*~*~tactically~*~*~ (stealth).
 38406 | Depths:2 | 38406 ||| Stepping ~*~*~tactically~*~*~ (hiding).
 38418 | Depths:2 | 38418 ||| FLEEEEING.
 38444 | Depths:2 | 38444 ||| INVOKING Heroism.
 38468 | Depths:2 | 38468 ||| INVOKING Finesse.
 38517 | Depths:2 | 38517 ||| Stepping ~*~*~tactically~*~*~ (stealth).
 38576 | Depths:2 | 38576 ||| INVOKING Heroism.
 38578 | Depths:2 | Identified the +1 pair of boots of Painted Surprise {+Blink
                  | Will+ rCorr Str+3 Int-3} (Okawaru gifted it to you on level
                  | 2 of the Depths)
 38578 | Depths:2 | Received a gift from Okawaru
 38648 | Depths:2 | 38648 ||| INVOKING Heroism.
 38654 | Depths:2 | 38654 ||| INVOKING Finesse.
 38665 | Depths:2 | 38665 ||| Stepping ~*~*~tactically~*~*~ (stealth).
 38701 | Depths:2 | 38701 ||| Stepping ~*~*~tactically~*~*~ (hiding).
 38702 | Depths:2 | 38702 ||| INVOKING Heroism.
 38704 | Depths:2 | 38704 ||| INVOKING Finesse.
 38751 | Depths:2 | 38751 ||| INVOKING Heroism.
 38895 | Depths:2 | 38895 ||| Stepping ~*~*~tactically~*~*~ (hiding).
 39003 | Depths:2 | 39003 ||| Stepping ~*~*~tactically~*~*~ (stealth).
 39005 | Depths:2 | 39005 ||| INVOKING Finesse.
 39016 | Depths:2 | 39016 ||| Stepping ~*~*~tactically~*~*~ (hiding).
 39040 | Depths:2 | 39040 ||| INVOKING Finesse.
 39062 | Depths:2 | Reached skill level 6 in Dodging
 39157 | Depths:2 | 39157 ||| UPGRADING to +1 pair of boots of Painted Surprise
                  | {+Blink Will+ rCorr Str+3 Int-3}.
 39167 | Depths:2 | 39167 ||| DROPPING +0 pair of boots.
 39379 | Depths:2 | 39379 ||| INVOKING Heroism.
 39384 | Depths:2 | Reached skill level 21 in Shields
 39384 | Depths:2 | Reached XP level 23. HP: 156/156 MP: 27/30
 39782 | Depths:1 | 39782 ||| INVOKING Heroism.
 39853 | Depths:1 | 39853 ||| Stepping ~*~*~tactically~*~*~ (stealth).
 39854 | Depths:1 | 39854 ||| Stepping ~*~*~tactically~*~*~ (stealth).
 39863 | Depths:1 | 39863 ||| Stepping ~*~*~tactically~*~*~ (stealth).
 39864 | Depths:1 | 39864 ||| Stepping ~*~*~tactically~*~*~ (stealth).
 40033 | Depths:1 | 40033 ||| Stepping ~*~*~tactically~*~*~ (stealth).
 40035 | Depths:1 | 40035 ||| Stepping ~*~*~tactically~*~*~ (stealth).
 40041 | Depths:1 | 40041 ||| INVOKING Heroism.
 40135 | Depths:1 | 40135 ||| INVOKING Heroism.
 40459 | Depths:1 | 40459 ||| Stepping randomly (cloudy).
 40470 | Depths:1 | Killed Bai Suzhen
 40920 | Depths:1 | Found a one-way gateway to a ziggurat.
 40931 | Depths:1 | 40931 ||| INVOKING Heroism.
 41125 | Depths:1 | 41125 ||| INVOKING Heroism.
 41332 | Depths:3 | 41332 ||| READING 2 scrolls of teleportation.
 41333 | Depths:3 | 41333 ||| STAIRDANCE
 41333 | Depths:3 | Noticed a golden dragon
 41360 | Depths:3 | 41360 ||| INVOKING Heroism.
 41361 | Depths:3 | 41361 ||| Stepping ~*~*~tactically~*~*~ (stealth).
 41363 | Depths:3 | 41363 ||| Stepping ~*~*~tactically~*~*~ (hiding).
 41364 | Depths:3 | 41364 ||| Stepping ~*~*~tactically~*~*~ (hiding).
 41468 | Depths:3 | Reached skill level 21 in Fighting
 41519 | Depths:3 | 41519 ||| INVOKING Heroism.
 41572 | Depths:3 | 41572 ||| INVOKING Heroism.
 41582 | Depths:3 | Killed a golden dragon
 41623 | Depths:3 | 41623 ||| INVOKING Heroism.
 41627 | Depths:3 | Received a gift from Okawaru
 41655 | Depths:3 | 41655 ||| INVOKING Heroism.
 41874 | Depths:3 | 41874 ||| INVOKING Finesse.
 41955 | Depths:3 | Noticed a golden dragon
 41956 | Depths:3 | 41956 ||| INVOKING Heroism.
 41958 | Depths:3 | 41958 ||| INVOKING Finesse.
 41970 | Depths:3 | Killed a golden dragon
 42013 | Depths:3 | Identified the +2 lajatang of Valiance {vorpal, rF+ rCorr
                  | Int+6 Dex+3}
 42023 | Depths:3 | 42023 ||| Stepping ~*~*~tactically~*~*~ (stealth).
 42024 | Depths:3 | 42024 ||| Stepping ~*~*~tactically~*~*~ (stealth).
 42026 | Depths:3 | 42026 ||| INVOKING Heroism.
 42077 | Depths:3 | 42077 ||| INVOKING Heroism.
 42160 | Depths:3 | 42160 ||| INVOKING Heroism.
 42161 | Depths:3 | 42161 ||| INVOKING Finesse.
 42228 | Depths:3 | 42228 ||| Stepping ~*~*~tactically~*~*~ (hiding).
 42229 | Depths:3 | 42229 ||| Stepping ~*~*~tactically~*~*~ (hiding).
 42231 | Depths:3 | 42231 ||| Stepping ~*~*~tactically~*~*~ (hiding).
 42232 | Depths:3 | 42232 ||| Stepping ~*~*~tactically~*~*~ (hiding).
 42383 | Depths:3 | Received a gift from Okawaru
 42617 | Depths:3 | Found a one-way gate to the infinite horrors of the Abyss.
 42690 | Depths:4 | Entered Level 4 of the Depths
 42720 | Depths:4 | 42720 ||| Stepping ~*~*~tactically~*~*~ (hiding).
 42733 | Depths:4 | 42733 ||| Stepping ~*~*~tactically~*~*~ (stealth).
 42738 | Depths:4 | 42738 ||| INVOKING Heroism.
 42747 | Depths:4 | 42747 ||| INVOKING Finesse.
 42760 | Depths:4 | Reached skill level 12 in Throwing
 42788 | Depths:4 | 42788 ||| Stepping ~*~*~tactically~*~*~ (stealth).
 42801 | Depths:4 | 42801 ||| INVOKING Heroism.
 42813 | Depths:4 | 42813 ||| Stepping ~*~*~tactically~*~*~ (hiding).
 42846 | Depths:4 | Received a gift from Okawaru
 42998 | Depths:4 | 42998 ||| INVOKING Heroism.
 43021 | Depths:4 | Noticed a golden dragon
 43026 | Depths:4 | 43026 ||| INVOKING Finesse.
 43027 | Depths:4 | Found a gate to the Realm of Zot.
 43039 | Depths:4 | Killed a golden dragon
 43177 | Depths:4 | 43177 ||| READING 4 scrolls of teleportation.
 43179 | Depths:4 | 43179 ||| Stepping ~*~*~tactically~*~*~ (hiding).
 43180 | Depths:4 | 43180 ||| Stepping ~*~*~tactically~*~*~ (hiding).
 43181 | Depths:4 | 43181 ||| INVOKING Heroism.
 43307 | Depths:4 | Found Xodui's One-of-a-Kind Rings.
 43313 | Depths:4 | 43313 ||| BUYING +5 ring of evasion (770 gold).
 43313 | Depths:4 | Bought a +5 ring of evasion for 770 gold pieces
 43313 | Depths:4 | 43313 ||| BUYING +9 ring of strength (1092 gold).
 43313 | Depths:4 | Bought a +9 ring of strength for 1092 gold pieces
 43386 | Depths:4 | 43386 ||| INVOKING Heroism.
 43424 | Depths:4 | 43424 ||| INVOKING Finesse.
 43432 | Depths:4 | Received a gift from Okawaru
 43577 | Depths:4 | 43577 ||| INVOKING Heroism.
 43705 | Depths:4 | 43705 ||| DROPPING ring of Equivalence {*Corrode rF+ Int+6
                  | Stlth+}.
 43706 | Depths:4 | 43706 ||| UPGRADING to +5 ring of evasion.
 43708 | Depths:4 | 43708 ||| UPGRADING to +9 ring of strength.
 43710 | Depths:4 | 43710 ||| DROPPING +6 ring of strength.
 43711 | Depths:4 | 43711 ||| DROPPING +4 ring of protection.
 43712 | Depths:4 | 43712 ||| UPGRADING to +5 ring of evasion.
 43714 | Depths:4 | 43714 ||| DROPPING +4 ring of evasion.
 43715 | Depths:4 | 43715 ||| READING 3 scrolls of teleportation.
 43934 | Depths:4 | 43934 ||| READING 2 scrolls of teleportation.
 43955 | Depths:4 | 43955 ||| READING scroll of teleportation.
 43960 | Depths:4 | 43960 ||| INVOKING Heroism.
 43976 | Depths:4 | Reached XP level 24. HP: 137/166 MP: 30/30
 44129 | Depths:4 | 44129 ||| Stepping randomly (stuck).
 44130 | Depths:4 | 44130 ||| Stepping randomly (stuck).
 44131 | Depths:4 | 44131 ||| Stepping randomly (stuck).
 44132 | Depths:4 | 44132 ||| Stepping randomly (stuck).
 44133 | Depths:4 | 44133 ||| Stepping randomly (stuck).
 44134 | Depths:4 | 44134 ||| Stepping randomly (stuck).
 44135 | Depths:4 | 44135 ||| Stepping randomly (stuck).
 44136 | Depths:4 | 44136 ||| Stepping randomly (stuck).
 44137 | Depths:4 | 44137 ||| Stepping randomly (stuck).
 44138 | Depths:4 | 44138 ||| Stepping randomly (stuck).
 44139 | Depths:4 | 44139 ||| Stepping randomly (stuck).
 44140 | Depths:4 | 44140 ||| Stepping randomly (stuck).
 44141 | Depths:4 | 44141 ||| Stepping randomly (stuck).
 44142 | Depths:4 | 44142 ||| Stepping randomly (stuck).
 44143 | Depths:4 | 44143 ||| Stepping randomly (stuck).
 44176 | Depths:4 | 44176 ||| Stepping randomly (stuck).
 44178 | Depths:4 | 44178 ||| Stepping randomly (stuck).
 44179 | Depths:4 | 44179 ||| Stepping randomly (stuck).
 44180 | Depths:4 | 44180 ||| Stepping randomly (stuck).
 44181 | Depths:4 | 44181 ||| Stepping randomly (stuck).
 44182 | Depths:4 | 44182 ||| Stepping randomly (stuck).
 44183 | Depths:4 | 44183 ||| Stepping randomly (stuck).
 44184 | Depths:4 | 44184 ||| Stepping randomly (stuck).
 44185 | Depths:4 | 44185 ||| Stepping randomly (stuck).
 44186 | Depths:4 | 44186 ||| Stepping randomly (stuck).
 44187 | Depths:4 | 44187 ||| Stepping randomly (stuck).
 44188 | Depths:4 | 44188 ||| Stepping randomly (stuck).
 44189 | Depths:4 | 44189 ||| Stepping randomly (stuck).
 44190 | Depths:4 | 44190 ||| Stepping randomly (stuck).
 44191 | Depths:4 | 44191 ||| Stepping randomly (stuck).
 44194 | Depths:4 | 44194 ||| Stepping randomly (stuck).
 44195 | Depths:4 | 44195 ||| Stepping randomly (stuck).
 44223 | Depths:4 | Received a gift from Okawaru
 44332 | Depths:4 | 44332 ||| PLANNING VAULTS:5
 44712 | Vaults:5 | Entered Level 5 of the Vaults
 44713 | Vaults:5 | 44713 ||| INVOKING Heroism.
 44714 | Vaults:5 | 44714 ||| STAIRDANCE
 44756 | Vaults:5 | 44756 ||| STAIRDANCE
 44772 | Vaults:4 | Received a gift from Okawaru
 44840 | Vaults:5 | 44840 ||| STAIRDANCE
 44842 | Vaults:4 | 44842 ||| INVOKING Heroism.
 44921 | Vaults:5 | 44921 ||| STAIRDANCE
 44957 | Vaults:5 | Received a gift from Okawaru
 44958 | Vaults:5 | 44958 ||| Stepping ~*~*~tactically~*~*~ (stealth).
 44980 | Vaults:5 | 44980 ||| INVOKING Heroism.
 45012 | Vaults:5 | Received a gift from Okawaru
 45026 | Vaults:5 | HP: 41/169 [frost giant/bolt of cold (25)]
 45027 | Vaults:5 | 45027 ||| DRINKING 5 potions of heal wounds.
 45053 | Vaults:5 | 45053 ||| FLEEEEING.
 45054 | Vaults:5 | 45054 ||| FLEEEEING.
 45054 | Vaults:5 | Noticed a dread lich
 45055 | Vaults:5 | 45055 ||| FLEEEEING.
 45056 | Vaults:5 | 45056 ||| STAIRDANCE
 45281 | Vaults:5 | 45281 ||| STAIRDANCE
 45283 | Vaults:4 | 45283 ||| INVOKING Heroism.
 45284 | Vaults:4 | 45284 ||| INVOKING Finesse.
 45293 | Vaults:4 | Killed a dread lich
 45300 | Vaults:4 | Received a gift from Okawaru
 45339 | Vaults:5 | 45339 ||| FLEEEEING.
 45340 | Vaults:5 | 45340 ||| FLEEEEING.
 45341 | Vaults:5 | 45341 ||| FLEEEEING.
 45342 | Vaults:5 | 45342 ||| STAIRDANCE
 45423 | Vaults:5 | 45423 ||| Stepping ~*~*~tactically~*~*~ (hiding).
 45424 | Vaults:5 | 45424 ||| Stepping ~*~*~tactically~*~*~ (hiding).
 45425 | Vaults:5 | Noticed Boris
 45426 | Vaults:5 | 45426 ||| INVOKING Heroism.
 45427 | Vaults:5 | 45427 ||| INVOKING Finesse.
 45444 | Vaults:5 | Killed Boris
 45474 | Vaults:5 | Found Mairuloi's Jewellery Shoppe.
 45476 | Vaults:5 | Noticed a dread lich
 45477 | Vaults:5 | 45477 ||| INVOKING Finesse.
 45498 | Vaults:5 | Killed a dread lich
 45512 | Vaults:5 | 45512 ||| INVOKING Heroism.
 45569 | Vaults:5 | 45569 ||| Stepping ~*~*~tactically~*~*~ (hiding).
 45571 | Vaults:5 | 45571 ||| Stepping ~*~*~tactically~*~*~ (hiding).
 45614 | Vaults:5 | 45614 ||| INVOKING Heroism.
 45665 | Vaults:5 | 45665 ||| Stepping ~*~*~tactically~*~*~ (hiding).
 45667 | Vaults:5 | 45667 ||| Stepping ~*~*~tactically~*~*~ (hiding).
 45668 | Vaults:5 | 45668 ||| Stepping ~*~*~tactically~*~*~ (hiding).
 45676 | Vaults:5 | 45676 ||| INVOKING Heroism.
 45704 | Vaults:5 | 45704 ||| Stepping ~*~*~tactically~*~*~ (hiding).
 45787 | Vaults:5 | 45787 ||| Stepping ~*~*~tactically~*~*~ (stealth).
 45788 | Vaults:5 | 45788 ||| Stepping ~*~*~tactically~*~*~ (stealth).
 45790 | Vaults:5 | 45790 ||| INVOKING Heroism.
 45797 | Vaults:5 | 45797 ||| Stepping ~*~*~tactically~*~*~ (stealth).
 45810 | Vaults:5 | Received a gift from Okawaru
 45908 | Vaults:5 | 45908 ||| INVOKING Heroism.
 45937 | Vaults:5 | 45937 ||| Stepping ~*~*~tactically~*~*~ (hiding).
 46061 | Vaults:5 | Got a silver rune of Zot
 46082 | Vaults:5 | 46082 ||| Stepping ~*~*~tactically~*~*~ (stealth).
 46083 | Vaults:5 | 46083 ||| Stepping ~*~*~tactically~*~*~ (stealth).
 46099 | Vaults:5 | 46099 ||| Stepping ~*~*~tactically~*~*~ (stealth).
 46113 | Vaults:5 | Received a gift from Okawaru
 46122 | Vaults:5 | 46122 ||| Stepping ~*~*~tactically~*~*~ (stealth).
 46124 | Vaults:5 | 46124 ||| Stepping ~*~*~tactically~*~*~ (hiding).
 46135 | Vaults:5 | 46135 ||| Stepping ~*~*~tactically~*~*~ (hiding).
 46162 | Vaults:5 | 46162 ||| Stepping ~*~*~tactically~*~*~ (stealth).
 46176 | Vaults:5 | 46176 ||| INVOKING Heroism.
 46189 | Vaults:5 | 46189 ||| Stepping ~*~*~tactically~*~*~ (hiding).
 46193 | Vaults:5 | 46193 ||| Stepping ~*~*~tactically~*~*~ (hiding).
 46196 | Vaults:5 | 46196 ||| Stepping ~*~*~tactically~*~*~ (hiding).
 46221 | Vaults:5 | 46221 ||| Stepping ~*~*~tactically~*~*~ (stealth).
 46224 | Vaults:5 | 46224 ||| Stepping ~*~*~tactically~*~*~ (hiding).
 46535 | Vaults:5 | 46535 ||| Stepping ~*~*~tactically~*~*~ (hiding).
 46538 | Vaults:5 | 46538 ||| INVOKING Heroism.
 46549 | Vaults:5 | Reached skill level 24 in Fighting
 46588 | Vaults:5 | Identified the amulet of Cubbuf {+Inv Regen+ Str-3 Int+3}
 46831 | Vaults:5 | 46831 ||| Stepping ~*~*~tactically~*~*~ (stealth).
 46832 | Vaults:5 | 46832 ||| FLEEEEING.
 46833 | Vaults:5 | 46833 ||| FLEEEEING.
 46834 | Vaults:5 | 46834 ||| FLEEEEING.
 46835 | Vaults:5 | 46835 ||| FLEEEEING.
 46836 | Vaults:5 | 46836 ||| FLEEEEING.
 46837 | Vaults:5 | 46837 ||| FLEEEEING.
 46838 | Vaults:5 | 46838 ||| FLEEEEING.
 46839 | Vaults:5 | 46839 ||| FLEEEEING.
 46840 | Vaults:5 | 46840 ||| INVOKING Heroism.
 46856 | Vaults:5 | Identified the ring "Nyociav" {rC+ Dex+4}
 46857 | Vaults:5 | Reached XP level 25. HP: 178/178 MP: 30/30
 46972 | Vaults:5 | Found Elazuihept's Distillery.
 46978 | Vaults:5 | 46978 ||| BUYING 2 potions of magic (160 gold).
 46978 | Vaults:5 | Bought 2 potions of magic for 160 gold pieces
 46978 | Vaults:5 | 46978 ||| BUYING potion of cancellation (80 gold).
 46978 | Vaults:5 | Bought a potion of cancellation for 80 gold pieces
 46978 | Vaults:5 | 46978 ||| BUYING potion of haste (100 gold).
 46978 | Vaults:5 | Bought a potion of haste for 100 gold pieces
 46978 | Vaults:5 | 46978 ||| BUYING potion of haste (100 gold).
 46978 | Vaults:5 | Bought a potion of haste for 100 gold pieces
 46978 | Vaults:5 | 46978 ||| BUYING potion of heal wounds (50 gold).
 46978 | Vaults:5 | Bought a potion of heal wounds for 50 gold pieces
 46978 | Vaults:5 | 46978 ||| BUYING potion of lignification (30 gold).
 46978 | Vaults:5 | Bought a potion of lignification for 30 gold pieces
 46978 | Vaults:5 | 46978 ||| BUYING potion of mutation (80 gold).
 46978 | Vaults:5 | Bought a potion of mutation for 80 gold pieces
 47016 | Vaults:5 | 47016 ||| PLANNING SHOPPING SPREE
 47016 | Vaults:5 | 47016 ||| UPGRADING to +1 helmet of see invisible.
 47026 | Vaults:5 | 47026 ||| DROPPING +0 helmet.
 47027 | Vaults:5 | 47027 ||| DROPPING amulet of Cubbuf {+Inv Regen+ Str-3
                  | Int+3}.
 47028 | Vaults:5 | 47028 ||| DROPPING ring of protection from cold.
 47029 | Vaults:5 | 47029 ||| DROPPING +6 ring of dexterity.
 47030 | Vaults:5 | 47030 ||| PLANNING ZOT:1-4
 47435 | Zot:1    | Entered Level 1 of the Realm of Zot
 47673 | Zot:1    | 47673 ||| Stepping ~*~*~tactically~*~*~ (hiding).
 47689 | Zot:1    | 47689 ||| INVOKING Heroism.
 47698 | Zot:1    | 47698 ||| Stepping ~*~*~tactically~*~*~ (hiding).
 48096 | Zot:1    | 48096 ||| Stepping ~*~*~tactically~*~*~ (hiding).
 48101 | Zot:1    | 48101 ||| INVOKING Heroism.
 48127 | Zot:1    | 48127 ||| Stepping ~*~*~tactically~*~*~ (hiding).
 48193 | Zot:1    | 48193 ||| Stepping ~*~*~tactically~*~*~ (hiding).
 48196 | Zot:1    | 48196 ||| Stepping ~*~*~tactically~*~*~ (hiding).
 48248 | Zot:1    | 48248 ||| Stepping ~*~*~tactically~*~*~ (stealth).
 48430 | Zot:1    | 48430 ||| INVOKING Heroism.
 48674 | Zot:1    | 48674 ||| Stepping ~*~*~tactically~*~*~ (stealth).
 48675 | Zot:1    | 48675 ||| Stepping ~*~*~tactically~*~*~ (stealth).
 48676 | Zot:1    | 48676 ||| Stepping ~*~*~tactically~*~*~ (stealth).
 48778 | Zot:1    | 48778 ||| INVOKING Heroism.
 48937 | Zot:1    | 48937 ||| UPGRADING to ring of Mysixt {rF+ rN+ Int-3
                  | Dex+3}.
 48939 | Zot:1    | 48939 ||| UPGRADING to +9 ring of strength.
 48967 | Zot:2    | 48967 ||| ZAPPING wand of digging (18).
 48968 | Zot:2    | 48968 ||| ZAPPING wand of digging (17).
 48971 | Zot:2    | 48971 ||| INVOKING Heroism.
 48972 | Zot:2    | 48972 ||| ZAPPING wand of digging (16).
 49030 | Zot:2    | 49030 ||| INVOKING Heroism.
 49034 | Zot:2    | 49034 ||| ZAPPING wand of digging (15).
 49054 | Zot:2    | 49054 ||| ZAPPING wand of digging (14).
 49217 | Zot:2    | 49217 ||| READING scroll of acquirement.
 49217 | Zot:2    | 49217 ||| ACQUIRING ring of protection from fire
 49217 | Zot:2    | Acquired a ring of protection from fire
 49219 | Zot:2    | 49219 ||| DROPPING ring of fire.
 49222 | Zot:2    | 49222 ||| ZAPPING wand of digging (13).
 49224 | Zot:2    | 49224 ||| ZAPPING wand of digging (12).
 49226 | Zot:2    | 49226 ||| Stepping ~*~*~tactically~*~*~ (cloud).
 49227 | Zot:2    | 49227 ||| Stepping ~*~*~tactically~*~*~ (cloud).
 49228 | Zot:2    | 49228 ||| INVOKING Heroism.
 49229 | Zot:2    | 49229 ||| Stepping ~*~*~tactically~*~*~ (cloud).
 49242 | Zot:2    | 49242 ||| Stepping ~*~*~tactically~*~*~ (cloud).
 49252 | Zot:2    | Received a gift from Okawaru
 49264 | Zot:2    | Reached skill level 9 in Dodging
 49532 | Zot:2    | 49532 ||| INVOKING Heroism.
 49543 | Zot:2    | Received a gift from Okawaru
 49673 | Zot:2    | 49673 ||| Stepping ~*~*~tactically~*~*~ (stealth).
 49675 | Zot:2    | 49675 ||| INVOKING Heroism.
 49719 | Zot:2    | 49719 ||| INVOKING Heroism.
 49737 | Zot:2    | Identified the +9 hand axe "Cuge" {vorpal, rN++ Int-4}
                  | (Okawaru gifted it to you on level 2 of the Realm of Zot)
 49737 | Zot:2    | Received a gift from Okawaru
 49800 | Zot:2    | 49800 ||| Stepping ~*~*~tactically~*~*~ (hiding).
 49966 | Zot:2    | 49966 ||| Stepping ~*~*~tactically~*~*~ (stealth).
 49967 | Zot:2    | 49967 ||| Stepping ~*~*~tactically~*~*~ (stealth).
 49976 | Zot:2    | 49976 ||| Stepping ~*~*~tactically~*~*~ (stealth).
 49978 | Zot:2    | 49978 ||| Stepping ~*~*~tactically~*~*~ (hiding).
 49982 | Zot:2    | 49982 ||| INVOKING Heroism.
 50000 | Zot:2    | 50000 ||| Stepping ~*~*~tactically~*~*~ (stealth).
 50044 | Zot:2    | 50044 ||| ZAPPING wand of digging (11).
 50047 | Zot:2    | 50047 ||| INVOKING Heroism.
 50084 | Zot:2    | 50084 ||| ZAPPING wand of digging (10).
 50363 | Zot:2    | 50363 ||| ZAPPING wand of digging (9).
 50364 | Zot:2    | 50364 ||| Stepping ~*~*~tactically~*~*~ (hiding).
 50380 | Zot:2    | 50380 ||| INVOKING Heroism.
 50592 | Zot:3    | 50592 ||| Stepping ~*~*~tactically~*~*~ (hiding).
 50593 | Zot:3    | 50593 ||| INVOKING Heroism.
 50772 | Zot:3    | 50772 ||| INVOKING Heroism.
 50807 | Zot:3    | Reached skill level 15 in Throwing
 50807 | Zot:3    | 50807 ||| Stepping ~*~*~tactically~*~*~ (cloud).
 50873 | Zot:3    | 50873 ||| FLEEEEING.
 50874 | Zot:3    | 50874 ||| FLEEEEING.
 50875 | Zot:3    | 50875 ||| FLEEEEING.
 50876 | Zot:3    | 50876 ||| FLEEEEING.
 50877 | Zot:3    | 50877 ||| FLEEEEING.
 50878 | Zot:3    | 50878 ||| FLEEEEING.
 50879 | Zot:3    | 50879 ||| STAIRDANCE
 51099 | Zot:3    | You are sucked into a shaft and drop 1 floor!
 51100 | Zot:4    | 51100 ||| INVOKING Heroism.
 51111 | Zot:4    | Received a gift from Okawaru
 51118 | Zot:4    | Reached XP level 26. HP: 188/188 MP: 7/30
 51174 | Zot:4    | Identified the +3 war axe of Interdependent Arising {venom,
                  | rF+ rC+ Str+2} (Okawaru gifted it to you on level 4 of the
                  | Realm of Zot)
 51174 | Zot:4    | Received a gift from Okawaru
 51217 | Zot:4    | 51217 ||| INVOKING Heroism.
 51545 | Zot:3    | 51545 ||| Stepping ~*~*~tactically~*~*~ (hiding).
 51547 | Zot:3    | 51547 ||| Stepping ~*~*~tactically~*~*~ (hiding).
 51559 | Zot:3    | 51559 ||| Stepping ~*~*~tactically~*~*~ (hiding).
 51563 | Zot:3    | 51563 ||| INVOKING Heroism.
 51580 | Zot:3    | 51580 ||| Stepping ~*~*~tactically~*~*~ (hiding).
 51581 | Zot:3    | 51581 ||| Stepping ~*~*~tactically~*~*~ (hiding).
 51687 | Zot:3    | 51687 ||| Stepping ~*~*~tactically~*~*~ (hiding).
 51688 | Zot:3    | 51688 ||| Stepping ~*~*~tactically~*~*~ (hiding).
 51750 | Zot:3    | 51750 ||| READING 2 scrolls of teleportation.
 51751 | Zot:3    | 51751 ||| FLEEEEING.
 51752 | Zot:3    | 51752 ||| FLEEEEING.
 51753 | Zot:3    | 51753 ||| FLEEEEING.
 51754 | Zot:3    | 51754 ||| FLEEEEING.
 51755 | Zot:3    | 51755 ||| FLEEEEING.
 51756 | Zot:3    | 51756 ||| FLEEEEING.
 51760 | Zot:3    | 51760 ||| FLEEEEING.
 51837 | Zot:3    | 51837 ||| INVOKING Heroism.
 52044 | Zot:3    | 52044 ||| INVOKING Heroism.
 52107 | Zot:3    | Noticed an orb of fire
 52108 | Zot:3    | 52108 ||| Stepping ~*~*~tactically~*~*~ (stealth).
 52109 | Zot:3    | 52109 ||| Stepping ~*~*~tactically~*~*~ (stealth).
 52110 | Zot:3    | Gained mutation: You are dopey. (Int -2) [an orb of fire]
 52111 | Zot:3    | 52111 ||| DRINKING 4 potions of resistance.
 52112 | Zot:3    | 52112 ||| INVOKING Heroism.
 52113 | Zot:3    | 52113 ||| INVOKING Finesse.
 52132 | Zot:3    | Gained mutation: You are vulnerable to cold. (rC-) [an orb
                  | of fire]
 52150 | Zot:3    | 52150 ||| INVOKING Heroism.
 52151 | Zot:3    | Killed an orb of fire
 52191 | Zot:3    | 52191 ||| DRINKING 18 potions of mutation.
 52191 | Zot:3    | Lost mutation: You are vulnerable to cold. (rC-) [potion of
                  | mutation]
 52191 | Zot:3    | Lost mutation: You are dopey. (Int -2) [potion of mutation]
 52191 | Zot:3    | Gained mutation: You are partially covered in iridescent
                  | scales. (AC +2) [potion of mutation]
 52191 | Zot:3    | Gained mutation: Your magical capacity is low. (-10% MP)
                  | [potion of mutation]
 52191 | Zot:3    | Gained mutation: You have large cloven feet. [potion of
                  | mutation]
 52247 | Zot:3    | 52247 ||| Stepping ~*~*~tactically~*~*~ (hiding).
 52253 | Zot:3    | 52253 ||| INVOKING Heroism.
 52266 | Zot:3    | 52266 ||| Stepping ~*~*~tactically~*~*~ (hiding).
 52417 | Zot:3    | 52417 ||| Stepping ~*~*~tactically~*~*~ (hiding).
 52423 | Zot:3    | 52423 ||| INVOKING Heroism.
 52432 | Zot:3    | 52432 ||| Stepping ~*~*~tactically~*~*~ (hiding).
 52484 | Zot:3    | 52484 ||| Stepping ~*~*~tactically~*~*~ (stealth).
 52485 | Zot:3    | 52485 ||| Stepping ~*~*~tactically~*~*~ (stealth).
 52606 | Zot:3    | 52606 ||| INVOKING Heroism.
 52615 | Zot:3    | 52615 ||| Stepping ~*~*~tactically~*~*~ (cloud).
 52836 | Zot:4    | 52836 ||| INVOKING Heroism.
 52999 | Zot:4    | 52999 ||| Stepping ~*~*~tactically~*~*~ (hiding).
 53012 | Zot:4    | 53012 ||| Stepping ~*~*~tactically~*~*~ (stealth).
 53046 | Zot:4    | 53046 ||| INVOKING Heroism.
 53055 | Zot:4    | Received a gift from Okawaru
 53182 | Zot:4    | 53182 ||| INVOKING Heroism.
 53213 | Zot:4    | 53213 ||| Stepping ~*~*~tactically~*~*~ (hiding).
 53305 | Zot:4    | 53305 ||| INVOKING Heroism.
 53307 | Zot:4    | 53307 ||| Stepping ~*~*~tactically~*~*~ (hiding).
 53589 | Zot:4    | 53589 ||| PLANNING THE SHINING ONE WORSHIP
 53589 | Zot:4    | 53589 ||| REMOVING ring of Mysixt {rF+ rN+ Int-3 Dex+3}.
 53590 | Zot:4    | 53590 ||| UPGRADING to ring of protection from fire.
 53591 | Zot:4    | 53591 ||| UPGRADING to ring of protection from cold.
 53593 | Zot:4    | 53593 ||| UPGRADING to +5 ring of evasion.
 54573 | Temple   | Fell from the grace of Okawaru
 54573 | Temple   | Became a worshipper of the Shining One
 54574 | Temple   | 54574 ||| PLANNING CRYPT
 54903 | Crypt:1  | Entered Level 1 of the Crypt
 54904 | Crypt:1  | 54904 ||| DROPPING +2 vampiric broad axe.
 54914 | Crypt:1  | 54914 ||| Stepping ~*~*~tactically~*~*~ (stealth).
 54986 | Crypt:1  | Reached * piety under the Shining One
 55023 | Crypt:1  | 55023 ||| Stepping ~*~*~tactically~*~*~ (hiding).
 55024 | Crypt:1  | 55024 ||| Stepping ~*~*~tactically~*~*~ (hiding).
 55025 | Crypt:1  | 55025 ||| Stepping ~*~*~tactically~*~*~ (hiding).
 55211 | Crypt:1  | 55211 ||| Stepping ~*~*~tactically~*~*~ (stealth).
 55249 | Crypt:1  | Reached ** piety under the Shining One
 55270 | Crypt:1  | 55270 ||| Stepping ~*~*~tactically~*~*~ (stealth).
 55271 | Crypt:1  | 55271 ||| Stepping ~*~*~tactically~*~*~ (stealth).
 55272 | Crypt:1  | 55272 ||| Stepping ~*~*~tactically~*~*~ (stealth).
 55276 | Crypt:1  | 55276 ||| Stepping ~*~*~tactically~*~*~ (stealth).
 55277 | Crypt:1  | 55277 ||| Stepping ~*~*~tactically~*~*~ (stealth).
 55279 | Crypt:1  | 55279 ||| Stepping ~*~*~tactically~*~*~ (stealth).
 55280 | Crypt:1  | 55280 ||| Stepping ~*~*~tactically~*~*~ (stealth).
 55281 | Crypt:1  | 55281 ||| Stepping ~*~*~tactically~*~*~ (stealth).
 55293 | Crypt:1  | 55293 ||| Stepping ~*~*~tactically~*~*~ (hiding).
 55294 | Crypt:1  | 55294 ||| Stepping ~*~*~tactically~*~*~ (hiding).
 55295 | Crypt:1  | 55295 ||| Stepping ~*~*~tactically~*~*~ (hiding).
 55557 | Crypt:1  | Reached *** piety under the Shining One
 55573 | Crypt:1  | 55573 ||| INVOKING Cleansing Flame.
 55574 | Crypt:1  | 55574 ||| INVOKING Cleansing Flame.
 55598 | Crypt:1  | 55598 ||| Stepping ~*~*~tactically~*~*~ (stealth).
 55603 | Crypt:1  | Reached skill level 12 in Invocations
 55610 | Crypt:1  | 55610 ||| Stepping ~*~*~tactically~*~*~ (stealth).
 55613 | Crypt:1  | 55613 ||| Stepping ~*~*~tactically~*~*~ (hiding).
 55744 | Crypt:1  | 55744 ||| Stepping ~*~*~tactically~*~*~ (stealth).
 56038 | Crypt:2  | 56038 ||| STAIRDANCE
 56048 | Crypt:2  | 56048 ||| STAIRDANCE
 56054 | Crypt:1  | Reached **** piety under the Shining One
 56077 | Crypt:2  | 56077 ||| STAIRDANCE
 56086 | Crypt:2  | 56086 ||| STAIRDANCE
 56097 | Crypt:2  | 56097 ||| STAIRDANCE
 56113 | Crypt:2  | 56113 ||| Stepping ~*~*~tactically~*~*~ (hiding).
 56138 | Crypt:2  | 56138 ||| Stepping ~*~*~tactically~*~*~ (hiding).
 56178 | Crypt:2  | Noticed Boris
 56179 | Crypt:2  | Reached ***** piety under the Shining One
 56180 | Crypt:2  | 56180 ||| Stepping ~*~*~tactically~*~*~ (hiding).
 56185 | Crypt:2  | 56185 ||| INVOKING Summon Divine Warrior.
 56189 | Crypt:2  | Killed Boris
 56218 | Crypt:2  | 56218 ||| INVOKING Cleansing Flame.
 56782 | Crypt:3  | Entered Level 3 of the Crypt
 56804 | Crypt:3  | 56804 ||| Stepping ~*~*~tactically~*~*~ (hiding).
 56863 | Crypt:3  | 56863 ||| Stepping ~*~*~tactically~*~*~ (hiding).
 56875 | Crypt:3  | Reached ****** piety under the Shining One
 56881 | Crypt:3  | 56881 ||| INVOKING Brand Weapon With Holy Wrath.
 56881 | Crypt:3  | Identified a +5 broad axe of holy wrath (a +3 broad axe of
                  | electrocution blessed by the Shining One)
 56881 | Crypt:3  | Received a gift from the Shining One
 57045 | Crypt:3  | 57045 ||| Stepping ~*~*~tactically~*~*~ (hiding).
 57138 | Crypt:3  | Identified the +8 plate armour "Nuylaur" {+Blink rF+ Str+5}
 57181 | Crypt:3  | 57181 ||| Stepping ~*~*~tactically~*~*~ (stealth).
 57353 | Crypt:3  | 57353 ||| Stepping ~*~*~tactically~*~*~ (hiding).
 57429 | Crypt:3  | Reached XP level 27. HP: 194/197 MP: 30/30
 57465 | Crypt:3  | 57465 ||| INVOKING Cleansing Flame.
 57466 | Crypt:3  | 57466 ||| INVOKING Cleansing Flame.
 57470 | Crypt:3  | 57470 ||| FLEEEEING.
 57471 | Crypt:3  | 57471 ||| FLEEEEING.
 57474 | Crypt:3  | 57474 ||| FLEEEEING.
 57475 | Crypt:3  | 57475 ||| FLEEEEING.
 57476 | Crypt:3  | 57476 ||| FLEEEEING.
 57477 | Crypt:3  | 57477 ||| FLEEEEING.
 57478 | Crypt:3  | 57478 ||| FLEEEEING.
 57479 | Crypt:3  | 57479 ||| FLEEEEING.
 57480 | Crypt:3  | 57480 ||| FLEEEEING.
 57481 | Crypt:3  | 57481 ||| FLEEEEING.
 57487 | Crypt:3  | 57487 ||| FLEEEEING.
 57488 | Crypt:3  | 57488 ||| FLEEEEING.
 57489 | Crypt:3  | 57489 ||| FLEEEEING.
 57492 | Crypt:3  | 57492 ||| FLEEEEING.
 57493 | Crypt:3  | 57493 ||| FLEEEEING.
 57494 | Crypt:3  | 57494 ||| FLEEEEING.
 57495 | Crypt:3  | 57495 ||| FLEEEEING.
 57496 | Crypt:3  | 57496 ||| FLEEEEING.
 57691 | Crypt:3  | 57691 ||| Stepping ~*~*~tactically~*~*~ (stealth).
 57748 | Crypt:3  | 57748 ||| DRINKING 28 potions of curing.
 57748 | Crypt:3  | 57748 ||| (to cure confusion)
 57962 | Crypt:3  | 57962 ||| DROPPING +6 pearl dragon scales of Zin's
                  | Indignation {rF+ rN+}.
 57963 | Crypt:3  | 57963 ||| DROPPING +0 gold dragon scales.
 57964 | Crypt:3  | 57964 ||| READING 3 scrolls of teleportation.
 57973 | Crypt:3  | Identified the +8 falchion of Generosity {freeze, Fly rPois
                  | Will- MP+9 Dex+6}
 58006 | Crypt:3  | 58006 ||| Stepping ~*~*~tactically~*~*~ (hiding).
 58090 | Crypt:3  | Found the +0 staff of Battle
 58094 | Crypt:3  | 58094 ||| Stepping ~*~*~tactically~*~*~ (hiding).
 58095 | Crypt:3  | 58095 ||| Stepping ~*~*~tactically~*~*~ (hiding).
 58242 | Crypt:3  | Found a basalt altar of Yredelemnul.
 58265 | Crypt:3  | 58265 ||| FLEEEEING.
 58266 | Crypt:3  | 58266 ||| FLEEEEING.
 58267 | Crypt:3  | 58267 ||| FLEEEEING.
 58268 | Crypt:3  | 58268 ||| FLEEEEING.
 58269 | Crypt:3  | 58269 ||| FLEEEEING.
 58270 | Crypt:3  | 58270 ||| FLEEEEING.
 58271 | Crypt:3  | 58271 ||| FLEEEEING.
 58398 | Crypt:3  | 58398 ||| Stepping ~*~*~tactically~*~*~ (stealth).
 58400 | Crypt:3  | 58400 ||| Stepping ~*~*~tactically~*~*~ (hiding).
 58410 | Crypt:3  | 58410 ||| READING 2 scrolls of teleportation.
 58411 | Crypt:3  | 58411 ||| FLEEEEING.
 58412 | Crypt:3  | 58412 ||| FLEEEEING.
 58413 | Crypt:3  | 58413 ||| FLEEEEING.
 58414 | Crypt:3  | 58414 ||| FLEEEEING.
 58480 | Crypt:3  | 58480 ||| Stepping ~*~*~tactically~*~*~ (stealth).
 58511 | Crypt:3  | 58511 ||| Stepping ~*~*~tactically~*~*~ (hiding).
 58514 | Crypt:3  | Reached skill level 15 in Invocations
 58525 | Crypt:3  | 58525 ||| Stepping ~*~*~tactically~*~*~ (hiding).
 58526 | Crypt:3  | 58526 ||| Stepping ~*~*~tactically~*~*~ (hiding).
 58543 | Crypt:3  | 58543 ||| READING scroll of enchant armour.
 58543 | Crypt:3  | 58543 ||| ENCHANTING +13 crystal plate armour of
                  | ponderousness.
 58650 | Crypt:3  | Found a staircase to the Tomb.
 58786 | Crypt:3  | 58786 ||| PLANNING TOMB
 58786 | Crypt:3  | 58786 ||| SWAPPING to +5 broad axe of holy wrath.
 58787 | Crypt:3  | 58787 ||| READING 8 scrolls of enchant weapon.
 58787 | Crypt:3  | 58787 ||| ENCHANTING +5 broad axe of holy wrath.
 58788 | Crypt:3  | 58788 ||| READING 7 scrolls of enchant weapon.
 58788 | Crypt:3  | 58788 ||| ENCHANTING +6 broad axe of holy wrath.
 58789 | Crypt:3  | 58789 ||| READING 6 scrolls of enchant weapon.
 58789 | Crypt:3  | 58789 ||| ENCHANTING +7 broad axe of holy wrath.
 58790 | Crypt:3  | 58790 ||| READING 5 scrolls of enchant weapon.
 58790 | Crypt:3  | 58790 ||| ENCHANTING +8 broad axe of holy wrath.
 58859 | Tomb:1   | Entered Level 1 of the Tomb of the Ancients
 58910 | Tomb:1   | 58910 ||| INVOKING Cleansing Flame.
 58911 | Tomb:1   | 58911 ||| INVOKING Cleansing Flame.
 58970 | Tomb:1   | 58970 ||| INVOKING Cleansing Flame.
 59137 | Tomb:1   | Was forgiven by Okawaru
 59512 | Tomb:1   | 59512 ||| INVOKING Cleansing Flame.
 59513 | Tomb:1   | 59513 ||| INVOKING Cleansing Flame.
 59513 | Tomb:1   | Noticed a royal mummy
 59514 | Tomb:1   | 59514 ||| INVOKING Cleansing Flame.
 59515 | Tomb:1   | 59515 ||| INVOKING Summon Divine Warrior.
 59516 | Tomb:1   | 59516 ||| INVOKING Cleansing Flame.
 59516 | Tomb:1   | Noticed a royal mummy
 59517 | Tomb:1   | 59517 ||| INVOKING Cleansing Flame.
 59518 | Tomb:1   | 59518 ||| INVOKING Summon Divine Warrior.
 59519 | Tomb:1   | 59519 ||| INVOKING Cleansing Flame.
 59520 | Tomb:1   | 59520 ||| DRINKING 8 potions of magic.
 59521 | Tomb:1   | 59521 ||| INVOKING Summon Divine Warrior.
 59525 | Tomb:1   | Killed a royal mummy
 59526 | Tomb:1   | 59526 ||| INVOKING Cleansing Flame.
 59530 | Tomb:1   | 59530 ||| INVOKING Cleansing Flame.
 59534 | Tomb:1   | Killed a royal mummy
 59538 | Tomb:1   | 59538 ||| INVOKING Cleansing Flame.
 59932 | Tomb:1   | 59932 ||| INVOKING Cleansing Flame.
 59933 | Tomb:1   | 59933 ||| INVOKING Cleansing Flame.
 60150 | Tomb:1   | 60150 ||| Stepping ~*~*~tactically~*~*~ (stealth).
 60295 | Tomb:2   | 60295 ||| DRINKING 19 potions of haste.
 60296 | Tomb:2   | 60296 ||| DRINKING 10 potions of attraction.
 60297 | Tomb:2   | 60297 ||| INVOKING Summon Divine Warrior.
 60297 | Tomb:2   | Identified the +0 tower shield of Qejop {Will+++ rCorr
                  | Str-3 Int+7}
 60297 | Tomb:2   | Noticed a royal mummy
 60299 | Tomb:2   | Noticed a royal mummy
 60301 | Tomb:2   | 60301 ||| INVOKING Cleansing Flame.
 60301 | Tomb:2   | Noticed a royal mummy
 60302 | Tomb:2   | 60302 ||| INVOKING Cleansing Flame.
 60302 | Tomb:2   | Noticed a royal mummy
 60303 | Tomb:2   | Noticed a royal mummy
 60305 | Tomb:2   | 60305 ||| INVOKING Cleansing Flame.
 60305 | Tomb:2   | Killed a royal mummy
 60307 | Tomb:2   | 60307 ||| INVOKING Cleansing Flame.
 60308 | Tomb:2   | 60308 ||| INVOKING Cleansing Flame.
 60311 | Tomb:2   | Killed a royal mummy
 60312 | Tomb:2   | Killed a royal mummy
 60312 | Tomb:2   | Killed a royal mummy
 60313 | Tomb:2   | Killed a royal mummy
 60315 | Tomb:2   | 60315 ||| INVOKING Cleansing Flame.
 60316 | Tomb:2   | 60316 ||| INVOKING Cleansing Flame.
 60318 | Tomb:2   | Reached skill level 18 in Invocations
 60320 | Tomb:2   | 60320 ||| INVOKING Cleansing Flame.
 60360 | Tomb:2   | HP: 49/197 [reaper/+1 vorpal scythe[a Zot trap] (7)]
 60361 | Tomb:2   | 60361 ||| READING scroll of teleportation.
 60365 | Tomb:2   | HP: 37/197 [mummy priest/divine providence (14)]
 60366 | Tomb:2   | 60366 ||| DRINKING 15 potions of heal wounds.
 60367 | Tomb:2   | 60367 ||| INVOKING Cleansing Flame.
 60368 | Tomb:2   | 60368 ||| INVOKING Cleansing Flame.
 60369 | Tomb:2   | 60369 ||| INVOKING Summon Divine Warrior.
 60370 | Tomb:2   | 60370 ||| INVOKING Cleansing Flame.
 60371 | Tomb:2   | 60371 ||| INVOKING Cleansing Flame.
 60505 | Tomb:2   | 60505 ||| Stepping randomly (cloudy).
 60506 | Tomb:2   | 60506 ||| Stepping randomly (cloudy).
 60507 | Tomb:2   | 60507 ||| Stepping ~*~*~tactically~*~*~ (cloud).
 60578 | Tomb:3   | Entered Level 3 of the Tomb of the Ancients
 60579 | Tomb:3   | 60579 ||| DRINKING 18 potions of haste.
 60580 | Tomb:3   | 60580 ||| DRINKING 9 potions of attraction.
 60620 | Tomb:3   | Noticed a royal mummy
 60621 | Tomb:3   | 60621 ||| INVOKING Summon Divine Warrior.
 60621 | Tomb:3   | Noticed a royal mummy
 60625 | Tomb:3   | 60625 ||| INVOKING Cleansing Flame.
 60631 | Tomb:3   | Killed a royal mummy
 60636 | Tomb:3   | Killed a royal mummy
 60650 | Tomb:3   | 60650 ||| INVOKING Cleansing Flame.
 60658 | Tomb:3   | 60658 ||| INVOKING Cleansing Flame.
 60659 | Tomb:3   | 60659 ||| INVOKING Cleansing Flame.
 60660 | Tomb:3   | Noticed a royal mummy
 60665 | Tomb:3   | 60665 ||| INVOKING Cleansing Flame.
 60666 | Tomb:3   | 60666 ||| INVOKING Cleansing Flame.
 60667 | Tomb:3   | 60667 ||| INVOKING Cleansing Flame.
 60668 | Tomb:3   | 60668 ||| INVOKING Cleansing Flame.
 60668 | Tomb:3   | Killed a royal mummy
 60671 | Tomb:3   | Noticed a royal mummy
 60677 | Tomb:3   | Reached skill level 21 in Invocations
 60681 | Tomb:3   | 60681 ||| INVOKING Cleansing Flame.
 60682 | Tomb:3   | 60682 ||| INVOKING Cleansing Flame.
 60683 | Tomb:3   | 60683 ||| INVOKING Cleansing Flame.
 60683 | Tomb:3   | Killed a royal mummy
 60937 | Tomb:3   | Identified the amulet "Daorchuk" {Acrobat rElec rF+}
 61033 | Tomb:3   | 61033 ||| INVOKING Cleansing Flame.
 61040 | Tomb:3   | 61040 ||| Stepping randomly (cloudy).
 61040 | Tomb:3   | Noticed a royal mummy
 61042 | Tomb:3   | 61042 ||| INVOKING Summon Divine Warrior.
 61045 | Tomb:3   | 61045 ||| INVOKING Cleansing Flame.
 61046 | Tomb:3   | 61046 ||| INVOKING Cleansing Flame.
 61047 | Tomb:3   | 61047 ||| INVOKING Cleansing Flame.
 61048 | Tomb:3   | 61048 ||| INVOKING Cleansing Flame.
 61048 | Tomb:3   | Killed a royal mummy
 61048 | Tomb:3   | Noticed a royal mummy
 61053 | Tomb:3   | 61053 ||| INVOKING Cleansing Flame.
 61054 | Tomb:3   | 61054 ||| DRINKING 7 potions of magic.
 61055 | Tomb:3   | 61055 ||| INVOKING Cleansing Flame.
 61055 | Tomb:3   | Killed a royal mummy
 61114 | Tomb:3   | Noticed a royal mummy
 61120 | Tomb:3   | 61120 ||| INVOKING Cleansing Flame.
 61122 | Tomb:3   | Killed a royal mummy
 61185 | Tomb:3   | Noticed a royal mummy
 61189 | Tomb:3   | 61189 ||| INVOKING Cleansing Flame.
 61190 | Tomb:3   | 61190 ||| INVOKING Cleansing Flame.
 61190 | Tomb:3   | Killed a royal mummy
 61400 | Tomb:3   | Noticed a royal mummy
 61404 | Tomb:3   | 61404 ||| INVOKING Cleansing Flame.
 61405 | Tomb:3   | 61405 ||| INVOKING Cleansing Flame.
 61406 | Tomb:3   | 61406 ||| INVOKING Cleansing Flame.
 61406 | Tomb:3   | Killed a royal mummy
 61640 | Tomb:3   | Found the +6 Majin-Bo {vamp, MP+6 Int+6}
 61673 | Tomb:3   | Identified the ring "Zutemmeu" {rPois rCorr}
 61682 | Tomb:3   | Identified the +5 morningstar "Dragon's Bane" {vorpal, rF+}
 61708 | Tomb:3   | Identified the +2 battleaxe "Butag" {vorpal, rC+ rN+ Will+}
 61714 | Tomb:3   | Identified the +7 glaive "Ewicagy" {vorpal, Will++}
 61715 | Tomb:3   | Identified the ring of Qazlal's Approval {Fire Will+ rCorr
                  | Slay+2}
 61718 | Tomb:3   | Identified the +3 scimitar of the Abyss {distort, rF+}
 61814 | Tomb:3   | Got a golden rune of Zot
 61870 | Tomb:3   | 61870 ||| PLANNING PAN
 61870 | Tomb:3   | 61870 ||| DROPPING +1 helmet of intelligence.
 61871 | Tomb:3   | 61871 ||| DROPPING ring of see invisible.
 61872 | Tomb:3   | 61872 ||| DROPPING ring of wizardry.
 62354 | Pan      | Entered Pandemonium
 62381 | Pan      | 62381 ||| Stepping ~*~*~tactically~*~*~ (stealth).
 62387 | Pan      | 62387 ||| Stepping ~*~*~tactically~*~*~ (stealth).
 62395 | Pan      | 62395 ||| Stepping ~*~*~tactically~*~*~ (hiding).
 62399 | Pan      | 62399 ||| Stepping ~*~*~tactically~*~*~ (hiding).
 62400 | Pan      | 62400 ||| Stepping ~*~*~tactically~*~*~ (hiding).
 62480 | Pan      | 62480 ||| Stepping ~*~*~tactically~*~*~ (stealth).
 62481 | Pan      | 62481 ||| Stepping ~*~*~tactically~*~*~ (stealth).
 62498 | Pan      | 62498 ||| Stepping ~*~*~tactically~*~*~ (stealth).
 62563 | Pan      | 62563 ||| Stepping ~*~*~tactically~*~*~ (stealth).
 62565 | Pan      | 62565 ||| Stepping ~*~*~tactically~*~*~ (hiding).
 62567 | Pan      | 62567 ||| Stepping ~*~*~tactically~*~*~ (hiding).
 62570 | Pan      | 62570 ||| INVOKING Cleansing Flame.
 62571 | Pan      | 62571 ||| INVOKING Summon Divine Warrior.
 62587 | Pan      | 62587 ||| INVOKING Cleansing Flame.
 62588 | Pan      | 62588 ||| INVOKING Cleansing Flame.
 62589 | Pan      | 62589 ||| INVOKING Cleansing Flame.
 62815 | Pan      | 62815 ||| Stepping ~*~*~tactically~*~*~ (stealth).
 62818 | Pan      | 62818 ||| Stepping ~*~*~tactically~*~*~ (stealth).
 62820 | Pan      | 62820 ||| Stepping ~*~*~tactically~*~*~ (stealth).
 62825 | Pan      | 62825 ||| Stepping ~*~*~tactically~*~*~ (hiding).
 62826 | Pan      | 62826 ||| Stepping ~*~*~tactically~*~*~ (hiding).
 62827 | Pan      | 62827 ||| Stepping ~*~*~tactically~*~*~ (hiding).
 62831 | Pan      | 62831 ||| Stepping ~*~*~tactically~*~*~ (stealth).
 62840 | Pan      | 62840 ||| Stepping ~*~*~tactically~*~*~ (stealth).
 62849 | Pan      | 62849 ||| Stepping ~*~*~tactically~*~*~ (stealth).
 62876 | Pan      | 62876 ||| DRINKING 3 potions of resistance.
 62877 | Pan      | 62877 ||| INVOKING Summon Divine Warrior.
 62900 | Pan      | 62900 ||| Stepping ~*~*~tactically~*~*~ (stealth).
 62904 | Pan      | 62904 ||| INVOKING Cleansing Flame.
 62905 | Pan      | 62905 ||| INVOKING Summon Divine Warrior.
 62934 | Pan      | 62934 ||| INVOKING Cleansing Flame.
 62940 | Pan      | 62940 ||| INVOKING Cleansing Flame.
 62941 | Pan      | 62941 ||| INVOKING Summon Divine Warrior.
 63020 | Pan      | Noticed Saexacan the pandemonium lord
 63024 | Pan      | 63024 ||| INVOKING Cleansing Flame.
 63025 | Pan      | 63025 ||| INVOKING Cleansing Flame.
 63031 | Pan      | Killed Saexacan the pandemonium lord
 63195 | Pan      | 63195 ||| INVOKING Summon Divine Warrior.
 63202 | Pan      | 63202 ||| INVOKING Cleansing Flame.
 63239 | Pan      | 63239 ||| Stepping ~*~*~tactically~*~*~ (hiding).
 63240 | Pan      | 63240 ||| Stepping ~*~*~tactically~*~*~ (hiding).
 63259 | Pan      | Found an exit through the horrors of the Abyss.
 63315 | Pan      | 63315 ||| Stepping ~*~*~tactically~*~*~ (stealth).
 63316 | Pan      | 63316 ||| Stepping ~*~*~tactically~*~*~ (stealth).
 63326 | Pan      | 63326 ||| Stepping ~*~*~tactically~*~*~ (stealth).
 63326 | Pan      | Noticed Depp the pandemonium lord
 63327 | Pan      | 63327 ||| Stepping ~*~*~tactically~*~*~ (hiding).
 63329 | Pan      | 63329 ||| INVOKING Cleansing Flame.
 63330 | Pan      | 63330 ||| INVOKING Summon Divine Warrior.
 63334 | Pan      | Killed Depp the pandemonium lord
 63339 | Pan      | Gained mutation: Your spells are a little easier to cast,
                  | but a little less powerful. [a neqoxec]
 63380 | Pan      | Reached skill level 24 in Invocations
 63838 | Pan      | 63838 ||| INVOKING Cleansing Flame.
 64037 | Pan      | 64037 ||| Stepping ~*~*~tactically~*~*~ (cloud).
 64039 | Pan      | 64039 ||| Stepping ~*~*~tactically~*~*~ (hiding).
 64049 | Pan      | 64049 ||| Stepping ~*~*~tactically~*~*~ (stealth).
 64060 | Pan      | 64060 ||| Stepping ~*~*~tactically~*~*~ (stealth).
 64093 | Pan      | 64093 ||| Stepping ~*~*~tactically~*~*~ (stealth).
 64095 | Pan      | 64095 ||| Stepping ~*~*~tactically~*~*~ (hiding).
 64100 | Pan      | 64100 ||| Stepping ~*~*~tactically~*~*~ (hiding).
 64107 | Pan      | Noticed Eluteron the pandemonium lord
 64108 | Pan      | 64108 ||| INVOKING Cleansing Flame.
 64109 | Pan      | 64109 ||| INVOKING Cleansing Flame.
 64110 | Pan      | 64110 ||| INVOKING Cleansing Flame.
 64111 | Pan      | 64111 ||| INVOKING Summon Divine Warrior.
 64114 | Pan      | Killed Eluteron the pandemonium lord
 64314 | Pan      | 64314 ||| Stepping ~*~*~tactically~*~*~ (hiding).
 64427 | Pan      | 64427 ||| Stepping ~*~*~tactically~*~*~ (stealth).
 64528 | Pan      | 64528 ||| Stepping ~*~*~tactically~*~*~ (hiding).
 64537 | Pan      | 64537 ||| Stepping ~*~*~tactically~*~*~ (hiding).
 64539 | Pan      | 64539 ||| INVOKING Summon Divine Warrior.
 64704 | Pan      | 64704 ||| READING scroll of enchant armour.
 64704 | Pan      | 64704 ||| ENCHANTING +1 helmet of see invisible.
 64955 | Pan      | Gained mutation: Your body sometimes deteriorates upon
                  | taking damage. [a neqoxec]
 65268 | Pan      | 65268 ||| Stepping ~*~*~tactically~*~*~ (hiding).
 65306 | Pan      | 65306 ||| Stepping ~*~*~tactically~*~*~ (stealth).
 65307 | Pan      | 65307 ||| Stepping ~*~*~tactically~*~*~ (stealth).
 65399 | Pan      | 65399 ||| INVOKING Summon Divine Warrior.
 65402 | Pan      | 65402 ||| INVOKING Cleansing Flame.
 65403 | Pan      | 65403 ||| INVOKING Cleansing Flame.
 65647 | Pan      | 65647 ||| INVOKING Cleansing Flame.
 65909 | Pan      | Noticed Cuil the pandemonium lord
 65919 | Pan      | 65919 ||| INVOKING Cleansing Flame.
 65920 | Pan      | 65920 ||| INVOKING Cleansing Flame.
 65920 | Pan      | Killed Cuil the pandemonium lord
 65941 | Pan      | Identified the +12 great sword of Wipnun {vorpal, rElec}
 66153 | Pan      | Entered the realm of Gloorx Vloq.
 66179 | Pan      | 66179 ||| Stepping ~*~*~tactically~*~*~ (stealth).
 66180 | Pan      | 66180 ||| Stepping ~*~*~tactically~*~*~ (stealth).
 66182 | Pan      | 66182 ||| Stepping ~*~*~tactically~*~*~ (stealth).
 66222 | Pan      | 66222 ||| Stepping ~*~*~tactically~*~*~ (hiding).
 66225 | Pan      | 66225 ||| Stepping ~*~*~tactically~*~*~ (hiding).
 66227 | Pan      | 66227 ||| Stepping ~*~*~tactically~*~*~ (hiding).
 66317 | Pan      | 66317 ||| Stepping ~*~*~tactically~*~*~ (stealth).
 66516 | Pan      | 66516 ||| Stepping ~*~*~tactically~*~*~ (stealth).
 66524 | Pan      | Reached skill level 1 in Short Blades
 66595 | Pan      | 66595 ||| Stepping ~*~*~tactically~*~*~ (stealth).
 66598 | Pan      | 66598 ||| Stepping ~*~*~tactically~*~*~ (stealth).
 66627 | Pan      | 66627 ||| INVOKING Cleansing Flame.
 66638 | Pan      | 66638 ||| Stepping ~*~*~tactically~*~*~ (stealth).
 66650 | Pan      | 66650 ||| Stepping ~*~*~tactically~*~*~ (stealth).
 66670 | Pan      | 66670 ||| Stepping ~*~*~tactically~*~*~ (stealth).
 66671 | Pan      | 66671 ||| INVOKING Cleansing Flame.
 66672 | Pan      | 66672 ||| INVOKING Cleansing Flame.
 66692 | Pan      | 66692 ||| Stepping ~*~*~tactically~*~*~ (stealth).
 66693 | Pan      | 66693 ||| Stepping ~*~*~tactically~*~*~ (stealth).
 66694 | Pan      | 66694 ||| Stepping ~*~*~tactically~*~*~ (stealth).
 66712 | Pan      | Reached skill level 3 in Short Blades
 66972 | Pan      | 66972 ||| Stepping ~*~*~tactically~*~*~ (stealth).
 66973 | Pan      | 66973 ||| Stepping ~*~*~tactically~*~*~ (stealth).
 67085 | Pan      | 67085 ||| Stepping ~*~*~tactically~*~*~ (stealth).
 67093 | Pan      | 67093 ||| Stepping ~*~*~tactically~*~*~ (stealth).
 67101 | Pan      | 67101 ||| Stepping ~*~*~tactically~*~*~ (stealth).
 67101 | Pan      | Noticed Gloorx Vloq
 67102 | Pan      | 67102 ||| INVOKING Summon Divine Warrior.
 67104 | Pan      | 67104 ||| INVOKING Summon Divine Warrior.
 67116 | Pan      | Killed Gloorx Vloq
 67228 | Pan      | Got a dark rune of Zot
 67229 | Pan      | 67229 ||| DROPPING +1 hat.
 67330 | Pan      | 67330 ||| Stepping ~*~*~tactically~*~*~ (stealth).
 67359 | Pan      | 67359 ||| Stepping ~*~*~tactically~*~*~ (stealth).
 67360 | Pan      | 67360 ||| Stepping ~*~*~tactically~*~*~ (stealth).
 67388 | Pan      | 67388 ||| INVOKING Summon Divine Warrior.
 67389 | Pan      | 67389 ||| INVOKING Cleansing Flame.
 67412 | Pan      | Reached skill level 27 in Invocations
 67606 | Pan      | 67606 ||| INVOKING Cleansing Flame.
 67745 | Pan      | 67745 ||| INVOKING Cleansing Flame.
 67751 | Pan      | 67751 ||| INVOKING Cleansing Flame.
 67766 | Pan      | Noticed Woonwe the pandemonium lord
 67775 | Pan      | Killed Woonwe the pandemonium lord
 67888 | Pan      | 67888 ||| INVOKING Cleansing Flame.
 68043 | Pan      | 68043 ||| INVOKING Cleansing Flame.
 68277 | Pan      | 68277 ||| Stepping ~*~*~tactically~*~*~ (stealth).
 68277 | Pan      | Noticed Codiw the pandemonium lord
 68278 | Pan      | 68278 ||| Stepping ~*~*~tactically~*~*~ (stealth).
 68279 | Pan      | 68279 ||| Stepping ~*~*~tactically~*~*~ (stealth).
 68292 | Pan      | Reached skill level 24 in Armour
 68308 | Pan      | Killed Codiw the pandemonium lord
 68361 | Pan      | 68361 ||| Stepping ~*~*~tactically~*~*~ (stealth).
 68527 | Pan      | 68527 ||| Stepping ~*~*~tactically~*~*~ (stealth).
 68528 | Pan      | 68528 ||| Stepping ~*~*~tactically~*~*~ (stealth).
 68529 | Pan      | 68529 ||| Stepping ~*~*~tactically~*~*~ (stealth).
 68530 | Pan      | 68530 ||| Stepping ~*~*~tactically~*~*~ (stealth).
 68644 | Pan      | 68644 ||| ZAPPING wand of digging (8).
 68645 | Pan      | 68645 ||| Stepping ~*~*~tactically~*~*~ (cloud).
 68740 | Pan      | 68740 ||| Stepping ~*~*~tactically~*~*~ (stealth).
 69062 | Pan      | 69062 ||| Stepping ~*~*~tactically~*~*~ (stealth).
 69063 | Pan      | 69063 ||| Stepping ~*~*~tactically~*~*~ (stealth).
 69064 | Pan      | 69064 ||| Stepping ~*~*~tactically~*~*~ (stealth).
 69070 | Pan      | 69070 ||| Stepping ~*~*~tactically~*~*~ (stealth).
 69082 | Pan      | 69082 ||| Stepping ~*~*~tactically~*~*~ (stealth).
 69083 | Pan      | 69083 ||| Stepping ~*~*~tactically~*~*~ (stealth).
 69821 | Pan      | 69821 ||| Stepping ~*~*~tactically~*~*~ (stealth).
 69822 | Pan      | 69822 ||| Stepping ~*~*~tactically~*~*~ (stealth).
 69823 | Pan      | 69823 ||| Stepping ~*~*~tactically~*~*~ (stealth).
 70031 | Pan      | 70031 ||| Stepping ~*~*~tactically~*~*~ (stealth).
 70033 | Pan      | 70033 ||| Stepping ~*~*~tactically~*~*~ (stealth).
 70121 | Pan      | 70121 ||| Stepping ~*~*~tactically~*~*~ (stealth).
 70123 | Pan      | 70123 ||| Stepping ~*~*~tactically~*~*~ (stealth).
 70157 | Pan      | 70157 ||| Stepping ~*~*~tactically~*~*~ (stealth).
 70349 | Pan      | 70349 ||| Stepping ~*~*~tactically~*~*~ (hiding).
 70410 | Pan      | 70410 ||| Stepping ~*~*~tactically~*~*~ (stealth).
 70411 | Pan      | 70411 ||| Stepping ~*~*~tactically~*~*~ (stealth).
 70412 | Pan      | 70412 ||| Stepping ~*~*~tactically~*~*~ (stealth).
 70413 | Pan      | 70413 ||| Stepping ~*~*~tactically~*~*~ (stealth).
 70417 | Pan      | 70417 ||| Stepping ~*~*~tactically~*~*~ (stealth).
 70482 | Pan      | 70482 ||| Stepping ~*~*~tactically~*~*~ (stealth).
 70532 | Pan      | 70532 ||| Stepping ~*~*~tactically~*~*~ (stealth).
 70744 | Pan      | 70744 ||| Stepping ~*~*~tactically~*~*~ (stealth).
 70944 | Pan      | 70944 ||| Stepping ~*~*~tactically~*~*~ (stealth).
 71134 | Pan      | 71134 ||| Stepping ~*~*~tactically~*~*~ (stealth).
 71168 | Pan      | 71168 ||| Stepping ~*~*~tactically~*~*~ (stealth).
 71310 | Pan      | 71310 ||| Stepping ~*~*~tactically~*~*~ (stealth).
 71475 | Pan      | 71475 ||| Stepping ~*~*~tactically~*~*~ (stealth).
 71476 | Pan      | 71476 ||| Stepping ~*~*~tactically~*~*~ (stealth).
 71597 | Pan      | 71597 ||| Stepping ~*~*~tactically~*~*~ (stealth).
 71677 | Pan      | 71677 ||| Stepping ~*~*~tactically~*~*~ (stealth).
 72040 | Pan      | 72040 ||| Stepping ~*~*~tactically~*~*~ (stealth).
 72284 | Pan      | 72284 ||| Stepping ~*~*~tactically~*~*~ (stealth).
 72341 | Pan      | 72341 ||| Stepping ~*~*~tactically~*~*~ (stealth).
 72380 | Pan      | 72380 ||| Stepping ~*~*~tactically~*~*~ (stealth).
 72386 | Pan      | 72386 ||| Stepping ~*~*~tactically~*~*~ (stealth).
 72489 | Pan      | 72489 ||| Stepping ~*~*~tactically~*~*~ (stealth).
 72490 | Pan      | 72490 ||| Stepping ~*~*~tactically~*~*~ (stealth).
 72491 | Pan      | 72491 ||| Stepping ~*~*~tactically~*~*~ (stealth).
 72500 | Pan      | 72500 ||| Stepping ~*~*~tactically~*~*~ (stealth).
 72501 | Pan      | 72501 ||| Stepping ~*~*~tactically~*~*~ (stealth).
 72503 | Pan      | 72503 ||| Stepping ~*~*~tactically~*~*~ (stealth).
 72957 | Pan      | 72957 ||| Stepping ~*~*~tactically~*~*~ (stealth).
 73256 | Pan      | 73256 ||| Stepping ~*~*~tactically~*~*~ (stealth).
 73257 | Pan      | 73257 ||| Stepping ~*~*~tactically~*~*~ (stealth).
 73343 | Pan      | 73343 ||| Stepping ~*~*~tactically~*~*~ (stealth).
 73363 | Pan      | 73363 ||| Stepping ~*~*~tactically~*~*~ (stealth).
 73365 | Pan      | 73365 ||| Stepping ~*~*~tactically~*~*~ (stealth).
 73367 | Pan      | 73367 ||| Stepping ~*~*~tactically~*~*~ (stealth).
 73368 | Pan      | 73368 ||| Stepping ~*~*~tactically~*~*~ (stealth).
 73369 | Pan      | 73369 ||| Stepping ~*~*~tactically~*~*~ (stealth).
 73372 | Pan      | 73372 ||| Stepping ~*~*~tactically~*~*~ (stealth).
 73452 | Pan      | 73452 ||| Stepping ~*~*~tactically~*~*~ (stealth).
 73482 | Pan      | 73482 ||| Stepping ~*~*~tactically~*~*~ (stealth).
 73864 | Pan      | 73864 ||| Stepping ~*~*~tactically~*~*~ (stealth).
 73929 | Pan      | 73929 ||| Stepping ~*~*~tactically~*~*~ (stealth).
 73930 | Pan      | 73930 ||| Stepping ~*~*~tactically~*~*~ (stealth).
 73932 | Pan      | 73932 ||| Stepping ~*~*~tactically~*~*~ (stealth).
 74128 | Pan      | 74128 ||| Stepping ~*~*~tactically~*~*~ (stealth).
 74254 | Pan      | 74254 ||| Stepping ~*~*~tactically~*~*~ (stealth).
 74278 | Pan      | 74278 ||| Stepping ~*~*~tactically~*~*~ (stealth).
 74283 | Pan      | 74283 ||| Stepping ~*~*~tactically~*~*~ (stealth).
 74294 | Pan      | 74294 ||| Stepping ~*~*~tactically~*~*~ (stealth).
 74321 | Pan      | 74321 ||| Stepping ~*~*~tactically~*~*~ (stealth).
 74329 | Pan      | 74329 ||| Stepping ~*~*~tactically~*~*~ (stealth).
 74331 | Pan      | 74331 ||| Stepping ~*~*~tactically~*~*~ (stealth).
 74332 | Pan      | 74332 ||| Stepping ~*~*~tactically~*~*~ (stealth).
 74336 | Pan      | 74336 ||| Stepping ~*~*~tactically~*~*~ (hiding).
 74367 | Pan      | 74367 ||| Stepping ~*~*~tactically~*~*~ (stealth).
 74387 | Pan      | 74387 ||| Stepping ~*~*~tactically~*~*~ (stealth).
 74388 | Pan      | 74388 ||| Stepping ~*~*~tactically~*~*~ (stealth).
 74779 | Pan      | 74779 ||| Stepping ~*~*~tactically~*~*~ (stealth).
 74839 | Pan      | 74839 ||| Stepping ~*~*~tactically~*~*~ (stealth).
 74894 | Pan      | 74894 ||| Stepping ~*~*~tactically~*~*~ (stealth).
 75062 | Pan      | 75062 ||| Stepping ~*~*~tactically~*~*~ (stealth).
 75073 | Pan      | 75073 ||| Stepping ~*~*~tactically~*~*~ (stealth).
 75098 | Pan      | 75098 ||| Stepping ~*~*~tactically~*~*~ (stealth).
 75217 | Pan      | Reached skill level 6 in Short Blades
 75279 | Pan      | 75279 ||| Stepping ~*~*~tactically~*~*~ (stealth).
 75287 | Pan      | 75287 ||| Stepping ~*~*~tactically~*~*~ (hiding).
 75288 | Pan      | 75288 ||| Stepping ~*~*~tactically~*~*~ (hiding).
 75653 | Pan      | 75653 ||| Stepping ~*~*~tactically~*~*~ (stealth).
 75667 | Pan      | 75667 ||| Stepping ~*~*~tactically~*~*~ (stealth).
 75735 | Pan      | 75735 ||| Stepping ~*~*~tactically~*~*~ (stealth).
 76313 | Pan      | Reached skill level 27 in Armour
 76341 | Pan      | 76341 ||| Stepping ~*~*~tactically~*~*~ (stealth).
 76360 | Pan      | 76360 ||| Stepping ~*~*~tactically~*~*~ (stealth).
 76362 | Pan      | 76362 ||| Stepping ~*~*~tactically~*~*~ (stealth).
 76444 | Pan      | 76444 ||| Stepping ~*~*~tactically~*~*~ (stealth).
 76823 | Pan      | Found a runed translucent door.
 77106 | Pan      | HP: 23/197 [Hell Sentinel/iron shot (72)]
 77107 | Pan      | 77107 ||| READING 2 scrolls of teleportation.
 77108 | Pan      | 77108 ||| DRINKING 19 potions of heal wounds.
 77109 | Pan      | 77109 ||| DRINKING 18 potions of heal wounds.
 77110 | Pan      | 77110 ||| DRINKING 17 potions of heal wounds.
 77113 | Pan      | 77113 ||| DRINKING 6 potions of magic.
 77114 | Pan      | 77114 ||| INVOKING Summon Divine Warrior.
 77145 | Pan      | 77145 ||| INVOKING Cleansing Flame.
 77330 | Pan      | 77330 ||| Stepping ~*~*~tactically~*~*~ (stealth).
 77392 | Pan      | 77392 ||| Stepping ~*~*~tactically~*~*~ (stealth).
 77749 | Pan      | Found an exit through the horrors of the Abyss.
 77936 | Pan      | Reached skill level 27 in Fighting
 78529 | Pan      | 78529 ||| Stepping ~*~*~tactically~*~*~ (stealth).
 78541 | Pan      | 78541 ||| Stepping ~*~*~tactically~*~*~ (hiding).
 79537 | Pan      | 79537 ||| Stepping ~*~*~tactically~*~*~ (hiding).
 80046 | Pan      | Reached skill level 24 in Shields
 80369 | Pan      | 80369 ||| Stepping ~*~*~tactically~*~*~ (stealth).
 80469 | Pan      | 80469 ||| Stepping ~*~*~tactically~*~*~ (hiding).
 80470 | Pan      | 80470 ||| Stepping ~*~*~tactically~*~*~ (hiding).
 80798 | Pan      | 80798 ||| INVOKING Cleansing Flame.
 80930 | Pan      | 80930 ||| INVOKING Cleansing Flame.
 80931 | Pan      | 80931 ||| INVOKING Cleansing Flame.
 80932 | Pan      | 80932 ||| DRINKING 5 potions of magic.
 80933 | Pan      | 80933 ||| INVOKING Cleansing Flame.
 80990 | Pan      | 80990 ||| Stepping ~*~*~tactically~*~*~ (stealth).
 80991 | Pan      | 80991 ||| Stepping ~*~*~tactically~*~*~ (stealth).
 80992 | Pan      | 80992 ||| Stepping ~*~*~tactically~*~*~ (stealth).
 81136 | Pan      | 81136 ||| DRINKING 4 potions of magic.
 81140 | Pan      | 81140 ||| INVOKING Summon Divine Warrior.
 81141 | Pan      | HP: 47/199 [Hell Sentinel/damnation (37)]
 81142 | Pan      | 81142 ||| READING scroll of teleportation.
 81143 | Pan      | 81143 ||| DRINKING 16 potions of heal wounds.
 81160 | Pan      | HP: 47/199 [Hell Sentinel/damnation (40)]
 81161 | Pan      | 81161 ||| DRINKING 15 potions of heal wounds.
 81620 | Pan      | 81620 ||| Stepping ~*~*~tactically~*~*~ (stealth).
 81631 | Pan      | 81631 ||| UPGRADING to +1 tower shield of positive energy.
 81634 | Pan      | 81634 ||| DRINKING 3 potions of magic.
 81635 | Pan      | 81635 ||| INVOKING Cleansing Flame.
 81636 | Pan      | 81636 ||| INVOKING Cleansing Flame.
 81637 | Pan      | 81637 ||| INVOKING Summon Divine Warrior.
 81751 | Pan      | 81751 ||| UPGRADING to +1 tower shield of positive energy.
 81761 | Pan      | 81761 ||| DROPPING +0 tower shield.
 81779 | Pan      | 81779 ||| Stepping ~*~*~tactically~*~*~ (stealth).
 82049 | Pan      | 82049 ||| Stepping ~*~*~tactically~*~*~ (stealth).
 82052 | Pan      | 82052 ||| Stepping ~*~*~tactically~*~*~ (stealth).
 82053 | Pan      | 82053 ||| Stepping ~*~*~tactically~*~*~ (stealth).
 82054 | Pan      | 82054 ||| Stepping ~*~*~tactically~*~*~ (stealth).
 82055 | Pan      | 82055 ||| Stepping ~*~*~tactically~*~*~ (stealth).
 82058 | Pan      | 82058 ||| Stepping ~*~*~tactically~*~*~ (stealth).
 82075 | Pan      | 82075 ||| Stepping ~*~*~tactically~*~*~ (stealth).
 82079 | Pan      | 82079 ||| Stepping ~*~*~tactically~*~*~ (stealth).
 82080 | Pan      | 82080 ||| Stepping ~*~*~tactically~*~*~ (stealth).
 82081 | Pan      | 82081 ||| Stepping ~*~*~tactically~*~*~ (stealth).
 82085 | Pan      | 82085 ||| Stepping ~*~*~tactically~*~*~ (stealth).
 82089 | Pan      | 82089 ||| Stepping ~*~*~tactically~*~*~ (stealth).
 82092 | Pan      | 82092 ||| Stepping ~*~*~tactically~*~*~ (stealth).
 82114 | Pan      | 82114 ||| Stepping ~*~*~tactically~*~*~ (stealth).
 82115 | Pan      | 82115 ||| Stepping ~*~*~tactically~*~*~ (stealth).
 82140 | Pan      | 82140 ||| Stepping ~*~*~tactically~*~*~ (stealth).
 82141 | Pan      | 82141 ||| Stepping ~*~*~tactically~*~*~ (stealth).
 82446 | Pan      | 82446 ||| Stepping ~*~*~tactically~*~*~ (stealth).
 82514 | Pan      | 82514 ||| DRINKING 2 potions of magic.
 82515 | Pan      | 82515 ||| INVOKING Cleansing Flame.
 82516 | Pan      | 82516 ||| INVOKING Cleansing Flame.
 82517 | Pan      | 82517 ||| INVOKING Summon Divine Warrior.
 82596 | Pan      | 82596 ||| INVOKING Cleansing Flame.
 82597 | Pan      | 82597 ||| INVOKING Cleansing Flame.
 82598 | Pan      | 82598 ||| INVOKING Cleansing Flame.
 82613 | Pan      | 82613 ||| Stepping ~*~*~tactically~*~*~ (stealth).
 82677 | Pan      | 82677 ||| Stepping ~*~*~tactically~*~*~ (stealth).
 82740 | Pan      | 82740 ||| Stepping ~*~*~tactically~*~*~ (stealth).
 82742 | Pan      | 82742 ||| Stepping ~*~*~tactically~*~*~ (stealth).
 82744 | Pan      | 82744 ||| Stepping ~*~*~tactically~*~*~ (stealth).
 82748 | Pan      | 82748 ||| Stepping ~*~*~tactically~*~*~ (stealth).
 82753 | Pan      | 82753 ||| Stepping ~*~*~tactically~*~*~ (stealth).
 83022 | Pan      | 83022 ||| Stepping ~*~*~tactically~*~*~ (stealth).
 83046 | Pan      | 83046 ||| Stepping ~*~*~tactically~*~*~ (stealth).
 83061 | Pan      | 83061 ||| DRINKING potion of magic.
 83062 | Pan      | 83062 ||| INVOKING Summon Divine Warrior.
 83065 | Pan      | 83065 ||| INVOKING Cleansing Flame.
 83066 | Pan      | 83066 ||| INVOKING Cleansing Flame.
 83138 | Pan      | 83138 ||| Stepping ~*~*~tactically~*~*~ (stealth).
 83139 | Pan      | 83139 ||| Stepping ~*~*~tactically~*~*~ (stealth).
 83140 | Pan      | 83140 ||| Stepping ~*~*~tactically~*~*~ (stealth).
 83141 | Pan      | 83141 ||| Stepping ~*~*~tactically~*~*~ (stealth).
 83142 | Pan      | 83142 ||| Stepping ~*~*~tactically~*~*~ (stealth).
 83167 | Pan      | 83167 ||| Stepping ~*~*~tactically~*~*~ (stealth).
 83168 | Pan      | 83168 ||| Stepping ~*~*~tactically~*~*~ (stealth).
 83190 | Pan      | 83190 ||| Stepping ~*~*~tactically~*~*~ (stealth).
 83273 | Pan      | 83273 ||| Stepping ~*~*~tactically~*~*~ (stealth).
 83275 | Pan      | 83275 ||| Stepping ~*~*~tactically~*~*~ (stealth).
 83342 | Pan      | 83342 ||| Stepping ~*~*~tactically~*~*~ (stealth).
 83343 | Pan      | 83343 ||| Stepping ~*~*~tactically~*~*~ (stealth).
 83345 | Pan      | 83345 ||| Stepping ~*~*~tactically~*~*~ (stealth).
 83346 | Pan      | 83346 ||| Stepping ~*~*~tactically~*~*~ (stealth).
 83347 | Pan      | 83347 ||| Stepping ~*~*~tactically~*~*~ (stealth).
 83483 | Pan      | 83483 ||| Stepping ~*~*~tactically~*~*~ (stealth).
 83484 | Pan      | 83484 ||| Stepping ~*~*~tactically~*~*~ (stealth).
 83531 | Pan      | 83531 ||| Stepping ~*~*~tactically~*~*~ (stealth).
 83532 | Pan      | 83532 ||| Stepping ~*~*~tactically~*~*~ (stealth).
 83564 | Pan      | 83564 ||| Stepping ~*~*~tactically~*~*~ (stealth).
 83565 | Pan      | 83565 ||| Stepping ~*~*~tactically~*~*~ (stealth).
 83583 | Pan      | 83583 ||| Stepping ~*~*~tactically~*~*~ (stealth).
 83584 | Pan      | 83584 ||| Stepping ~*~*~tactically~*~*~ (stealth).
 83589 | Pan      | 83589 ||| ZAPPING wand of digging (7).
 83624 | Pan      | 83624 ||| Stepping ~*~*~tactically~*~*~ (hiding).
 83625 | Pan      | 83625 ||| Stepping ~*~*~tactically~*~*~ (hiding).
 83667 | Pan      | 83667 ||| Stepping ~*~*~tactically~*~*~ (stealth).
 83668 | Pan      | 83668 ||| Stepping ~*~*~tactically~*~*~ (stealth).
 83672 | Pan      | 83672 ||| Stepping ~*~*~tactically~*~*~ (stealth).
 83673 | Pan      | 83673 ||| Stepping ~*~*~tactically~*~*~ (stealth).
 83711 | Pan      | 83711 ||| Stepping ~*~*~tactically~*~*~ (stealth).
 83864 | Pan      | 83864 ||| Stepping ~*~*~tactically~*~*~ (stealth).
 84296 | Pan      | 84296 ||| Stepping ~*~*~tactically~*~*~ (hiding).
 84351 | Pan      | 84351 ||| Stepping ~*~*~tactically~*~*~ (stealth).
 84358 | Pan      | 84358 ||| Stepping ~*~*~tactically~*~*~ (stealth).
 84360 | Pan      | 84360 ||| Stepping ~*~*~tactically~*~*~ (stealth).
 84458 | Pan      | 84458 ||| Stepping ~*~*~tactically~*~*~ (stealth).
 84460 | Pan      | 84460 ||| Stepping ~*~*~tactically~*~*~ (stealth).
 84482 | Pan      | 84482 ||| Stepping ~*~*~tactically~*~*~ (stealth).
 84483 | Pan      | 84483 ||| Stepping ~*~*~tactically~*~*~ (stealth).
 84485 | Pan      | 84485 ||| Stepping ~*~*~tactically~*~*~ (stealth).
 84540 | Pan      | 84540 ||| Stepping ~*~*~tactically~*~*~ (stealth).
 84543 | Pan      | 84543 ||| Stepping ~*~*~tactically~*~*~ (stealth).
 84544 | Pan      | 84544 ||| Stepping ~*~*~tactically~*~*~ (stealth).
 84546 | Pan      | 84546 ||| Stepping ~*~*~tactically~*~*~ (stealth).
 84547 | Pan      | 84547 ||| Stepping ~*~*~tactically~*~*~ (stealth).
 84548 | Pan      | 84548 ||| Stepping ~*~*~tactically~*~*~ (stealth).
 84549 | Pan      | 84549 ||| Stepping ~*~*~tactically~*~*~ (stealth).
 84552 | Pan      | 84552 ||| Stepping ~*~*~tactically~*~*~ (stealth).
 84624 | Pan      | 84624 ||| Stepping ~*~*~tactically~*~*~ (stealth).
 84846 | Pan      | 84846 ||| Stepping ~*~*~tactically~*~*~ (stealth).
 84904 | Pan      | 84904 ||| Stepping ~*~*~tactically~*~*~ (stealth).
 84947 | Pan      | 84947 ||| Stepping ~*~*~tactically~*~*~ (stealth).
 84949 | Pan      | 84949 ||| Stepping ~*~*~tactically~*~*~ (stealth).
 85210 | Pan      | 85210 ||| ZAPPING wand of digging (6).
 85257 | Pan      | 85257 ||| Stepping ~*~*~tactically~*~*~ (stealth).
 85259 | Pan      | 85259 ||| Stepping ~*~*~tactically~*~*~ (stealth).
 85260 | Pan      | 85260 ||| Stepping ~*~*~tactically~*~*~ (stealth).
 85298 | Pan      | 85298 ||| Stepping ~*~*~tactically~*~*~ (stealth).
 85918 | Pan      | 85918 ||| Stepping ~*~*~tactically~*~*~ (stealth).
 86019 | Pan      | 86019 ||| Stepping ~*~*~tactically~*~*~ (stealth).
 86022 | Pan      | 86022 ||| Stepping ~*~*~tactically~*~*~ (stealth).
 86023 | Pan      | 86023 ||| Stepping ~*~*~tactically~*~*~ (stealth).
 86142 | Pan      | 86142 ||| Stepping ~*~*~tactically~*~*~ (stealth).
 86152 | Pan      | 86152 ||| Stepping ~*~*~tactically~*~*~ (stealth).
 86153 | Pan      | 86153 ||| Stepping ~*~*~tactically~*~*~ (stealth).
 86156 | Pan      | 86156 ||| Stepping ~*~*~tactically~*~*~ (stealth).
 86316 | Pan      | 86316 ||| Stepping ~*~*~tactically~*~*~ (stealth).
 86388 | Pan      | 86388 ||| Stepping ~*~*~tactically~*~*~ (stealth).
 86627 | Pan      | 86627 ||| Stepping ~*~*~tactically~*~*~ (stealth).
 86894 | Pan      | 86894 ||| Stepping ~*~*~tactically~*~*~ (stealth).
 86975 | Pan      | 86975 ||| Stepping ~*~*~tactically~*~*~ (stealth).
 87000 | Pan      | 87000 ||| Stepping ~*~*~tactically~*~*~ (stealth).
 87088 | Pan      | 87088 ||| Stepping ~*~*~tactically~*~*~ (stealth).
 87109 | Pan      | 87109 ||| INVOKING Summon Divine Warrior.
 87154 | Pan      | 87154 ||| INVOKING Summon Divine Warrior.
 87288 | Pan      | 87288 ||| INVOKING Cleansing Flame.
 87297 | Pan      | 87297 ||| Stepping ~*~*~tactically~*~*~ (hiding).
 87298 | Pan      | 87298 ||| Stepping ~*~*~tactically~*~*~ (hiding).
 87299 | Pan      | 87299 ||| INVOKING Summon Divine Warrior.
 87300 | Pan      | 87300 ||| INVOKING Cleansing Flame.
 87426 | Pan      | 87426 ||| Stepping ~*~*~tactically~*~*~ (hiding).
 87428 | Pan      | 87428 ||| Stepping ~*~*~tactically~*~*~ (hiding).
 87429 | Pan      | 87429 ||| Stepping ~*~*~tactically~*~*~ (hiding).
 87430 | Pan      | 87430 ||| Stepping ~*~*~tactically~*~*~ (hiding).
 87617 | Pan      | 87617 ||| Stepping ~*~*~tactically~*~*~ (stealth).
 87619 | Pan      | 87619 ||| Stepping ~*~*~tactically~*~*~ (stealth).
 87621 | Pan      | 87621 ||| Stepping ~*~*~tactically~*~*~ (stealth).
 87672 | Pan      | 87672 ||| Stepping ~*~*~tactically~*~*~ (stealth).
 87674 | Pan      | 87674 ||| Stepping ~*~*~tactically~*~*~ (stealth).
 87678 | Pan      | 87678 ||| Stepping ~*~*~tactically~*~*~ (stealth).
 87762 | Pan      | 87762 ||| Stepping ~*~*~tactically~*~*~ (stealth).
 87766 | Pan      | 87766 ||| Stepping ~*~*~tactically~*~*~ (stealth).
 87770 | Pan      | 87770 ||| Stepping ~*~*~tactically~*~*~ (stealth).
 87782 | Pan      | 87782 ||| Stepping ~*~*~tactically~*~*~ (stealth).
 87799 | Pan      | 87799 ||| Stepping ~*~*~tactically~*~*~ (stealth).
 87808 | Pan      | 87808 ||| Stepping ~*~*~tactically~*~*~ (stealth).
 87809 | Pan      | 87809 ||| Stepping ~*~*~tactically~*~*~ (stealth).
 87812 | Pan      | 87812 ||| Stepping ~*~*~tactically~*~*~ (stealth).
 87813 | Pan      | 87813 ||| Stepping ~*~*~tactically~*~*~ (stealth).
 87815 | Pan      | 87815 ||| Stepping ~*~*~tactically~*~*~ (stealth).
 87841 | Pan      | 87841 ||| Stepping ~*~*~tactically~*~*~ (stealth).
 87842 | Pan      | 87842 ||| Stepping ~*~*~tactically~*~*~ (stealth).
 87843 | Pan      | 87843 ||| Stepping ~*~*~tactically~*~*~ (stealth).
 87844 | Pan      | 87844 ||| Stepping ~*~*~tactically~*~*~ (stealth).
 87845 | Pan      | 87845 ||| Stepping ~*~*~tactically~*~*~ (stealth).
 87850 | Pan      | 87850 ||| Stepping ~*~*~tactically~*~*~ (stealth).
 87851 | Pan      | 87851 ||| Stepping ~*~*~tactically~*~*~ (stealth).
 87852 | Pan      | 87852 ||| Stepping ~*~*~tactically~*~*~ (stealth).
 87853 | Pan      | 87853 ||| INVOKING Summon Divine Warrior.
 88020 | Pan      | 88020 ||| Stepping ~*~*~tactically~*~*~ (stealth).
 88045 | Pan      | 88045 ||| INVOKING Summon Divine Warrior.
 88068 | Pan      | 88068 ||| Stepping ~*~*~tactically~*~*~ (hiding).
 88116 | Pan      | 88116 ||| Stepping ~*~*~tactically~*~*~ (stealth).
 89141 | Pan      | 89141 ||| Stepping ~*~*~tactically~*~*~ (stealth).
 89143 | Pan      | 89143 ||| Stepping ~*~*~tactically~*~*~ (stealth).
 89409 | Pan      | 89409 ||| ZAPPING wand of digging (5).
 89660 | Pan      | 89660 ||| Stepping ~*~*~tactically~*~*~ (stealth).
 89668 | Pan      | 89668 ||| Stepping ~*~*~tactically~*~*~ (stealth).
 89694 | Pan      | 89694 ||| Stepping ~*~*~tactically~*~*~ (stealth).
 89697 | Pan      | 89697 ||| Stepping ~*~*~tactically~*~*~ (stealth).
 89698 | Pan      | 89698 ||| Stepping ~*~*~tactically~*~*~ (stealth).
 89734 | Pan      | 89734 ||| Stepping ~*~*~tactically~*~*~ (stealth).
 89755 | Pan      | 89755 ||| Stepping ~*~*~tactically~*~*~ (stealth).
 89757 | Pan      | 89757 ||| Stepping ~*~*~tactically~*~*~ (stealth).
 89939 | Pan      | 89939 ||| Stepping ~*~*~tactically~*~*~ (stealth).
 89940 | Pan      | 89940 ||| Stepping ~*~*~tactically~*~*~ (stealth).
 91311 | Pan      | 91311 ||| Stepping ~*~*~tactically~*~*~ (stealth).
 91395 | Pan      | 91395 ||| Stepping ~*~*~tactically~*~*~ (stealth).
 91454 | Pan      | Reached skill level 12 in Dodging
 91454 | Pan      | 91454 ||| Stepping ~*~*~tactically~*~*~ (stealth).
 91475 | Pan      | 91475 ||| Stepping ~*~*~tactically~*~*~ (stealth).
 91528 | Pan      | 91528 ||| Stepping ~*~*~tactically~*~*~ (stealth).
 91529 | Pan      | 91529 ||| Stepping ~*~*~tactically~*~*~ (stealth).
 91530 | Pan      | 91530 ||| Stepping ~*~*~tactically~*~*~ (stealth).
 91532 | Pan      | 91532 ||| Stepping ~*~*~tactically~*~*~ (stealth).
 91663 | Pan      | 91663 ||| Stepping ~*~*~tactically~*~*~ (stealth).
 91807 | Pan      | 91807 ||| Stepping ~*~*~tactically~*~*~ (stealth).
 91820 | Pan      | 91820 ||| Stepping ~*~*~tactically~*~*~ (stealth).
 91822 | Pan      | 91822 ||| Stepping ~*~*~tactically~*~*~ (stealth).
 92371 | Pan      | 92371 ||| Stepping ~*~*~tactically~*~*~ (stealth).
 92372 | Pan      | 92372 ||| Stepping ~*~*~tactically~*~*~ (stealth).
 92373 | Pan      | 92373 ||| Stepping ~*~*~tactically~*~*~ (stealth).
 92603 | Pan      | 92603 ||| Stepping ~*~*~tactically~*~*~ (stealth).
 92640 | Pan      | 92640 ||| Stepping ~*~*~tactically~*~*~ (hiding).
 92687 | Pan      | 92687 ||| Stepping ~*~*~tactically~*~*~ (stealth).
 92688 | Pan      | 92688 ||| Stepping ~*~*~tactically~*~*~ (stealth).
 92690 | Pan      | 92690 ||| Stepping ~*~*~tactically~*~*~ (hiding).
 92692 | Pan      | 92692 ||| Stepping ~*~*~tactically~*~*~ (stealth).
 92698 | Pan      | 92698 ||| Stepping ~*~*~tactically~*~*~ (hiding).
 92714 | Pan      | 92714 ||| Stepping ~*~*~tactically~*~*~ (stealth).
 92715 | Pan      | 92715 ||| Stepping ~*~*~tactically~*~*~ (stealth).
 92718 | Pan      | 92718 ||| Stepping ~*~*~tactically~*~*~ (stealth).
 92721 | Pan      | 92721 ||| INVOKING Summon Divine Warrior.
 92726 | Pan      | 92726 ||| INVOKING Cleansing Flame.
 92727 | Pan      | 92727 ||| INVOKING Cleansing Flame.
 92728 | Pan      | 92728 ||| INVOKING Cleansing Flame.
 93042 | Pan      | 93042 ||| Stepping ~*~*~tactically~*~*~ (stealth).
 93094 | Pan      | 93094 ||| Stepping ~*~*~tactically~*~*~ (stealth).
 93135 | Pan      | 93135 ||| Stepping ~*~*~tactically~*~*~ (stealth).
 93143 | Pan      | 93143 ||| Stepping ~*~*~tactically~*~*~ (stealth).
 93254 | Pan      | 93254 ||| Stepping ~*~*~tactically~*~*~ (stealth).
 93257 | Pan      | 93257 ||| Stepping ~*~*~tactically~*~*~ (stealth).
 93403 | Pan      | 93403 ||| Stepping ~*~*~tactically~*~*~ (stealth).
 93414 | Pan      | 93414 ||| Stepping ~*~*~tactically~*~*~ (stealth).
 93453 | Pan      | Reached skill level 21 in Axes
 93466 | Pan      | 93466 ||| Stepping ~*~*~tactically~*~*~ (stealth).
 93499 | Pan      | 93499 ||| Stepping ~*~*~tactically~*~*~ (stealth).
 93516 | Pan      | 93516 ||| Stepping ~*~*~tactically~*~*~ (stealth).
 93576 | Pan      | 93576 ||| Stepping ~*~*~tactically~*~*~ (stealth).
 93577 | Pan      | 93577 ||| Stepping ~*~*~tactically~*~*~ (stealth).
 93579 | Pan      | 93579 ||| Stepping ~*~*~tactically~*~*~ (stealth).
 93582 | Pan      | 93582 ||| Stepping ~*~*~tactically~*~*~ (stealth).
 93637 | Pan      | 93637 ||| Stepping ~*~*~tactically~*~*~ (stealth).
 93638 | Pan      | 93638 ||| Stepping ~*~*~tactically~*~*~ (stealth).
 93641 | Pan      | 93641 ||| Stepping ~*~*~tactically~*~*~ (stealth).
 93650 | Pan      | 93650 ||| Stepping ~*~*~tactically~*~*~ (stealth).
 93693 | Pan      | 93693 ||| Stepping ~*~*~tactically~*~*~ (stealth).
 93694 | Pan      | 93694 ||| Stepping ~*~*~tactically~*~*~ (stealth).
 93695 | Pan      | 93695 ||| Stepping ~*~*~tactically~*~*~ (stealth).
 93884 | Pan      | 93884 ||| Stepping ~*~*~tactically~*~*~ (stealth).
 94018 | Pan      | 94018 ||| Stepping ~*~*~tactically~*~*~ (stealth).
 94158 | Pan      | 94158 ||| Stepping ~*~*~tactically~*~*~ (stealth).
 94202 | Pan      | 94202 ||| Stepping ~*~*~tactically~*~*~ (stealth).
 94203 | Pan      | 94203 ||| Stepping ~*~*~tactically~*~*~ (stealth).
 94260 | Pan      | 94260 ||| Stepping ~*~*~tactically~*~*~ (stealth).
 94261 | Pan      | 94261 ||| Stepping ~*~*~tactically~*~*~ (stealth).
 94267 | Pan      | 94267 ||| Stepping ~*~*~tactically~*~*~ (stealth).
 94268 | Pan      | 94268 ||| Stepping ~*~*~tactically~*~*~ (stealth).
 94383 | Pan      | 94383 ||| Stepping ~*~*~tactically~*~*~ (stealth).
 94384 | Pan      | 94384 ||| Stepping ~*~*~tactically~*~*~ (stealth).
 94385 | Pan      | 94385 ||| Stepping ~*~*~tactically~*~*~ (stealth).
 94396 | Pan      | 94396 ||| Stepping ~*~*~tactically~*~*~ (stealth).
 94397 | Pan      | 94397 ||| Stepping ~*~*~tactically~*~*~ (stealth).
 94400 | Pan      | 94400 ||| Stepping ~*~*~tactically~*~*~ (stealth).
 94402 | Pan      | 94402 ||| Stepping ~*~*~tactically~*~*~ (hiding).
 94510 | Pan      | Glimpsed the power of Zot.
 94531 | Pan      | 94531 ||| Stepping ~*~*~tactically~*~*~ (hiding).
 94534 | Pan      | 94534 ||| Stepping ~*~*~tactically~*~*~ (stealth).
 94539 | Pan      | 94539 ||| Stepping ~*~*~tactically~*~*~ (hiding).
 94592 | Pan      | 94592 ||| Stepping ~*~*~tactically~*~*~ (stealth).
 94735 | Pan      | 94735 ||| Stepping ~*~*~tactically~*~*~ (stealth).
 94789 | Pan      | 94789 ||| Stepping ~*~*~tactically~*~*~ (stealth).
 94848 | Pan      | 94848 ||| Stepping ~*~*~tactically~*~*~ (stealth).
 94964 | Pan      | 94964 ||| Stepping ~*~*~tactically~*~*~ (hiding).
 94966 | Pan      | 94966 ||| Stepping ~*~*~tactically~*~*~ (hiding).
 94971 | Pan      | 94971 ||| INVOKING Summon Divine Warrior.
 95026 | Pan      | Glimpsed the power of Zot.
 95075 | Pan      | 95075 ||| INVOKING Cleansing Flame.
 95076 | Pan      | 95076 ||| INVOKING Cleansing Flame.
 95077 | Pan      | 95077 ||| INVOKING Cleansing Flame.
 95078 | Pan      | 95078 ||| INVOKING Cleansing Flame.
 95203 | Pan      | 95203 ||| Stepping ~*~*~tactically~*~*~ (hiding).
 95365 | Pan      | 95365 ||| Stepping ~*~*~tactically~*~*~ (stealth).
 95368 | Pan      | 95368 ||| Stepping ~*~*~tactically~*~*~ (stealth).
 95373 | Pan      | 95373 ||| Stepping ~*~*~tactically~*~*~ (stealth).
 95379 | Pan      | 95379 ||| Stepping ~*~*~tactically~*~*~ (stealth).
 95429 | Pan      | Glimpsed the power of Zot.
 95531 | Pan      | Touched by the power of Zot.
 95532 | Pan      | Glimpsed the power of Zot.
 95638 | Pan      | 95638 ||| Stepping ~*~*~tactically~*~*~ (stealth).
 95640 | Pan      | 95640 ||| Stepping ~*~*~tactically~*~*~ (stealth).
 95665 | Pan      | 95665 ||| Stepping ~*~*~tactically~*~*~ (stealth).
 95752 | Pan      | 95752 ||| Stepping ~*~*~tactically~*~*~ (stealth).
 95755 | Pan      | 95755 ||| Stepping ~*~*~tactically~*~*~ (stealth).
 96033 | Pan      | Glimpsed the power of Zot.
 96209 | Pan      | 96209 ||| Stepping ~*~*~tactically~*~*~ (stealth).
 96436 | Pan      | Glimpsed the power of Zot.
 96478 | Pan      | 96478 ||| Stepping ~*~*~tactically~*~*~ (stealth).
 96539 | Pan      | Touched by the power of Zot.
 96540 | Pan      | Glimpsed the power of Zot.
 96654 | Pan      | 96654 ||| Stepping ~*~*~tactically~*~*~ (stealth).
 97007 | Pan      | 97007 ||| Stepping ~*~*~tactically~*~*~ (stealth).
 97050 | Pan      | Glimpsed the power of Zot.
 97110 | Pan      | 97110 ||| Stepping ~*~*~tactically~*~*~ (stealth).
 97111 | Pan      | 97111 ||| Stepping ~*~*~tactically~*~*~ (stealth).
 97117 | Pan      | 97117 ||| INVOKING Summon Divine Warrior.
 97120 | Pan      | 97120 ||| INVOKING Cleansing Flame.
 97142 | Pan      | 97142 ||| INVOKING Cleansing Flame.
 97453 | Pan      | Glimpsed the power of Zot.
 97553 | Pan      | Touched by the power of Zot.
 97554 | Pan      | Glimpsed the power of Zot.
 97731 | Pan      | 97731 ||| INVOKING Cleansing Flame.
 98015 | Pan      | Identified the +1 scale mail of Narcissism {Harm Will-
                  | Int+9 Slay-6}
 98041 | Pan      | Glimpsed the power of Zot.
 98441 | Pan      | Glimpsed the power of Zot.
 98541 | Pan      | Touched by the power of Zot.
 98542 | Pan      | Glimpsed the power of Zot.
 99043 | Pan      | Glimpsed the power of Zot.
 99361 | Pan      | 99361 ||| Stepping ~*~*~tactically~*~*~ (stealth).
 99445 | Pan      | Glimpsed the power of Zot.
 99545 | Pan      | Touched by the power of Zot.
 99546 | Pan      | Glimpsed the power of Zot.
 99707 | Pan      | 99707 ||| Stepping ~*~*~tactically~*~*~ (stealth).
 99708 | Pan      | 99708 ||| Stepping ~*~*~tactically~*~*~ (stealth).
100051 | Pan      | Glimpsed the power of Zot.
100063 | Pan      | 100063 ||| Stepping ~*~*~tactically~*~*~ (stealth).
100089 | Pan      | 100089 ||| Stepping ~*~*~tactically~*~*~ (stealth).
100094 | Pan      | 100094 ||| Stepping ~*~*~tactically~*~*~ (stealth).
100354 | Pan      | 100354 ||| Stepping ~*~*~tactically~*~*~ (stealth).
100358 | Pan      | 100358 ||| Stepping ~*~*~tactically~*~*~ (stealth).
100453 | Pan      | Glimpsed the power of Zot.
100462 | Pan      | Gained mutation: Your magical capacity is very low. (-20%
                  | MP) [a cacodemon]
100465 | Pan      | Gained mutation: You sometimes lose your temper in combat.
                  | [a cacodemon]
100470 | Pan      | 100470 ||| DRINKING 18 potions of mutation.
100470 | Pan      | Lost mutation: You are partially covered in iridescent
                  | scales. (AC +2) [potion of mutation]
100470 | Pan      | Lost mutation: You sometimes lose your temper in combat.
                  | [potion of mutation]
100470 | Pan      | Gained mutation: Your magical capacity is extremely low.
                  | (-30% MP) [potion of mutation]
100470 | Pan      | Gained mutation: Armour fits poorly on your strangely
                  | shaped body. [potion of mutation]
100470 | Pan      | Gained mutation: You have hoof-like feet. [potion of
                  | mutation]
100471 | Pan      | 100471 ||| DRINKING 17 potions of mutation.
100471 | Pan      | Lost mutation: Armour fits poorly on your strangely shaped
                  | body. [potion of mutation]
100471 | Pan      | Lost mutation: You have hoof-like feet. [potion of
                  | mutation]
100471 | Pan      | Gained mutation: Your body often deteriorates upon taking
                  | damage. [potion of mutation]
100471 | Pan      | Lost mutation: You have large cloven feet. [potion of
                  | mutation]
100471 | Pan      | Gained mutation: You have sharp toenails. [potion of
                  | mutation]
100472 | Pan      | 100472 ||| DRINKING 16 potions of mutation.
100472 | Pan      | Lost mutation: Your spells are a little easier to cast, but
                  | a little less powerful. [potion of mutation]
100472 | Pan      | Lost mutation: You have sharp toenails. [potion of
                  | mutation]
100473 | Pan      | 100473 ||| DRINKING 15 potions of mutation.
100473 | Pan      | Lost mutation: Your body often deteriorates upon taking
                  | damage. [potion of mutation]
100473 | Pan      | Lost mutation: Your body sometimes deteriorates upon taking
                  | damage. [potion of mutation]
100473 | Pan      | Lost mutation: Your magical capacity is extremely low.
                  | (-30% MP) [potion of mutation]
100473 | Pan      | Gained mutation: You are clumsy. (Dex -2) [potion of
                  | mutation]
100473 | Pan      | Gained mutation: Your body sometimes deteriorates upon
                  | taking damage. [potion of mutation]
100473 | Pan      | Gained mutation: You have a pair of small horns on your
                  | head. [potion of mutation]
100494 | Pan      | 100494 ||| INVOKING Summon Divine Warrior.
100497 | Pan      | HP: 13/89 [Hell Sentinel/damnation (22)]
100498 | Pan      | 100498 ||| DRINKING 14 potions of heal wounds.
100556 | Pan      | Touched by the power of Zot.
100557 | Pan      | Glimpsed the power of Zot.
100781 | Pan      | HP: 19/76 [Hell Sentinel/damnation (31)]
100782 | Pan      | 100782 ||| DRINKING 13 potions of heal wounds.
100782 | Pan      | HP: 2/76 [Hell Sentinel/damnation (44)]
100783 | Pan      | 100783 ||| DRINKING 12 potions of heal wounds.
100784 | Pan      | 100784 ||| DRINKING 11 potions of heal wounds.
100934 | Pan      | 100934 ||| Stepping ~*~*~tactically~*~*~ (stealth).
100955 | Pan      | 100955 ||| INVOKING Summon Divine Warrior.
100958 | Pan      | 100958 ||| INVOKING Cleansing Flame.
101058 | Pan      | Glimpsed the power of Zot.
101221 | Pan      | 101221 ||| INVOKING Summon Divine Warrior.
101227 | Pan      | HP: 12/76 [Hell Sentinel (18)]
101228 | Pan      | 101228 ||| DRINKING 10 potions of heal wounds.
101457 | Pan      | Glimpsed the power of Zot.
101496 | Pan      | HP: 16/76 [Hell Sentinel/iron shot (22)]
101497 | Pan      | 101497 ||| DRINKING 9 potions of heal wounds.
101498 | Pan      | 101498 ||| DRINKING 8 potions of heal wounds.
101558 | Pan      | Touched by the power of Zot.
101559 | Pan      | Glimpsed the power of Zot.
102056 | Pan      | Glimpsed the power of Zot.
102103 | Pan      | HP: 4/64 [smoke demon/divine providence (14)]
102104 | Pan      | 102104 ||| DRINKING 7 potions of heal wounds.
102457 | Pan      | Glimpsed the power of Zot.
102557 | Pan      | Touched by the power of Zot.
102558 | Pan      | Glimpsed the power of Zot.
102674 | Pan      | 102674 ||| Stepping ~*~*~tactically~*~*~ (stealth).
102675 | Pan      | 102675 ||| Stepping ~*~*~tactically~*~*~ (stealth).
102677 | Pan      | 102677 ||| Stepping ~*~*~tactically~*~*~ (hiding).
102704 | Pan      | 102704 ||| Stepping ~*~*~tactically~*~*~ (stealth).
102896 | Pan      | Reached skill level 18 in Throwing
103062 | Pan      | Glimpsed the power of Zot.
103190 | Pan      | 103190 ||| INVOKING Summon Divine Warrior.
103193 | Pan      | 103193 ||| INVOKING Cleansing Flame.
103464 | Pan      | Glimpsed the power of Zot.
103565 | Pan      | Touched by the power of Zot.
103566 | Pan      | Glimpsed the power of Zot.
104068 | Pan      | Glimpsed the power of Zot.
104212 | Pan      | 104212 ||| INVOKING Cleansing Flame.
104373 | Pan      | 104373 ||| Stepping ~*~*~tactically~*~*~ (stealth).
104471 | Pan      | Glimpsed the power of Zot.
104571 | Pan      | Touched by the power of Zot.
104572 | Pan      | Glimpsed the power of Zot.
104647 | Pan      | 104647 ||| Stepping ~*~*~tactically~*~*~ (stealth).
104721 | Pan      | 104721 ||| Stepping ~*~*~tactically~*~*~ (stealth).
104725 | Pan      | 104725 ||| Stepping ~*~*~tactically~*~*~ (stealth).
104726 | Pan      | 104726 ||| Stepping ~*~*~tactically~*~*~ (stealth).
105038 | Pan      | 105038 ||| Stepping ~*~*~tactically~*~*~ (stealth).
105043 | Pan      | 105043 ||| Stepping ~*~*~tactically~*~*~ (stealth).
105061 | Pan      | 105061 ||| INVOKING Cleansing Flame.
105062 | Pan      | 105062 ||| INVOKING Summon Divine Warrior.
105070 | Pan      | HP: 7/36 [Hell Sentinel/damnation (29)]
105071 | Pan      | 105071 ||| DRINKING 6 potions of heal wounds.
105078 | Pan      | Glimpsed the power of Zot.
105265 | Pan      | 105265 ||| INVOKING Cleansing Flame.
105265 | Pan      | The Shining One protects you from harm!
105266 | Pan      | 105266 ||| INVOKING Cleansing Flame.
105282 | Pan      | HP: 1/36 [balrug/bolt of fire (13)]
105283 | Pan      | 105283 ||| DRINKING 5 potions of heal wounds.
105284 | Pan      | 105284 ||| INVOKING Cleansing Flame.
105285 | Pan      | 105285 ||| INVOKING Cleansing Flame.
105481 | Pan      | Glimpsed the power of Zot.
105581 | Pan      | Touched by the power of Zot.
105582 | Pan      | Glimpsed the power of Zot.
105823 | Pan      | 105823 ||| INVOKING Cleansing Flame.
105825 | Pan      | Killed from afar by a Hell Sentinel

Levels and vault maps discovered:
D:1:      dpeg_arrival_radiant, layout_loops_cross, serial_bayou_ford_a
D:2:      layout_basic, shapermc_ecumenical_altar_petra, corexii_hall_statues_l
D:3:      layout_rooms, minmay_lizard_king
D:4:      layout_basic, minmay_temple_entry_from_below_b,
          uniq_crazy_yiuf_cottage, uniq_pikel
D:5:      layout_rooms, grunt_temple_overflow_lords_of_destruction,
          minmay_overflow_temple_star_quad, kennysheep_boxes, uniq_edmund,
          uniq_ijyb, uniq_grinder
D:6:      layout_rooms, dk_noncrumbling_3
D:7:      layout_loops_ring, uniq_prince_ribbit1, uniq_maggie
D:8:      layout_rooms, kennysheep_mini_moat, uniq_psyche
D:9:      layout_basic, riverfiend_overflow_shadow_ancestor, lemuel_round_altar,
          grunt_temple_overflow_open, enter_bailey_3, st_stairs_3,
          nrook_pool_corridor, uniq_grum
D:10:     layout_basic, uniq_josephine, uniq_harold
D:11:     layout_irregular_city, dpeg_lair_monsters, uniq_fannar, uniq_sonja,
          uniq_erolcha, uniq_nergalle
D:12:     layout_cave_pools, orc_david_3, nicolae_trove_entry_columns,
          uniq_rupert
D:13:     layout_long_grid
D:14:     layout_rooms, grunt_vaults_entry_tiered, nicolae_wu_jian_wuxing_cycle
D:15:     hangedman_depths_entry_try_elsewhere_first, layout_basic,
          gauntlet_entry_generic, nrook_mini_vaults, uniq_louise
Temple:   chequers_temple_sunken
Lair:1:   layout_roguey, uniq_urug
Lair:2:   layout_long_grid, spider_nest_entry_a, dreamdust_deal_with_the_devil,
          grunt_megastairs_5, serial_bayou_shore_a, infiniplex_staircase_pool_2
Lair:3:   layout_long_grid, elwin_shoals_entry_rocks, minmay_holes,
          lemuel_fruit_tree, grunt_megastairs_4, uniq_amaemon
Lair:4:   layout_loops_ring, dpeg_slime_entry_corner, wad_woods_river_01
Lair:5:   evilmike_catoblepas_cave, layout_gridlike
Shoals:1: layout_shoals, nicolae_shoals_spectral_cove
Shoals:2: layout_shoals, serial_shops, nicolae_shop_stone, shop, shop,
          nicolae_diamond_shop, nicolae_shop_hallway_plus,
          nicolae_shoals_arrival_archipelago, uniq_polyphemus
Shoals:3: layout_shoals, gammafunk_ghost_necromancy,
          nicolae_shoals_beach_house_on_fowls_legs
Shoals:4: shoals_end_grunt_garden, layout_shoals
Spider:1: layout_spider_delve, hangedman_spider_tarantella_strand, uniq_nikola,
          uniq_aizul
Spider:2: layout_spider_delve, nicolae_arachne_temple
Spider:3: layout_chambers, portal_ice_cave_entry_dragon, uniq_donald
Spider:4: grunt_spider_rune_parallel, uniq_arachne, uniq_agnes
Orc:1:    layout_caves, ebering_ghost_reflecting_pool, mines5_lemuel
Orc:2:    st_orc_ogre_mass, layout_caves, serial_shops, shop, basic_altar
Vaults:1: hangedman_vaults_cutoff, vaults_mumra_hexcomb, vaults_room_boxed,
          nicolae_vaults_murderbox, hangedman_vaults_cutoff,
          vaults_dpeg_emergency_exit, nicolae_vaults_network_square, v_misc_3,
          nicolae_vaults_little_squares_3, v_misc_14, vaults_mumra_chevron,
          ontoclasm_vaults_gateway, grunt_vaults_focal, vaults_room_octagon,
          layout_vaults_omnibox, serial_shops, shop
Vaults:2: nicolae_vaults_circle_grid_b, grunt_vaults_hallway_short,
          nicolae_vaults_arrows, minmay_crypt_entry_necro_gods,
          vaults_dpeg_hooks, nicolae_vaults_windows_and_doors_thing,
          nicolae_vaults_mini_display_case, hangedman_vaults_impose, v_misc_22,
          vaults_room_pool, nicolae_vaults_little_squares_3,
          ontoclasm_vaults_chip, layout_vaults_omnicross, serial_shops,
          nicolae_shop_waterfront
Vaults:3: gammafunk_ghost_spectres, hangedman_vaults_corner,
          minmay_guarded_unrand_secular_launcher, nicolae_vaults_circle_grid_a,
          v_misc_19, nicolae_vaults_circle_grid_a, v_alt_pattern_5, v_misc_25,
          serial_ice_m, vaults_dpeg_diagonal, v_rooms_5,
          nicolae_vaults_specimen_jars, v_misc_25,
          nicolae_vaults_little_squares_3, vaults_mumra_minichess_inversion,
          layout_vaults_maze, uniq_xtahua, uniq_asterion
Vaults:4: v_misc_29, nicolae_vaults_big_angled_halls,
          vaults_room_stairs_pillars, grunt_vaults_twisty,
          nicolae_vaults_alarming, v_misc_29, serial_ice_b, v_misc_23,
          nicolae_vaults_little_squares_3, nicolae_vaults_yaktaur_gun_rack,
          layout_vaults_omnigrid
Vaults:5: serial_shops, uniq_margery, uniq_boris
Crypt:1:  layout_misc_corridors, hellmonk_scarab_ruin,
          grunt_crypt_arrival_webbed
Crypt:2:  layout_rooms, nicolae_crypt_niches
Crypt:3:  evilmike_haunted_forest
Tomb:1
Tomb:2
Tomb:3
Depths:1: layout_basic, enter_ziggurat_a, pf_hell_entry_great_geh,
          rand_demon_pan_entry_5, ashenzari_altar_1, uniq_bai_suzhen
Depths:2: minmay_the_grid_square_5x5_4x4 [minmay_the_grid_square_5x5_tie,
          minmay_the_grid_square_5x5_broken_cross,
          minmay_the_grid_square_5x5_slash,
          minmay_the_grid_square_5x5_misaligned,
          minmay_the_grid_square_5x5_n_small,
          minmay_the_grid_square_5x5_prize_junk,
          minmay_the_grid_square_5x5_prize_waves,
          minmay_the_grid_square_5x5_lines,
          minmay_the_grid_square_5x5_gyroscope,
          minmay_the_grid_square_5x5_prize_itemx,
          minmay_the_grid_square_5x5_prize_rear_guard,
          minmay_the_grid_square_5x5_three_small,
          minmay_the_grid_square_5x5_inner_i,
          minmay_the_grid_square_5x5_inner_z,
          minmay_the_grid_square_5x5_intrusive_squares,
          minmay_the_grid_square_5x5_three], layout_basic, grunt_mini_vestibule,
          rand_demon_pan_entry_7, serial_curves, eino_curves_02, eino_curves_03,
          mu_enter_wizlab_6, kennysheep_generic_room_7
Depths:3: minmay_ambush_box, layout_cross, abyss_entry_small_statue_room,
          pan_entry, minmay_door_square, hell_entry,
          kennysheep_opposing_triangles, serial_bayou_shore_b,
          serial_bayou_shore_b, infiniplex_staircase_9_rooms
Depths:4: evilmike_zot_entry_round, layout_basic, serial_glass, glass_columns_c,
          glass_columns_b, hell_entry, hangedman_abyss_entry_splay,
          nicolae_shop_unique_rings, minmay_shattered_shrine
Zot:1:    layout_twisted_circle
Zot:2:    lemuel_draconian_sentries, layout_gridville, uniq_grunn,
          uniq_josephina
Zot:3:    nicolae_moth_party, layout_gridlike
Zot:4:    layout_misc_corridors, st_stairs_7, hangedman_hellfire_club
Pan:      nicolae_pan_door_chamber, layout_pan_divisions_a
          [pan_division_quadrant_a4, pan_division_quadrant_a5,
          pan_division_quadrant_a3, pan_division_quadrant_a3,
          pan_division_octagon_box], evilmike_mini_pan_doors, layout_gridlike,
          pan_blood_fountain_small, evilmike_mini_pan_V, layout_irregular_city,
          pan_blood_fountain, nicolae_pan_lom_lobonic_2,
          evilmike_mini_pan_other_thingy, layout_basic,
          evilmike_gloorx_vloq_box, layout_rooms, pan_blood_fountain,
          nicolae_pan_cerebovesque_3, nicolae_pan_sigil_eeng,
          grunt_pan_in_and_out, layout_basic, nicolae_pan_sigil_obb,
          regret_index_pan_draining_boxed, layout_gridville, pan_blood_fountain

Skill      XL: |  1  2  3  4  5  6  7  8  9 10 11 12 13 14 15 16 17 18 19 20 21 22 23 24 25 26 27 |
---------------+----------------------------------------------------------------------------------+-----
Axes           | 2 3 4 5 6 8 10 11 12 13 14 15 16 17 18 22 | 22.6
Fighting       | 4 7 9 10 11 12 13 14 15 17 18 20 22 24 25 26 27 | 27.0
Armour         | 5 6 7 8 12 13 14 15 16 17 19 20 21 22 27 | 27.0
Dodging        | 2 3 4 5 6 7 10 12 | 12.7
Shields        | 4 5 9 10 11 12 16 17 18 19 20 21 22 25 | 25.0
Invocations    | 4 9 10 14 27 | 27.0
Throwing       | 3 4 6 7 9 10 12 13 15 19 | 19.0
Short Blades   | 8 |  8.3

Action                   |  1- 3 |  4- 6 |  7- 9 | 10-12 | 13-15 | 16-18 | 19-21 | 22-24 | 25-27 || total
-------------------------+-------+-------+-------+-------+-------+-------+-------+-------+-------++-------
Melee: War axe           |    95 |   113 |   263 |    46 |       |       |       |       |       ||   517
       Broad axe         |       |       |       |   559 |  1100 |  1504 |  1616 |  1645 |  4168 || 10592
       Unarmed           |       |       |       |    13 |       |       |       |       |       ||    13
       Headbutt          |       |       |       |       |       |       |       |       |    71 ||    71
Throw: Javelin           |       |       |       |     8 |   124 |   168 |   135 |   107 |   451 ||   993
       Boomerang         |       |       |       |       |    10 |       |    11 |       |   369 ||   390
Invok: Heroism           |       |       |       |    20 |    44 |    56 |    41 |    50 |    29 ||   240
       Finesse           |       |       |       |     2 |    13 |    15 |    10 |    19 |     1 ||    60
       Cleansing Flame   |       |       |       |       |       |       |       |       |   119 ||   119
       Summon Divine War |       |       |       |       |       |       |       |       |    38 ||    38
       Brand Weapon With |       |       |       |       |       |       |       |       |     1 ||     1
Evoke: Wand              |       |       |       |       |       |       |       |       |    14 ||    14
  Use: Scroll            |     6 |     3 |     8 |     8 |    10 |     7 |     5 |     6 |    13 ||    66
       Potion            |       |     3 |     3 |     2 |     1 |     5 |     4 |     1 |    36 ||    55
 Stab: Distracted        |       |       |       |       |       |     1 |       |     1 |       ||     2
Armor: Scale mail        |    16 |       |       |       |       |       |       |       |       ||    16
       Plate armour      |    35 |    76 |   211 |   338 |    88 |       |       |       |       ||   748
       Skin              |       |       |       |    12 |       |       |       |       |       ||    12
       Crystal plate arm |       |       |       |       |   660 |   653 |   390 |   450 |  1229 ||  3382
Dodge: Dodged            |    28 |    24 |    89 |   180 |   209 |   318 |   227 |   248 |   848 ||  2171
Block: Buckler           |    16 |    27 |    73 |   110 |       |       |       |       |       ||   226
       Kite shield       |       |       |       |   123 |   641 |    65 |       |       |       ||   829
       Tower shield      |       |       |       |       |       |  1021 |  1036 |  1055 |  3223 ||  6335
       Reflection        |       |       |       |       |       |       |    93 |    72 |   123 ||   288

Table legend:
 A = Non-vault XP
 B = Vault XP
 C = Vault XP percentage of total XP
 D = Non-vault monster count
 E = Vault monster count
 F = Vault count percentage of total count
                 A         B        C        D         E       F
            +---------+---------+-------+---------+---------+-------
      Total | 1633459 |  828197 |  33.6 |    2682 |    1064 |  28.4
            +---------+---------+-------+---------+---------+-------
        D:1 |      22 |       0 |   0.0 |      12 |       0 |   0.0
        D:2 |      81 |       0 |   0.0 |      22 |       0 |   0.0
        D:3 |      93 |      10 |   9.7 |      16 |      10 |  38.5
        D:4 |     608 |     607 |  50.0 |      21 |       1 |   4.5
        D:5 |    1488 |     533 |  26.4 |      28 |       4 |  12.5
        D:6 |     753 |     251 |  25.0 |      10 |       1 |   9.1
        D:7 |     560 |     443 |  44.2 |      12 |       1 |   7.7
        D:8 |     624 |     379 |  37.8 |       7 |       1 |  12.5
        D:9 |    1165 |     980 |  45.7 |      15 |      12 |  44.4
       D:10 |    2661 |    2614 |  49.6 |      21 |       6 |  22.2
       D:11 |    8158 |    5723 |  41.2 |      34 |      12 |  26.1
       D:12 |    4034 |    1943 |  32.5 |      18 |       6 |  25.0
       D:13 |    6851 |       0 |   0.0 |      13 |       0 |   0.0
       D:14 |    7878 |    6274 |  44.3 |      17 |      25 |  59.5
       D:15 |   13604 |    3660 |  21.2 |      26 |       5 |  16.1
     Lair:1 |    5568 |     804 |  12.6 |      24 |       1 |   4.0
     Lair:2 |    5293 |    2720 |  33.9 |      17 |      13 |  43.3
     Lair:3 |    5280 |    1999 |  27.5 |      21 |       4 |  16.0
     Lair:4 |    6052 |     661 |   9.8 |      19 |       5 |  20.8
     Lair:5 |   13594 |   10925 |  44.6 |      48 |      23 |  32.4
   Shoals:1 |   11509 |    6238 |  35.1 |      25 |       9 |  26.5
   Shoals:2 |   15910 |    2346 |  12.9 |      30 |       2 |   6.2
   Shoals:3 |    6645 |    1269 |  16.0 |      14 |       1 |   6.7
   Shoals:4 |   16989 |   22417 |  56.9 |      33 |      37 |  52.9
   Spider:1 |   15254 |    3993 |  20.7 |      39 |       4 |   9.3
   Spider:2 |   15234 |   13636 |  47.2 |      31 |      32 |  50.8
   Spider:3 |   24676 |    2252 |   8.4 |      59 |       2 |   3.3
   Spider:4 |   20803 |   15866 |  43.3 |      44 |      37 |  45.7
      Orc:1 |    1967 |    1194 |  37.8 |      30 |      10 |  25.0
      Orc:2 |    3834 |   19013 |  83.2 |      39 |      40 |  50.6
   Vaults:1 |   37997 |   31210 |  45.1 |      55 |      42 |  43.3
   Vaults:2 |   35358 |   23752 |  40.2 |      48 |      32 |  40.0
   Vaults:3 |   22849 |   54709 |  70.5 |      34 |      57 |  62.6
   Vaults:4 |   25329 |   39822 |  61.1 |      38 |      50 |  56.8
   Vaults:5 |   18690 |   83181 |  81.7 |      29 |      71 |  71.0
    Crypt:1 |   30558 |     816 |   2.6 |      50 |       1 |   2.0
    Crypt:2 |   27526 |       0 |   0.0 |      39 |       0 |   0.0
    Crypt:3 |       0 |   55889 | 100.0 |       0 |      93 | 100.0
     Tomb:1 |    7865 |   32288 |  80.4 |      28 |      30 |  51.7
     Tomb:2 |   10556 |   44872 |  81.0 |      27 |      52 |  65.8
     Tomb:3 |   20747 |   88492 |  81.0 |      49 |      86 |  63.7
   Depths:1 |   45058 |    4408 |   8.9 |      55 |       5 |   8.3
   Depths:2 |   38774 |   45541 |  54.0 |      49 |      45 |  47.9
   Depths:3 |   26442 |   19671 |  42.7 |      29 |      14 |  32.6
   Depths:4 |   10216 |   38049 |  78.8 |      16 |      32 |  66.7
      Zot:1 |   43336 |       0 |   0.0 |      36 |       0 |   0.0
      Zot:2 |   53391 |   11793 |  18.1 |      48 |      10 |  17.2
      Zot:3 |   61556 |   11334 |  15.5 |      49 |      12 |  19.7
      Zot:4 |   28334 |    4595 |  14.0 |      23 |       6 |  20.7
    Abyss:2 |    1798 |       0 |   0.0 |       4 |       0 |   0.0
    Abyss:3 |   14621 |       0 |   0.0 |      28 |       0 |   0.0
        Pan |  855270 |  105256 |  11.0 |    1203 |     109 |   8.3
   Gauntlet |       0 |    3769 | 100.0 |       0 |      13 | 100.0
            +---------+---------+-------+---------+---------+-------
